Workbook
Name CONDICION_POBLACIONAL: [1]Variables!$C$1:$C$24
Name GRUPO_ETAREO: [1]Variables!$A$1:$A$8
Name GRUPO_ETAREOS: #REF!
Name GRUPO_ETAREOS: #REF!
Name GRUPO_ETAREOS: #REF!
Name GRUPO_ETARIO: #REF!
Name GRUPO_ETARIO: #REF!
Name GRUPO_ETARIO: #REF!
Name GRUPO_ETNICO: #REF!
Name GRUPO_ETNICO: #REF!
Name GRUPO_ETNICO: #REF!
Name GRUPOETNICO: #REF!
Name GRUPOETNICO: #REF!
Name GRUPOETNICO: #REF!
Name GRUPOS_ETNICOS: [1]Variables!$H$1:$H$8
Name LOCALIDAD: #REF!
Name LOCALIDAD: #REF!
Name LOCALIDAD: #REF!
Name LOCALIZACION: #REF!
Name LOCALIZACION: #REF!
Name LOCALIZACION: #REF!

Sheet GESTIÓN
G2: DIRECCIONAMIENTO ESTRATÉGICO
G3: Formato: Programación, actualización y seguimiento del plan de acción Actualización y seguimiento al Componente de Gestión
G4: Código: PE01-PR02-F2 | DT4: Versión: 12
A5: DEPENDENCIA: | G5: SUBDIRECCION DE ECOURBANISMO Y GESTIÓN AMBIENTAL EMPRESARIAL
A6: CÓDIGO Y NOMBRE PROYECTO: | G6: 7794 - Fortalecimiento de la gestión ambiental sectorial, el ecourbanismo y cambio climático en el D.C.Bogotá
A7: Propósito Plan de Desarrollo | G7: 02. Cambiar nuestros hábitos de vida para reverdecer a Bogotá y adaptarnos y mitigar la crisis climática
A8: Programa Plan de Desarrollo | G8: 27. Cambio Cultural para la gestión de la crisis climática
A10: ESTRUCTURA DEL PLAN DE DESARROLLO | C10: 2, META PLAN DE DESARROLLO | E10: 3, INDICADOR ASOCIADO A LA META PLAN DE DESARROLLO | EF10: 4, % CUMPLIMIENTO ACUMULADO (Vigencia) | EG10: 5, % DE AVANCE CUATRIENIO | EH10: 6, DESCRIPCIÓN DE LOS AVANCES Y LOGROS ALCANZADOS | EI10: 7, RETRASOS | EJ10: 8, SOLUCIONES PLANTEADAS | EK10: 9, BENEFICIOS | EL10: 10, FUENTE DE EVIDENCIAS
A11: 1.1 Propósito | B11: 1.2 Programa | C11: 2,1 COD. | D11: 2,2 META PLAN DE DESARROLLO | E11: 3,1 COD. | F11: 3,2 INDICADOR | G11: 3,3 UNIDAD DE MEDIDA | H11: 3,4 TIPOLOGÍA | I11: 3,5 MAGNITUD PD | J11: 3,6 PROGRAMACIÓN - ACTUALIZACIÓN | DT11: 3,7 SEGUIMIENTO VIGENCIA ACTUAL
J12: PROGRAMACIÓN INICIAL CUATRIENIO | K12: AÑO 2020 | X12: AÑO 2021 | AW12: AÑO 2022 | BV12: AÑO 2023 | CU12: AÑO 2024 | DT12: ENE. | DU12: FEB | DV12: MAR | DW12: ABR | DX12: MAY | DY12: JUN | DZ12: JUL | EA12: AGO | EB12: SEP | EC12: OCT | ED12: NOV | EE12: DIC
K13: PROGRAMACIÓN VIGENCIA | L13: PROGR. ANUAL MES JUL. | M13: EJECUTADO JUL. | N13: PROGR. ANUAL MES AGO. | O13: EJECUTADO AGO. | P13: PROGR. ANUAL MES SEP. | Q13: EJECUTADO SEP. | R13: PROGR. ANUAL MES OCT. | S13: EJECUTADO OCT. | T13: PROGR. ANUAL MES NOV. | U13: EJECUTADO NOV. | V13: PROGR. ANUAL MES DIC. | W13: EJECUTADO ACUMULADO AÑO 2020 | X13: REPROGRAMACIÓN VIGENCIA | Y13: PROGR. ANUAL MES ENE. | Z13: EJECUTADO ENE. | AA13: PROGR. ANUAL MES FEB. | AB13: EJECUTADO FEB. | AC13: PROGR. ANUAL MES MAR. | AD13: EJECUTADO MAR. | AE13: PROGR. ANUAL MES ABR. | AF13: EJECUTADO ABR. | AG13: PROGR. ANUAL MES MAY. | AH13: EJECUTADO MAY. | AI13: PROGR. ANUAL MES JUN. | AJ13: EJECUTADO JUN. | AK13: PROGR. ANUAL MES JUL. | AL13: EJECUTADO JUL. | AM13: PROGR. ANUAL MES AGO. | AN13: EJECUTADO AGO. | AO13: PROGR. ANUAL MES SEP. | AP13: EJECUTADO SEP. | AQ13: PROGR. ANUAL MES OCT. | AR13: EJECUTADO OCT. | AS13: PROGR. ANUAL MES NOV. | AT13: EJECUTADO NOV. | AU13: PROGR. ANUAL MES DIC. | AV13: EJECUTADO ACUMUALDO AÑO 2021 | AW13: REPROGRAMACIÓN VIGENCIA | AX13: PROGR. ANUAL MES ENE. | AY13: EJECUTADO ENE. | AZ13: PROGR. ANUAL MES FEB. | BA13: EJECUTADO FEB. | BB13: PROGR. ANUAL MES MAR. | BC13: EJECUTADO MAR. | BD13: PROGR. ANUAL MES ABR. | BE13: EJECUTADO ABR. | BF13: PROGR. ANUAL MES MAY. | BG13: EJECUTADO MAY. | BH13: PROGR. ANUAL MES JUN. | BI13: EJECUTADO JUN. | BJ13: PROGR. ANUAL MES JUL. | BK13: EJECUTADO JUL. | BL13: PROGR. ANUAL MES AGO. | BM13: EJECUTADO AGO. | BN13: PROGR. ANUAL MES SEP. | BO13: EJECUTADO SEP. | BP13: PROGR. ANUAL MES OCT. | BQ13: EJECUTADO OCT. | BR13: PROGR. ANUAL MES NOV. | BS13: EJECUTADO NOV. | BT13: PROGR. ANUAL MES DIC. | BU13: EJECUTADO ACUMUALDO AÑO 2022 | BV13: REPROGRAMACIÓN VIGENCIA | BW13: PROGR. ANUAL MES ENE. | BX13: EJECUTADO ENE. | BY13: PROGR. ANUAL MES FEB. | BZ13: EJECUTADO FEB. | CA13: PROGR. ANUAL MES MAR. | CB13: EJECUTADO MAR. | CC13: PROGR. ANUAL MES ABR. | CD13: EJECUTADO ABR. | CE13: PROGR. ANUAL MES MAY. | CF13: EJECUTADO MAY. | CG13: PROGR. ANUAL MES JUN. | CH13: EJECUTADO JUN. | CI13: PROGR. ANUAL MES JUL. | CJ13: EJECUTADO JUL. | CK13: PROGR. ANUAL MES AGO. | CL13: EJECUTADO AGO. | CM13: PROGR. ANUAL MES SEP. | CN13: EJECUTADO SEP. | CO13: PROGR. ANUAL MES OCT. | CP13: EJECUTADO OCT. | CQ13: PROGR. ANUAL MES NOV. | CR13: EJECUTADO NOV. | CS13: PROGR. ANUAL MES DIC. | CT13: EJECUTADO ACUMUALDO AÑO 2023 | CU13: REPROGRAMACIÓN VIGENCIA | CV13: PROGR. ANUAL MES ENE. | CW13: EJECUTADO ENE. | CX13: PROGR. ANUAL MES FEB. | CY13: EJECUTADO FEB. | CZ13: PROGR. ANUAL MES MAR. | DA13: EJECUTADO MAR. | DB13: PROGR. ANUAL MES ABR. | DC13: EJECUTADO ABR. | DD13: PROGR. ANUAL MES MAY. | DE13: EJECUTADO MAY. | DF13: PROGR. ANUAL MES JUN. | DG13: EJECUTADO JUN. | DH13: PROGR. ANUAL MES JUL. | DI13: EJECUTADO JUL. | DJ13: PROGR. ANUAL MES AGO. | DK13: EJECUTADO AGO. | DL13: PROGR. ANUAL MES SEP. | DM13: EJECUTADO SEP. | DN13: PROGR. ANUAL MES OCT. | DO13: EJECUTADO OCT. | DP13: PROGR. ANUAL MES NOV. | DQ13: EJECUTADO NOV. | DR13: PROGR. ANUAL MES DIC. | DS13: EJECUTADO ACUMUALDO AÑO 2024
A14: 2 | B14: 27 | C14: 198 | D14: Articular e implementar el Plan de Acción Climática Bogotá D.C. 2020-2050 incluyendo la gestión necesaria para lograr una reducción de por lo menos 15% en la emisión de gases de efecto invernadero de Bogotá para 2024, incluyendo herramientas como la participación de la ciudad en los mercados de carbono. | E14: 212 | F14: Número de estrategias consolidadas e implementadas | G14: Número | H14: SUMA | I14: 1 | J14: 1 | K14: 0.15 | L14: 0.15 | M14: 0.03 | N14: 0.15 | O14: 0.05 | P14: 0.15 | Q14: 0.08 | R14: 0.15 | S14: 0.1 | T14: 0.15 | U14: 0.13 | V14: 0.15 | W14: 0.15 | X14: 0.25 | AW14: 0.25 | BV14: 0.25 | CU14: 0.1 | DZ14: 0.03 | EA14: 0.05 | EB14: 0.08 | EC14: 0.1 | ED14: 0.13 | EE14: 0.15 | EF14: =EE14/V14 -> 1 | EG14: =EE14/J14 -> 0.15 | EH14: En la vigencia 2020 se ejecutaron acciones de adaptación al cambio climático, con avance del indicador del 0,15 así: - Gestión del riesgo por incendio forestal: a) Conocimiento: campaña de prevención de incendios forestales "MenosIncendiosMásVida" (1 realizada e inicio de otra); aportes para elaborar el Plan de Contingencia de la 2a temporada de menos lluvias 2020 y la 1ra de 2021; elaboración y actualización de matrices de gran complejidad de incendios 2020; realización de capacitaciones; consecución e inicio de revisión de Planes de Manejo Humedales para verificar existencia de medidas de contingencia por incendio forestal; revisión de Zonas de Interfaz Urbano-Forestal - ZIUF, tipologías y acciones de prevención y mitigación de incendios para socializar en Comisión. b) Reducción: realización de labores de mitigación; realización de acciones de prevención. c) Manejo: proceso de restauración ecológica en 3 ha afectadas por fuego; culminación de valoración económica y ambiental de daños ocasionados por el incendio de Tibanica, Meandro del Say y Bosa; realización de visitas para georreferenciar eventos forestales ocurridos en 2020; georreferenciación de dichos eventos y generación de shapes y salidas gráficas. d) Presidencia de la Comisión Distrital para la Prevención y Mitigación de Incendios Forestales. - Respuesta a emergencias: la entidad realizó la activación de 856 emergencias, a las cuales se dio respuesta. | EI14: N/A | EJ14: N/A | EK14: La ciudad cuenta con acciones para adaptarse al cambio climático, a fin de enfrentar de la mejor manera sus efectos y favorecer la resiliencia. | EL14: Informes de convenios y contratos, reportes de emergencias respondidas por la entidad, informes de seguimiento y de evaluación del PACA, actas de reunión y ayudas de memoria, informes de gestión, reportes de seguimiento.
C15: 199 | D15: Implementar una (1) Estrategia Distrital de Crecimiento Verde con enfoque de sostenibilidad ambiental e innovación que impulse la eficiencia energética, las fuentes no convencionales de energías renovables y la economía circular de manera articulada con los grandes y pequeños generadores y consumidores y que incorpore un sistema de monitoreo para medir la transición hacia un crecimiento verde y el cumplimiento de los ODS | E15: 213 | F15: Numero de estrategias distritales de crecimiento verde implementadas | G15: Número | H15: SUMA | I15: 1 | J15: 1 | K15: 0.05 | L15: 0.05 | M15: 0 | N15: 0.05 | O15: 0.01 | P15: 0.05 | Q15: 0.02 | R15: 0.05 | S15: 0.03 | T15: 0.05 | U15: 0.04 | V15: 0.05 | W15: 0.05 | X15: 0.3 | AW15: 0.3 | BV15: 0.3 | CU15: 0.05 | DZ15: 0 | EA15: 0.01 | EB15: 0.02 | EC15: 0.03 | ED15: 0.04 | EE15: 0.05 | EF15: =EE15/V15 -> 1 | EG15: =EE15/J15 -> 0.05 | EH15: En la vigencia 2020 se ejecutaron acciones para el Diseño e Implementación de la Estrategia Distrital de Crecimiento Verde (EDCV), con avance del indicador para el mes de diciembre en 0,009. De esta manera se logra cumplimiento de la meta anual de 0,05 según la programación. El consolidado de acciones: se inició la construcción de la Estrategia Distrital de Crecimiento Verde (EDCV) con la búsqueda, obtención, selección y clasificación de información secundaria y en fuentes propias de la Secretaría Distrital de Ambiente (SDA), así como del aporte extraído de la reunión con diferentes actores pertenecientes de la academia y entidades del distrito de las cuales se identificaron roles y se vienen desarrollando articulaciones para la generación de nuevos programas y la integración en otros existentes. Se construyó una matriz alimentada con información de fuentes secundarias y propias de la Secretaría Distrital de Ambiente y los encuentros con entidades externas, con esta información se estructuró la conceptualización gráfica de la EDCV en formato PPT, igualmente, la versión inicial de tabla de contenido del documento, con lo cual se comenzó la conformación de los capítulos 1 "Antecedes del CV", el numeral 2 “Justificación” y 3 “Estrategia Distrital de Crecimiento Verde”, que con modificaciones pasó a llamarse “Diagnóstico de los elementos fundamentales para la implementación de la EDCV” al igual que se incluyó en versión preliminar de glosario, abreviaturas y anexos. Para el mes de diciembre, la versión inicial de los capítulos anteriormente mencionados fue enviada a revisión del doctor Oscar Vargas funcionario y experto en Gestión Ambiental Empresarial de la SDA. Paralelamente se realizó el mapeo de entidades de financiamiento de proyectos verdes para Bogotá y se inició la estructuración de cuestionario para aplicarlo en el sector empresarial participante en el programa GAE a fin de obtener precisiones en la modelación de los programas que integran la EDCV. En la articulación de la SDA con la Decretaría Distrital de Desarrollo Económico (SDDE), que tiene gran participación en este proceso, se continuó concertación y articulación de estrategias conjuntas, es así que, con el fin de fortalecer competencias de acción de las dos entidades, la SDA con el apoyo y desarrollo voluntario del Dr Paulo Romero de la UNAL, lidero el montaje del curso “Ecodiseño en la economía Circular” realizado los días 10, 15 y 17 de diciembre de 8 a 10am a colaboradores de la SDDE y la SDA. Es importante tener en cuenta que los avances en las metas dirigidas al uso eficiente de los recursos con la asistencia a proyectos presentados por las empresas, acompañamiento y promoción a negocios verdes, economía circular y producción más limpia en sectores priorizados apuntan a la implementación de la EDCV las cuales hacen parte de los libros inversión y actividades del presente documento. | EI15: N/A | EJ15: N/A | EK15: La implementación de una Estrategia Distrital de Crecimiento Verde permitirá realizar acciones que incentiven la competitividad en el sector empresarial con la sostenibilidad en el uso de los recursos, menor generación en impactos ambientales y con la promoción de nuevas oportunidades de negocios basados en el aprovechamiento sostenible del capital natural. | EL15: Archivo de gestión SEGAE.
C16: 200 | D16: Realizar la gestión y seguimiento a la aplicación de los determinantes ambientales en 1.000 proyectos de ciudad tomando en cuenta medidas de adaptación y mitigación a la crisis climática. | E16: 214 | F16: Número de proyectos de ciudad con gestión para la incorporación de determinantes ambientales con medidas de mitigación y adaptación al cambio climático. | G16: Numero | H16: SUMA | I16: 600 | J16: 600 | K16: 66 | L16: 66 | M16: 11 | N16: 66 | O16: 22 | P16: 66 | Q16: 33 | R16: 66 | S16: 44 | T16: 66 | U16: 55 | V16: 66 | W16: 66 | X16: 109 | AW16: 172 | BV16: 172 | CU16: 81 | DZ16: 11 | EA16: 22 | EB16: 33 | EC16: 44 | ED16: 55 | EE16: 66 | EF16: =EE16/V16 -> 1 | EG16: =EE16/J16 -> 0.11 | EH16: El acumulado ejecutado en la vigencia 2020, corresponde a 66 proyectos, los cuales se han avanzado en la vigencia 2020 y corresponden a proyectos urbanos y arquitectónicos de diferentes escalas, tanto en espacio público como en privado, promoviendo la construcción sostenible y el ecourbanismo en la ciudad. Los proyectos a los cuales se les incorporó criterios de sostenibilidad corresponden a: Tres (03) Plan Parcial de Desarrollo, dos (02) Plan Parcial de Renovación Urbana, tres (03) Proyectos de Legalización y Regularización de Barrios, seis (06) Planes de Implantación, un (01) Plan de Regularización y Manejo, cuatro (04) Planes Directores para parques, dos (02) Planes de Manejo de Humedales, treinta y cuatro (34) Diseños paisajísticos de parques y zonas verdes, cuatro (04) proyectos de compatibilidad de uso de vivienda en suelo restringido, un (01) Patio zonal para el Sistema Integrado de Transporte Publico - SITP y seis (06) proyectos de infraestructura especial como colegios, tramos viales en intervenciones en Zonas de Manejo y Preservación Ambiental. | EI16: N/A | EJ16: N/A | EK16: La aplicación y seguimiento de determinantes ambientales en proyectos urbanos y arquitectónicos de diferentes escalas, así como a instrumentos de planeamiento urbano, promueve la construcción sostenible y el ecourbanismo en la ciudad, mediante la armonización de los proyectos urbanos y el modelo de ocupación del territorio con la Estructura ecológica Principal, garantizando mejores espacios para la habitabilidad urbana y mayor equidad e igualdad en la población capitalina. | EL16: Oficios FOREST, Actas, Archivo de Gestión SEGAE.
E17: 215 | F17: Numero de proyectos de ciudad con seguimiento de la aplicación de los determinantes ambientales | G17: Numero | H17: SUMA | I17: 400 | J17: 400 | K17: 20 | L17: 20 | M17: 0 | N17: 20 | O17: 0 | P17: 20 | Q17: 2 | R17: 20 | S17: 6 | T17: 20 | U17: 12 | V17: 20 | W17: 20 | X17: 77 | AW17: 121 | BV17: 121 | CU17: 61 | DZ17: 0 | EA17: 0 | EB17: 2 | EC17: 6 | ED17: 12 | EE17: 20 | EF17: =EE17/V17 -> 1 | EG17: =EE17/J17 -> 0.05 | EH17: El acumulado ejecutado en la vigencia 2020, corresponde a 20 proyectos verificados en la incorporación de sus determinantes ambientales, correspondiente a trece (13) Planes Directores de Parques de la Ciudad y siete (07) Diseños paisajísticos de parques y zonas verdes. | EI17: N/A | EJ17: N/A | EK17: La Secretaría Distrital de Ambiente ha realizado importantes esfuerzos incorporando criterios de ecourbanismo y construcción sostenible en proyectos urbanos y arquitectónicos en la Ciudad, por lo cual es necesario realizar la verificación en la incorporación de los lineamientos y determinantes ambientales de ecourbanismo y construcción sostenible a proyectos de infraestructura que actualmente están en operación, evaluando su aporte a las políticas nacionales y distritales que rigen en esta materia y su aporte a la gestión de la crisis climática; así mismo, esta verificación permitirá conocer las dificultades por parte del sector construcción en la incorporación de estos criterios, permitiendo que desde la administración distrital genere estrategias para promover y fortalecer la construcción sostenible en la Ciudad. | EL17: Oficios FOREST, Actas, Archivo de Gestión SEGAE.
C18: 201 | D18: Reverdecer 20.000 m2 en la ciudad a través del fortalecimiento de la infraestructura vegetada | E18: 216 | F18: M2 reverdecidos en la ciudad a través del fortalecimiento de la infraestructura vegetada (techos verdes y jardines verticales con acompañamiento técnico) | G18: M2 | H18: SUMA | I18: 20000 | J18: 20000 | K18: 2500 | L18: 2500 | M18: 0 | N18: 2500 | O18: 741 | P18: 2500 | Q18: 1257 | R18: 2500 | S18: 1908 | T18: 2500 | U18: 2210 | V18: 2500 | W18: 2500 | X18: 3500 | AW18: 5500 | BV18: 5500 | CU18: 3000 | DZ18: 0 | EA18: 741 | EB18: 1257 | EC18: 1908 | ED18: 2210 | EE18: 2500 | EF18: =EE18/V18 -> 1 | EG18: =EE18/J18 -> 0.125 | EH18: El acumulado ejecutado en el segundo semestre del 2020 corresponde al 2500 m2 de techos verdes y jardines verticales con acompañamiento técnico y promovidos en las siguientes localidades: San Cristóbal (5 m2), Barrios Unidos (15 m2), Engativá (17 m2), Puente Aranda (390 m2), Teusaquillo (93 m2), Santa Fe (26 m2), Chapinero (1421 m2), Usaquén (405 m2), Suba (30 m2) y Candelaria (98 m2). | EI18: N/A | EJ18: N/A | EK18: El acompañamiento técnico a techos verdes y jardines verticales, promueve la conservación y mejoramiento de estas estructuras, las cuales ofrecen múltiples beneficios ambientales (Eje. Retienen el agua lluvia, mitigan el efecto isla de calor, absorben el ruido), sociales (Eje. Mejoran el paisaje urbano, aumentan el área verde de la ciudad, mejoran la calidad de vida) y económicos (Eje. Mantienen la comodidad térmica al interior de las edificaciones, evitando el uso de calefactores, valorizan el predio, permiten integrarse con sistemas de aprovechamiento de agua lluvia, ahorrando consumo de agua), para la ciudad y sus habitantes. | EL18: Matriz de reporte, archivo de gestión SEGAE.
D22: CONTROL DE CAMBIOS
D23: Versión | E23: Descripción de la Modificación | L23: No. Acto Administrativo y fecha
D24: 11 | E24: Se modifica el código, se incluye encabezado y control de cambios | L24: Radicado 2019IE63564 de marzo 19 de 2019
D25: 12 | E25: Se modifica la periodicidad de reporte y la estructura del documento se ajustó de acuerdo al plan de desarrollo vigente | L25: Radicado 2020IE152434 de septiembre 08 de 2020

Sheet INVERSIÓN
F1: DIRECCIONAMIENTO ESTRATÉGICO
F2: Formato: Programación, actualización y seguimiento del plan de acción Actualización y seguimiento al Componente de Inversión
F3: Código: PE01-PR02-F2 | DS3: Versión: 12
A4: DEPENDENCIA: | F4: SUBDIRECCION DE ECOURBANISMO Y GESTIÓN AMBIENTAL EMPRESARIAL
A5: CÓDIGO Y NOMBRE PROYECTO: | F5: 7794 - Fortalecimiento de la gestión ambiental sectorial, el ecourbanismo y cambio climático en el D.C. Bogotá.
A7: 1, LÍNEA DE ACCIÓN | B7: 2, META DE PROYECTO | E7: 3, COD. META PDD A QUE SE ASOCIA META PROY | F7: 4, VARIABLE REQUERIDA | G7: 5, VALOR CUATRIENIO | H7: 6, PROGRAMACIÓN - ACTUALIZACIÓN | DQ7: 7, EJECUCIÓN | EC7: 8, % CUMPLIMIENTO ACUMULADO (Vigencia) | ED7: 9 ,% DE AVANCE CUATRIENIO | EE7: 10, DESCRIPCIÓN DE LOS AVANCES Y LOGROS ALCANZADOS | EF7: 11, RETRASOS | EG7: 12, SOLUCIONES PLANTEADAS | EH7: 13, BENEFICIOS | EI7: 14, FUENTE DE EVIDENCIAS
H8: AÑO 2020 | U8: AÑO 2021 | AT8: AÑO 2022 | BS8: AÑO 2023 | CR8: AÑO 2024 | DQ8: 7,1 SEGUIMIENTO VIGENCIA ACTUAL
B9: 2,1 COD. | C9: 2,2 META | D9: 2,3 TIPOLOGÍA | H9: PROGRAMACIÓN INICIAL AÑO 2020 | I9: PROGR. ANUAL MES JUL. | J9: EJECUTADO JUL. | K9: PROGR. ANUAL MES AGO. | L9: EJECUTADO AGO. | M9: PROGR. ANUAL MES SEP. | N9: EJECUTADO SEP. | O9: PROGR. ANUAL MES OCT. | P9: EJECUTADO OCT. | Q9: PROGR. ANUAL MES NOV. | R9: EJECUTADO NOV. | S9: PROGR. ANUAL MES DIC. | T9: EJECUTADO ACUMULADO AÑO 2020 | U9: REPROGRAMACIÓN VIGENCIA | V9: PROGR. ANUAL MES ENE. | W9: EJECUTADO ENE. | X9: PROGR. ANUAL MES FEB. | Y9: EJECUTADO FEB. | Z9: PROGR. ANUAL MES MAR. | AA9: EJECUTADO MAR. | AB9: PROGR. ANUAL MES ABR. | AC9: EJECUTADO ABR. | AD9: PROGR. ANUAL MES MAY. | AE9: EJECUTADO MAY. | AF9: PROGR. ANUAL MES JUN. | AG9: EJECUTADO JUN. | AH9: PROGR. ANUAL MES JUL. | AI9: EJECUTADO JUL. | AJ9: PROGR. ANUAL MES AGO. | AK9: EJECUTADO AGO. | AL9: PROGR. ANUAL MES SEP. | AM9: EJECUTADO SEP. | AN9: PROGR. ANUAL MES OCT. | AO9: EJECUTADO OCT. | AP9: PROGR. ANUAL MES NOV. | AQ9: EJECUTADO NOV. | AR9: PROGR. ANUAL MES DIC. | AS9: EJECUTADO ACUMUALDO AÑO 2021 | AT9: REPROGRAMACIÓN VIGENCIA | AU9: PROGR. ANUAL MES ENE. | AV9: EJECUTADO ENE. | AW9: PROGR. ANUAL MES FEB. | AX9: EJECUTADO FEB. | AY9: PROGR. ANUAL MES MAR. | AZ9: EJECUTADO MAR. | BA9: PROGR. ANUAL MES ABR. | BB9: EJECUTADO ABR. | BC9: PROGR. ANUAL MES MAY. | BD9: EJECUTADO MAY. | BE9: PROGR. ANUAL MES JUN. | BF9: EJECUTADO JUN. | BG9: PROGR. ANUAL MES JUL. | BH9: EJECUTADO JUL. | BI9: PROGR. ANUAL MES AGO. | BJ9: EJECUTADO AGO. | BK9: PROGR. ANUAL MES SEP. | BL9: EJECUTADO SEP. | BM9: PROGR. ANUAL MES OCT. | BN9: EJECUTADO OCT. | BO9: PROGR. ANUAL MES NOV. | BP9: EJECUTADO NOV. | BQ9: PROGR. ANUAL MES DIC. | BR9: EJECUTADO ACUMUALDO AÑO 2022 | BS9: REPROGRAMACIÓN VIGENCIA | BT9: PROGR. ANUAL MES ENE. | BU9: EJECUTADO ENE. | BV9: PROGR. ANUAL MES FEB. | BW9: EJECUTADO FEB. | BX9: PROGR. ANUAL MES MAR. | BY9: EJECUTADO MAR. | BZ9: PROGR. ANUAL MES ABR. | CA9: EJECUTADO ABR. | CB9: PROGR. ANUAL MES MAY. | CC9: EJECUTADO MAY. | CD9: PROGR. ANUAL MES JUN. | CE9: EJECUTADO JUN. | CF9: PROGR. ANUAL MES JUL. | CG9: EJECUTADO JUL. | CH9: PROGR. ANUAL MES AGO. | CI9: EJECUTADO AGO. | CJ9: PROGR. ANUAL MES SEP. | CK9: EJECUTADO SEP. | CL9: PROGR. ANUAL MES OCT. | CM9: EJECUTADO OCT. | CN9: PROGR. ANUAL MES NOV. | CO9: EJECUTADO NOV. | CP9: PROGR. ANUAL MES DIC. | CQ9: EJECUTADO ACUMUALDO AÑO 2023 | CR9: REPROGRAMACIÓN VIGENCIA | CS9: PROGR. ANUAL MES ENE. | CT9: EJECUTADO ENE. | CU9: PROGR. ANUAL MES FEB. | CV9: EJECUTADO FEB. | CW9: PROGR. ANUAL MES MAR. | CX9: EJECUTADO MAR. | CY9: PROGR. ANUAL MES ABR. | CZ9: EJECUTADO ABR. | DA9: PROGR. ANUAL MES MAY. | DB9: EJECUTADO MAY. | DC9: PROGR. ANUAL MES JUN. | DD9: EJECUTADO JUN. | DE9: PROGR. ANUAL MES JUL. | DF9: EJECUTADO JUL. | DG9: PROGR. ANUAL MES AGO. | DH9: EJECUTADO AGO. | DI9: PROGR. ANUAL MES SEP. | DJ9: EJECUTADO SEP. | DK9: PROGR. ANUAL MES OCT. | DL9: EJECUTADO OCT. | DM9: PROGR. ANUAL MES NOV. | DN9: EJECUTADO NOV. | DO9: PROGR. ANUAL MES DIC. | DP9: EJECUTADO ACUMUALDO AÑO 2024 | DQ9: ENE. | DR9: FEB. | DS9: MAR. | DT9: ABR. | DU9: MAY. | DV9: JUN. | DW9: JUL. | DX9: AGO. | DY9: SEP. | DZ9: OCT. | EA9: NOV. | EB9: DIC
A10: Ecourbanismo y construcción sostenible | B10: 1 | C10: Realizar a 600 proyectos de infraestructura, la gestión para la aplicación de determinantes ambientales. | D10: SUMA | E10: 200 | F10: MAGNITUD FÍSICA | G10: =+H10+U10+AT10+BS10+CR10 -> 600 | H10: 66 | I10: 66 | J10: 11 | K10: 66 | L10: 22 | M10: 66 | N10: 33 | O10: 66 | P10: 44 | Q10: 66 | R10: 55 | S10: 66 | T10: 66 | U10: 109 | AT10: 172 | BS10: 172 | CR10: 81 | DW10: 11 | DX10: 22 | DY10: 33 | DZ10: 44 | EA10: 55 | EB10: =+T10 -> 66 | EC10: =EB10/S10 -> 1 | ED10: =EB10/G10 -> 0.11 | EE10: El acumulado ejecutado en la vigencia 2020, corresponde a 66 proyectos y corresponden a proyectos urbanos y arquitectónicos de diferentes escalas, tanto en espacio público como en privado, promoviendo la construcción sostenible y el ecourbanismo en la ciudad. Los proyectos a los cuales se les incorporó criterios de sostenibilidad corresponden a: Tres (03) Plan Parcial de Desarrollo, dos (02) Plan Parcial de Renovación Urbana, tres (03) Proyectos de Legalización y Regularización de Barrios, seis (06) Planes de Implantación, un (01) Plan de Regularización y Manejo, cuatro (04) Planes Directores para parques, dos (02) Planes de Manejo de Humedales, treinta y cuatro (34) Diseños paisajísticos de parques y zonas verdes, cuatro (04) proyectos de compatibilidad de uso de vivienda en suelo restringido, un (01) Patio zonal para el Sistema Integrado de Transporte Publico - SITP y seis (06) proyectos de infraestructura especial como colegios, tramos viales en intervenciones en Zonas de Manejo y Preservación Ambiental. | EF10: N/A | EG10: N/A | EH10: La aplicación de determinantes ambientales en proyectos urbanos y arquitectónicos de diferentes escalas, así como a instrumentos de planeamiento urbano, promueve la construcción sostenible y el ecourbanismo en la ciudad, mediante la armonización de los proyectos urbanos y el modelo de ocupación del territorio con la Estructura ecológica Principal, garantizando mejores espacios para la habitabilidad urbana y mayor equidad e igualdad en la población capitalina. | EI10: Oficios FOREST, Actas, Archivo de Gestión SEGAE.
F11: PRESUPUESTO VIGENCIA | G11: =+S11+U11+AT11+BS11+CR11 -> 3522606000 | H11: 370304000 | I11: 370304000 | J11: 140580000 | K11: 361860000 | L11: 262457000 | M11: 361860000 | N11: 262457000 | O11: 384597000 | P11: 262457000 | Q11: 384597000 | R11: 312457000 | S11: 384597000 | T11: 384597000 | U11: 574654000 | AT11: 997331000 | BS11: 1029360000 | CR11: 536664000 | DW11: 140580000 | DX11: =+L11 -> 262457000 | DY11: 262457000 | DZ11: =+P11 -> 262457000 | EA11: 312457000 | EB11: =+T11 -> 384597000 | EC11: =EB11/S11 -> 1 | ED11: =EB11/G11 -> 0.10917968
F12: MAGNITUD FÍSICA RESERVAS | EB12: =+T12 -> 0 | EC12: =EB12/S12 -> #DIV/0! | ED12: =EB12/G12 -> #DIV/0!
F13: RESERVA PRESUPUESTAL | EB13: =+T13 -> 0 | EC13: =EB13/S13 -> #DIV/0! | ED13: =EB13/G13 -> #DIV/0!
F14: TOTAL MAGNITUD FÍSICA | G14: =+G10+G12 -> 600 | H14: =+H10 -> 66 | I14: =+I10 -> 66 | J14: =+J10 -> 11 | K14: 66 | L14: =+L10 -> 22 | M14: 66 | N14: =+N10 -> 33 | O14: 66 | P14: =+P10 -> 44 | Q14: 66 | R14: 55 | S14: 66 | T14: 66 | U14: =+U10 -> 109 | AT14: =+AT10 -> 172 | BS14: =+BS10 -> 172 | CR14: =+CR10 -> 81 | DW14: =+DW10 -> 11 | DX14: =+DX10 -> 22 | DY14: =+DY10 -> 33 | DZ14: 44 | EA14: 55 | EB14: =+T14 -> 66 | EC14: =EB14/S14 -> 1 | ED14: =EB14/G14 -> 0.11
F15: TOTAL PRESUPUESTO DE LA META | G15: =+G11+G13 -> 3522606000 | H15: =+H11 -> 370304000 | I15: =+I11 -> 370304000 | J15: =+J11 -> 140580000 | K15: 361860000 | L15: =+L11 -> 262457000 | M15: 361860000 | N15: =+N11 -> 262457000 | O15: =+O11 -> 384597000 | P15: =+P11 -> 262457000 | Q15: =+Q11 -> 384597000 | R15: =+R11 -> 312457000 | S15: =+S11 -> 384597000 | T15: =+T11 -> 384597000 | U15: =+U11 -> 574654000 | AT15: =+AT11 -> 997331000 | BS15: =+BS11 -> 1029360000 | CR15: =+CR11 -> 536664000 | DW15: =+DW11 -> 140580000 | DX15: =+DX11 -> 262457000 | DY15: =+DY11 -> 262457000 | DZ15: =+P15 -> 262457000 | EA15: 312457000 | EB15: =+T15 -> 384597000 | EC15: =EB15/S15 -> 1 | ED15: =EB15/G15 -> 0.10917968
B16: 2 | C16: Realizar a 400 proyectos de infraestructura en etapa de operación, el seguimiento a la incorporación de determinantes ambientales. | D16: SUMA | E16: 200 | F16: MAGNITUD FÍSICA | G16: =+H16+U16+AT16+BS16+CR16 -> 400 | H16: 20 | I16: =+H16 -> 20 | J16: 0 | K16: 20 | L16: 0 | M16: 20 | N16: 2 | O16: 20 | P16: 6 | Q16: 20 | R16: 12 | S16: 20 | T16: 20 | U16: 77 | AT16: 121 | BS16: 121 | CR16: 61 | DW16: 0 | DX16: =+T16 -> 20 | DY16: 2 | DZ16: 6 | EA16: 12 | EB16: =+T16 -> 20 | EC16: =EB16/S16 -> 1 | ED16: =EB16/G16 -> 0.05 | EE16: El acumulado ejecutado en la vigencia 2020, corresponde a 20 proyectos verificados en la incorporación de sus determinantes ambientales, correspondiente a trece (13) Planes Directores de Parques de la Ciudad y siete (07) Diseños paisajísticos de parques y zonas verdes. | EF16: N/A | EG16: N/A | EH16: La Secretaría Distrital de Ambiente ha realizado importantes esfuerzos incorporando criterios de ecourbanismo y construcción sostenible en proyectos urbanos y arquitectónicos en la Ciudad, por lo cual es necesario realizar la verificación en la incorporación de los lineamientos y determinantes ambientales de ecourbanismo y construcción sostenible a proyectos de infraestructura que actualmente están en operación, evaluando su aporte a las políticas nacionales y distritales que rigen en esta materia y su aporte a la gestión de la crisis climática; así mismo, esta verificación permitirá conocer las dificultades por parte del sector construcción en la incorporación de estos criterios, permitiendo que desde la administración distrital genere estrategias para promover y fortalecer la construcción sostenible en la Ciudad. | EI16: Archivo de Gestión SEGAE.
F17: PRESUPUESTO VIGENCIA | G17: =+S17+U17+AT17+BS17+CR17 -> 1280821163 | H17: 151328000 | I17: 151328000 | J17: 0 | K17: 142884000 | L17: 71774000 | M17: 142884000 | N17: 71774000 | O17: 140462163 | P17: 71774000 | Q17: 140462163 | R17: 121774000 | S17: 140462163 | T17: 138662000 | U17: 198130000 | AT17: 361141000 | BS17: 371274000 | CR17: 209814000 | DW17: 0 | DX17: =+T17 -> 138662000 | DY17: 71774000 | DZ17: =+P17 -> 71774000 | EA17: 121774000 | EB17: =+T17 -> 138662000 | EC17: =EB17/S17 -> 0.987184 | ED17: =EB17/G17 -> 0.10826023
F18: MAGNITUD FÍSICA RESERVAS | EB18: =+T18 -> 0 | EC18: =EB18/S18 -> #DIV/0! | ED18: =EB18/G18 -> #DIV/0!
F19: RESERVA PRESUPUESTAL | EB19: =+T19 -> 0 | EC19: =EB19/S19 -> #DIV/0! | ED19: =EB19/G19 -> #DIV/0!
F20: TOTAL MAGNITUD FÍSICA | G20: =+G16 -> 400 | H20: =+H16 -> 20 | I20: =+I16 -> 20 | J20: =+J16 -> 0 | K20: 20 | L20: =+L16 -> 0 | M20: 20 | N20: =+N16 -> 2 | O20: 20 | P20: =+P16 -> 6 | Q20: 20 | R20: =+R16 -> 12 | S20: 20 | T20: 20 | U20: =+U16 -> 77 | AT20: =+AT16 -> 121 | BS20: =+BS16 -> 121 | CR20: =+CR16 -> 61 | DW20: =+DW16 -> 0 | DX20: =+DX16 -> 20 | DY20: =+DY16 -> 2 | DZ20: 6 | EA20: 12 | EB20: =+T20 -> 20 | EC20: =EB20/S20 -> 1 | ED20: =EB20/G20 -> 0.05
F21: TOTAL PRESUPUESTO DE LA META | G21: =+G17 -> 1280821163 | H21: =+H17 -> 151328000 | I21: =+I17 -> 151328000 | J21: =+J17 -> 0 | K21: 142884000 | L21: =+L17 -> 71774000 | M21: 142884000 | N21: =+N17 -> 71774000 | O21: =+O17 -> 140462163 | P21: =+P17 -> 71774000 | Q21: =+Q17 -> 140462163 | R21: =+R17 -> 121774000 | S21: =+S17 -> 140462163 | T21: 138662000 | U21: =+U17 -> 198130000 | AT21: =+AT17 -> 361141000 | BS21: =+BS17 -> 371274000 | CR21: =+CR17 -> 209814000 | DW21: =+DW17 -> 0 | DX21: =+DX17 -> 138662000 | DY21: =+DY17 -> 71774000 | DZ21: =+P21 -> 71774000 | EA21: 121774000 | EB21: =+T21 -> 138662000 | EC21: =EB21/S21 -> 0.987184 | ED21: =EB21/G21 -> 0.10826023
B22: 3 | C22: Realizar a 20000 m2 de techos verdes y jardines verticales, el acompañamiento técnico | D22: SUMA | E22: 201 | F22: MAGNITUD FÍSICA | G22: =+H22+U22+AT22+BS22+CR22 -> 20000 | H22: 2500 | I22: 2500 | J22: 0 | K22: 2500 | L22: 741 | M22: 2500 | N22: 1257 | O22: 2500 | P22: 1908 | Q22: 2500 | R22: 2210 | S22: 2500 | T22: 2500 | U22: 3500 | AT22: 5500 | BS22: 5500 | CR22: 3000 | DW22: 0 | DX22: 741 | DY22: 1257 | DZ22: 1908 | EA22: 2210 | EB22: =+T22 -> 2500 | EC22: =EB22/S22 -> 1 | ED22: =EB22/G22 -> 0.125 | EE22: El acumulado ejecutado en el segundo semestre del 2020 corresponde al 2500 m2 de techos verdes y jardines verticales con acompañamiento técnico y promovidos en las siguientes localidades: San Cristóbal (5 m2), Barrios Unidos (15 m2), Engativá (17 m2), Puente Aranda (390 m2), Teusaquillo (93 m2), Santa Fe (26 m2), Chapinero (1421 m2), Usaquén (405 m2), Suba (30 m2) y Candelaria (98 m2). | EF22: N/A | EG22: N/A | EH22: El acompañamiento técnico a techos verdes y jardines verticales, promueve la conservación y mejoramiento de estas estructuras, las cuales ofrecen múltiples beneficios ambientales (Eje. Retienen el agua lluvia, mitigan el efecto isla de calor, absorben el ruido), sociales (Eje. Mejoran el paisaje urbano, aumentan el área verde de la ciudad, mejoran la calidad de vida) y económicos (Eje. Mantienen la comodidad térmica al interior de las edificaciones, evitando el uso de calefactores, valorizan el predio, permiten integrarse con sistemas de aprovechamiento de agua lluvia, ahorrando consumo de agua), para la ciudad y sus habitantes. | EI22: Archivo de Gestión SEGAE.
F23: PRESUPUESTO VIGENCIA | G23: =+S23+U23+AT23+BS23+CR23 -> 628734000 | H23: 24546000 | I23: 24546000 | J23: 0 | K23: 24546000 | L23: 10624000 | M23: 24546000 | N23: 10624000 | O23: 13280000 | P23: 10624000 | Q23: 13280000 | R23: 10624000 | S23: 13280000 | T23: 13280000 | U23: 34285000 | AT23: 248040000 | BS23: 250193000 | CR23: 82936000 | DW23: 0 | DX23: 10624000 | DY23: 10624000 | DZ23: =+P23 -> 10624000 | EA23: 10624000 | EB23: =+T23 -> 13280000 | EC23: =EB23/S23 -> 1 | ED23: =EB23/G23 -> 0.02112181
F24: MAGNITUD FÍSICA RESERVAS | EB24: =+T24 -> 0 | EC24: =EB24/S24 -> #DIV/0! | ED24: =EB24/G24 -> #DIV/0!
F25: RESERVA PRESUPUESTAL | EB25: =+T25 -> 0 | EC25: =EB25/S25 -> #DIV/0! | ED25: =EB25/G25 -> #DIV/0!
F26: TOTAL MAGNITUD FÍSICA | G26: =+G22 -> 20000 | H26: =+H22 -> 2500 | I26: =+I22 -> 2500 | J26: =+J22 -> 0 | K26: 2500 | L26: =+L22 -> 741 | M26: 2500 | N26: =+N22 -> 1257 | O26: 2500 | P26: =+P22 -> 1908 | Q26: 2500 | R26: =+R22 -> 2210 | S26: 2500 | T26: 2500 | U26: =+U22 -> 3500 | AT26: =+AT22 -> 5500 | BS26: =+BS22 -> 5500 | CR26: =+CR22 -> 3000 | DW26: =+DW22 -> 0 | DX26: =+DX22 -> 741 | DY26: =+DY22 -> 1257 | DZ26: 1908 | EA26: 2210 | EB26: =+T26 -> 2500 | EC26: =EB26/S26 -> 1 | ED26: =EB26/G26 -> 0.125
F27: TOTAL PRESUPUESTO DE LA META | G27: =+G23 -> 628734000 | H27: =+H23 -> 24546000 | I27: =+I23 -> 24546000 | J27: =+J23 -> 0 | K27: 24546000 | L27: =+L23 -> 10624000 | M27: 24546000 | N27: =+N23 -> 10624000 | O27: =+O23 -> 13280000 | P27: =+P23 -> 10624000 | Q27: =+Q23 -> 13280000 | R27: =+R23 -> 10624000 | S27: =+S23 -> 13280000 | T27: 13280000 | U27: =+U23 -> 34285000 | AT27: =+AT23 -> 248040000 | BS27: =+BS23 -> 250193000 | CR27: =+CR23 -> 82936000 | DW27: =+DW23 -> 0 | DX27: =+DX23 -> 10624000 | DY27: =+DY23 -> 10624000 | DZ27: =+P27 -> 10624000 | EA27: 10624000 | EB27: =+T27 -> 13280000 | EC27: =EB27/S27 -> 1 | ED27: =EB27/G27 -> 0.02112181
A28: Gestión Ambiental Empresarial | B28: 4 | C28: Diseñar y hacer seguimiento a 1 estrategia de crecimiento verde con enfoque de sostenibilidad, economía circular e innovación | D28: CRECIENTE | E28: 199 | F28: MAGNITUD FÍSICA | G28: 1 | H28: 0.05 | I28: =+H28 -> 0.05 | J28: 0 | K28: 0.05 | L28: 0.01 | M28: 0.05 | N28: 0.02 | O28: 0.05 | P28: 0.03 | Q28: 0.05 | R28: 0.04 | S28: 0.05 | T28: 0.05 | U28: 0.2 | AT28: 0.65 | BS28: 0.95 | CR28: 1 | DW28: 0 | DX28: 0.01 | DY28: 0.02 | DZ28: 0.03 | EA28: 0.04 | EB28: =+T28 -> 0.05 | EC28: =EB28/S28 -> 1 | ED28: =EB28/G28 -> 0.05 | EE28: El acumulado ejecutado en la vigencia 2020, corresponde a 0,05. El consolidado de acciones: se inició la construcción de la Estrategia Distrital de Crecimiento Verde (EDCV) con la búsqueda, obtención, selección y clasificación de información secundaria y en fuentes propias de la Secretaría Distrital de Ambiente, así como del aporte extraído de la reunión con diferentes actores pertenecientes de la academia y entidades del distrito de las cuales se identificaron roles y se vienen desarrollando articulaciones para la generación de nuevos programas y la integración en otros existentes. Se construyó una matriz alimentada con información de fuentes secundarias y propias de la Secretaría Distrital de Ambiente y los encuentros con entidades externas, con esta información se estructuró la conceptualización gráfica de la EDCV en formato PPT, igualmente, la versión inicial de tabla de contenido del documento, con lo cual se comenzó la conformación de los capítulos 1 "Antecedes del CV", el numeral 2 “Justificación” y 3 “Estrategia Distrital de Crecimiento Verde”, que con modificaciones pasó a llamarse “Diagnóstico de los elementos fundamentales para la implementación de la EDCV” al igual que se incluyó en versión preliminar de glosario, abreviaturas y anexos. Para el mes de diciembre, la versión inicial de los capítulos anteriormente mencionados fue enviada a revisión del doctor Oscar Vargas funcionario y experto en Gestión Ambiental Empresarial de la SDA. Paralelamente se realizó el mapeo de entidades de financiamiento de proyectos verdes para Bogotá y se inició la estructuración de cuestionario para aplicarlo en el sector empresarial participante en el programa GAE a fin de obtener precisiones en la modelación de los programas que integran la EDCV. En la articulación de la SDA con la SDDE, que tiene gran participación en este proceso, se continuó concertación y articulación de estrategias conjuntas, es así que, con el fin de fortalecer competencias de acción de las dos entidades, la SDA con el apoyo y desarrollo voluntario del Dr Paulo Romero de la UNAL, lidero el montaje del curso “Ecodiseño en la economía Circular” realizado los días 10, 15 y 17 de diciembre de 8 a 10am a colaboradores de la SDDE y la SDA. | EF28: N/A | EG28: N/A | EH28: La implementación de una Estrategia Distrital de Crecimiento Verde permitirá realizar acciones que incentiven la competitividad en el sector empresarial con la sostenibilidad en el uso de los recursos, menor generación en impactos ambientales y con la promoción de nuevas oportunidades de negocios basados en el aprovechamiento sostenible del capital natural. | EI28: Archivo de gestión SEGAE.
F29: PRESUPUESTO VIGENCIA | G29: =+S29+U29+AT29+BS29+CR29 -> 405347000 | H29: 90000000 | I29: =+H29 -> 90000000 | J29: 0 | K29: 90000000 | L29: 69812000 | M29: 90000000 | N29: 69812000 | O29: 90000000 | P29: 69812000 | Q29: 95347000 | R29: 69812000 | S29: 95347000 | T29: 95159000 | U29: 68299000 | AT29: 111701000 | BS29: 100000000 | CR29: 30000000 | DW29: 0 | DX29: 69812000 | DY29: 69812000 | DZ29: =+P29 -> 69812000 | EA29: 69812000 | EB29: =+T29 -> 95159000 | EC29: =EB29/S29 -> 0.99802825 | ED29: =EB29/G29 -> 0.23475935 | EI29: Archivo de gestión SEGAE.
F30: MAGNITUD FÍSICA RESERVAS | EB30: =+T30 -> 0 | EC30: =EB30/S30 -> #DIV/0! | ED30: =EB30/G30 -> #DIV/0! | EI30: Archivo de gestión SEGAE.
F31: RESERVA PRESUPUESTAL | EB31: =+T31 -> 0 | EC31: =EB31/S31 -> #DIV/0! | ED31: =EB31/G31 -> #DIV/0! | EI31: Archivo de gestión SEGAE.
F32: TOTAL MAGNITUD FÍSICA | G32: =+G28 -> 1 | H32: 0.05 | I32: =+H32 -> 0.05 | J32: =+J28 -> 0 | K32: 0.05 | L32: =+L28 -> 0.01 | M32: 0.05 | N32: 0.01 | O32: 0.05 | P32: =+P28 -> 0.03 | Q32: 0.05 | R32: =+R28 -> 0.04 | S32: 0.05 | T32: 0.05 | U32: =+U28 -> 0.2 | AT32: =+AT28 -> 0.65 | BS32: =+BS28 -> 0.95 | CR32: =+CR28 -> 1 | DW32: =+DW28 -> 0 | DX32: =+DX28 -> 0.01 | DY32: =DY28 -> 0.02 | DZ32: =+DZ28 -> 0.03 | EA32: 0.04 | EB32: =+T32 -> 0.05 | EC32: =EB32/S32 -> 1 | ED32: =EB32/G32 -> 0.05 | EI32: Archivo de gestión SEGAE.
F33: TOTAL PRESUPUESTO DE LA META | G33: =+G29 -> 405347000 | H33: =+H29 -> 90000000 | I33: =+I29 -> 90000000 | J33: =+J29 -> 0 | K33: 90000000 | L33: =+L29 -> 69812000 | M33: 90000000 | N33: =+N29 -> 69812000 | O33: 90000000 | P33: =+P29 -> 69812000 | Q33: =+Q29 -> 95347000 | R33: =+R29 -> 69812000 | S33: =+S29 -> 95347000 | T33: 95159000 | U33: =+U29 -> 68299000 | AT33: =+AT29 -> 111701000 | BS33: =+BS29 -> 100000000 | CR33: =+CR29 -> 30000000 | DW33: =+DW29 -> 0 | DX33: =+DX29 -> 69812000 | DY33: =+DY29 -> 69812000 | DZ33: =+P33 -> 69812000 | EA33: 69812000 | EB33: =+T33 -> 95159000 | EC33: =EB33/S33 -> 0.99802825 | ED33: =EB33/G33 -> 0.23475935 | EI33: Archivo de gestión SEGAE.
B34: 5 | C34: Asistir a 800 proyectos participantes de programas voluntarios ofrecidos por la SEGAE, para el mejoramiento del desempeño ambiental. | D34: SUMA | E34: 199 | F34: MAGNITUD FÍSICA | G34: =+H34+U34+AT34+BS34+CR34 -> 800 | H34: 50 | I34: =+H34 -> 50 | J34: 0 | K34: 50 | L34: 5 | M34: 50 | N34: 10 | O34: 50 | P34: 30 | Q34: 50 | R34: 45 | S34: 50 | T34: 50 | U34: 160 | AT34: 240 | BS34: 240 | CR34: 110 | DW34: 0 | DX34: 5 | DY34: 10 | DZ34: 30 | EA34: 45 | EB34: =+T34 -> 50 | EC34: =EB34/S34 -> 1 | ED34: =EB34/G34 -> 0.0625 | EE34: El acumulado ejecutado en la vigencia 2020, corresponde a empresas participantes en el Programa de Gestión Ambiental Empresarial (Estrategia ACERCAR y Programa de Excelencia Ambiental Distrital (PREAD)), de acuerdo al reporte programado y cumpliendo con la meta, se presenta un avance consolidado de 50 proyectos dirigidos al uso eficiente al recursos naturales y materiales, (5 reportados en agosto, 10 en el mes de septiembre, 15 en el mes de octubre, 15 para el mes de noviembre y 5 para el mes de diciembre). Las empresas a las que se les brindó acompañamiento y presentaron sus proyectos fueron: C.I SIGRA S.A, PROASEPSIS S.A.S., CENTRO MAYOR CENTRO COMERCIAL P.H., DINATECH MOBILE S.A.S., GASEOSAS LUX S.A.S., AUTOMOTORES SAN JORGE S.A., PAVIMENTOS COLOMBIA S.A.S., PROLACTEOS JR S.A.S., LINCOLN SOLDADURAS DE COLOMBIA LTDA., JA BELTRAN RECICLAJE ECOLOGICO AMBIENTAL S EN C, DHL GLOBAL FORWARDING DEPOSITO ADUANERO COLOMBIA SA, COLTANQUES S.A.S., MINISTERIO DE MINAS Y ENERGIA, PROCABLES S.A.S., PIARO IMPRESORES SAS, CABLE MÓVIL, SOMOS BOGOTÁ USME S.A.S., CONALSEBOS S.A.S., GRUPO KOPELLE, ABC GOTUPLAS S.A.S, TITAN PLAZA CENTRO COMERCIAL Y EMPRESARIAL PH, INDES S.A.S - SEDE CALLE 65 A 93 – 28, FEPCO ZONA FRANCA S.A.S, FRIGORIFICO GUADALUPE SAS, AVANT PLAST S.A. AVANCES TECNOLÓGICOS PLASTICOS S.A., FRIGORIFICO GUADALUPE SAS, GASEOSAS COLOMBIANAS S.A.S. PLANTA CENTRO, GASEOSAS LUX S.A.S., MULTIDIMENSIONALES S.A.S, CENTRO COMERCIAL PLAZA DE LAS AMÉRICAS, DIJIN, FONDO DE FINANCIAMIENTO DEL SECTOR AGROPECUARIO, LILI-PLAST S.A.S, LIMPIEZA METROPOLITANA S.A. E.S.P., MARKETEANDO GRAFIPRINT S.A.S, XPRESS ESTUDIO GRÁFICO Y DIGITAL SAS, AVÍCOLA MILUC S. A. S., MULTICARGO LTDA., RANSA COLOMBIA S.A.S., RGD AIRE ACONDICIONADO S.A.S, AUTORIDAD NACIONAL DE LICENCIAS AMBIENTALES - ANLA, CAPITAL BUS S.A.S., AROMATHEKA S.A.S, ESPECTROFARMA S. A. S., TRASNPORTES ESPECIALES COLEGIOS Y TURISMO S. A., NACIONAL DE ELÉCTRICOS HH LTDA - CENTRO 1, NACIONAL DE ELÉCTRICOS HH LTDA - CENTRO 6, UNIVERSIDAD NACIONAL ABIERTA Y A DISTANCIA. CEAD JOSÉ ACEVEDO Y GÓMEZ, ALTEA FARMACÉUTICA S. A., COLOMPACK S. A. | EF34: N/A | EG34: N/A | EH34: El logro del mejoramiento ambiental de las organizaciones a partir de estrategias de prevención, que permitan minimizar el impacto ambiental generado en la ciudad. | EI34: Archivo de gestión SEGAE.
F35: PRESUPUESTO VIGENCIA | G35: =+S35+U35+AT35+BS35+CR35 -> 3901313327 | H35: 668935490 | I35: 668935490 | J35: 328110000 | K35: 641192490 | L35: 519353000 | M35: 641192490 | N35: 532019000 | O35: 734428327 | P35: 532019000 | Q35: 714428327 | R35: 556969163 | S35: 714428327 | T35: 706859293 | U35: 699388000 | AT35: 1010205000 | BS35: 1010205000 | CR35: 467087000 | DW35: 328110000 | DX35: 519353000 | DY35: 532019000 | DZ35: =+P35 -> 532019000 | EA35: 556969163 | EB35: =+T35 -> 706859293 | EC35: =EB35/S35 -> 0.98940547 | ED35: =EB35/G35 -> 0.18118496
F36: MAGNITUD FÍSICA RESERVAS | EB36: =+T36 -> 0 | EC36: =EB36/S36 -> #DIV/0! | ED36: =EB36/G36 -> #DIV/0!
F37: RESERVA PRESUPUESTAL | EB37: =+T37 -> 0 | EC37: =EB37/S37 -> #DIV/0! | ED37: =EB37/G37 -> #DIV/0!
F38: TOTAL MAGNITUD FÍSICA | G38: =+G34 -> 800 | H38: =+H34 -> 50 | I38: =+I34 -> 50 | J38: =+J34 -> 0 | K38: 50 | L38: =+L34 -> 5 | M38: 50 | N38: 10 | O38: 50 | P38: =+P34 -> 30 | Q38: 50 | R38: =+R34 -> 45 | S38: 50 | T38: 50 | U38: =+U34 -> 160 | AT38: =+AT34 -> 240 | BS38: =+BS34 -> 240 | CR38: =+CR34 -> 110 | DW38: =+DW34 -> 0 | DX38: =+DX34 -> 5 | DY38: 10 | DZ38: =+DZ34 -> 30 | EA38: 45 | EB38: =+T38 -> 50 | EC38: =EB38/S38 -> 1 | ED38: =EB38/G38 -> 0.0625
F39: TOTAL PRESUPUESTO DE LA META | G39: =+G35 -> 3901313327 | H39: =+H35 -> 668935490 | I39: =+I35 -> 668935490 | J39: =+J35 -> 328110000 | K39: 641192490 | L39: =+L35 -> 519353000 | M39: 641192490 | N39: =+N35 -> 532019000 | O39: =+O35 -> 734428327 | P39: =+P35 -> 532019000 | Q39: =+Q35 -> 714428327 | R39: =+R35 -> 556969163 | S39: =+S35 -> 714428327 | T39: 706859293 | U39: =+U35 -> 699388000 | AT39: =+AT35 -> 1010205000 | BS39: =+BS35 -> 1010205000 | CR39: =+CR35 -> 467087000 | DW39: =+DW35 -> 328110000 | DX39: =+DX35 -> 519353000 | DY39: =+DY35 -> 532019000 | DZ39: =+P39 -> 532019000 | EA39: 556969163 | EB39: =+T39 -> 706859293 | EC39: =EB39/S39 -> 0.98940547 | ED39: =EB39/G39 -> 0.18118496
B40: 6 | C40: Acompañar y promover a 100 empresas en el proceso de verificación de los criterios de Negocios verdes. | D40: SUMA | E40: 199 | F40: MAGNITUD FÍSICA | G40: =+H40+U40+AT40+BS40+CR40 -> 100 | H40: 10 | I40: =+H40 -> 10 | J40: 2 | K40: 10 | L40: 4 | M40: 10 | N40: 6 | O40: 10 | P40: 8 | Q40: 10 | R40: 9 | S40: 10 | T40: 10 | U40: 20 | AT40: 27 | BS40: 27 | CR40: 16 | DW40: 2 | DX40: 4 | DY40: 6 | DZ40: 8 | EA40: 9 | EB40: =+T40 -> 10 | EC40: =EB40/S40 -> 1 | ED40: =EB40/G40 -> 0.1 | EE40: El acumulado ejecutado en la vigencia 2020 es de diez (10) negocios verdes, Durante el mes de diciembre se reconoce a un (1) negocio verde. Adicionalmente, se realizó el proceso de acompañamiento basado en la apertura de la convocatoria CREE de Impulsa y una campaña de anchetas navideñas de productos verdes. | EF40: N/A | EG40: N/A | EH40: Permite promover el fortalecimiento de actividades económicas que ofrecen bienes o servicios que generan impactos ambientales positivos y que, además, incorpora buenas prácticas ambientales, sociales, económicas, con enfoque de ciclo de vida, contribuyendo al consumo sostenible y a la conservación del ambiente como capital natural que soporta el desarrollo de la región y la estrategia de crecimiento verde. | EI40: Listado de negocios verdes.
F41: PRESUPUESTO VIGENCIA | G41: =+S41+U41+AT41+BS41+CR41 -> 2117624000 | H41: 120000000 | I41: =+H41 -> 120000000 | J41: 0 | K41: 104955000 | L41: 90696000 | M41: 104955000 | N41: 90696000 | O41: 104955000 | P41: 90696000 | Q41: 109624000 | R41: 90696000 | S41: 109624000 | T41: 109624000 | U41: 349839000 | AT41: 636720000 | BS41: 636720000 | CR41: 384721000 | DW41: 0 | DX41: 90696000 | DY41: 90696000 | DZ41: =+P41 -> 90696000 | EA41: 90696000 | EB41: =+T41 -> 109624000 | EC41: =EB41/S41 -> 1 | ED41: =EB41/G41 -> 0.051767453
F42: MAGNITUD FÍSICA RESERVAS | EB42: =+T42 -> 0 | EC42: =EB42/S42 -> #DIV/0! | ED42: =EB42/G42 -> #DIV/0!
F43: RESERVA PRESUPUESTAL | EB43: =+T43 -> 0 | EC43: =EB43/S43 -> #DIV/0! | ED43: =EB43/G43 -> #DIV/0!
F44: TOTAL MAGNITUD FÍSICA | G44: =+G40 -> 100 | H44: =+H40 -> 10 | I44: =+I40 -> 10 | J44: =+J40 -> 2 | K44: 10 | L44: =+L40 -> 4 | M44: 10 | N44: 6 | O44: 10 | P44: =+P40 -> 8 | Q44: 10 | R44: 9 | S44: 10 | T44: 10 | U44: =+U40 -> 20 | AT44: =+AT40 -> 27 | BS44: =+BS40 -> 27 | CR44: =+CR40 -> 16 | DW44: =+DW40 -> 2 | DX44: =+DX40 -> 4 | DY44: 6 | DZ44: 8 | EA44: 10 | EB44: =+T44 -> 10 | EC44: =EB44/S44 -> 1 | ED44: =EB44/G44 -> 0.1
F45: TOTAL PRESUPUESTO DE LA META | G45: =+G41 -> 2117624000 | H45: =+H41 -> 120000000 | I45: =+I41 -> 120000000 | J45: =+J41 -> 0 | K45: 104955000 | L45: =+L41 -> 90696000 | M45: 104955000 | N45: =+N41 -> 90696000 | O45: 104955000 | P45: =+P41 -> 90696000 | Q45: =+Q41 -> 109624000 | R45: =+R41 -> 90696000 | S45: =+S41 -> 109624000 | T45: 109624000 | U45: =+U41 -> 349839000 | AT45: =+AT41 -> 636720000 | BS45: =+BS41 -> 636720000 | CR45: =+CR41 -> 384721000 | DW45: =+DW41 -> 0 | DX45: =+DX41 -> 90696000 | DY45: =+DY41 -> 90696000 | DZ45: =+P45 -> 90696000 | EA45: 90696000 | EB45: =+T45 -> 109624000 | EC45: =EB45/S45 -> 1 | ED45: =EB45/G45 -> 0.051767453
B46: 7 | C46: Desarrollar 6 proyectos pilotos de economía circular en sectores productivos priorizados | D46: SUMA | E46: 199 | F46: MAGNITUD FÍSICA | G46: =+H46+U46+AT46+BS46+CR46 -> 6 | H46: 0.5 | I46: =+H46 -> 0.5 | J46: 0.05 | K46: 0.5 | L46: 0.1 | M46: 0.5 | N46: 0.15 | O46: 0.5 | P46: 0.22 | Q46: 0.5 | R46: 0.42 | S46: 0.5 | T46: 0.5 | U46: 0.6 | AT46: 2.2 | BS46: 2.2 | CR46: 0.5 | DW46: 0.05 | DX46: 0.1 | DY46: 0.15 | DZ46: 0.22 | EA46: 0.42 | EB46: =+T46 -> 0.5 | EC46: =EB46/S46 -> 1 | ED46: =EB46/G46 -> 0.083333333 | EE46: Durante el mes de diciembre, se genera un avance del 0,08, constituyendo un acumulado en la vigencia 2020 de 0,5, debido a que para el periodo en mención se generó el documento de formulación del proyecto de laboratorio de economía circular para las empresas, el cual será insumo para el desarrollo del primer proyecto piloto. Asimismo, se realizó el reconocimiento a las organizaciones que adelantan acciones en torno a la economía circular. | EF46: N/A | EG46: N/A | EH46: Avanza en la transición de una economía lineal hacía una economía circular en sectores económicos priorizados, a través de la reincorporación y valorización de materiales y residuos, así como en la incorporación de energías renovables y el uso eficiente de la energía eléctrica. | EI46: Informes de avance
F47: PRESUPUESTO VIGENCIA | G47: =+S47+U47+AT47+BS47+CR47 -> 2658352000 | H47: 220180000 | I47: =+H47 -> 220180000 | J47: 0 | K47: 220180000 | L47: 162068000 | M47: 220180000 | N47: 162068000 | O47: 199997000 | P47: 162068000 | Q47: 218352000 | R47: 162068000 | S47: 218352000 | T47: 200757000 | U47: 482999000 | AT47: =750000000+69000000 -> 819000000 | BS47: =750000000+69000000 -> 819000000 | CR47: 319001000 | DW47: 0 | DX47: 162068000 | DY47: 162068000 | DZ47: =+P47 -> 162068000 | EA47: 162068000 | EB47: =+T47 -> 200757000 | EC47: =EB47/S47 -> 0.9194191 | ED47: =EB47/G47 -> 0.075519344
F48: MAGNITUD FÍSICA RESERVAS | EB48: =+T48 -> 0 | EC48: =EB48/S48 -> #DIV/0! | ED48: =EB48/G48 -> #DIV/0!
F49: RESERVA PRESUPUESTAL | EB49: =+T49 -> 0 | EC49: =EB49/S49 -> #DIV/0! | ED49: =EB49/G49 -> #DIV/0!
F50: TOTAL MAGNITUD FÍSICA | G50: =+G46 -> 6 | H50: =+H46 -> 0.5 | I50: =+I46 -> 0.5 | J50: =+J46 -> 0.05 | K50: 0.5 | L50: =+L46 -> 0.1 | M50: 0.5 | N50: =+N46 -> 0.15 | O50: 0.5 | P50: =+P46 -> 0.22 | Q50: 0.5 | R50: 0.42 | S50: 0.5 | T50: 0.5 | U50: =+U46 -> 0.6 | AT50: =+AT46 -> 2.2 | BS50: =+BS46 -> 2.2 | CR50: =+CR46 -> 0.5 | DW50: =+DW46 -> 0.05 | DX50: =+DX46 -> 0.1 | DY50: =+DY46 -> 0.15 | DZ50: 0.22 | EA50: 0.42 | EB50: =+T50 -> 0.5 | EC50: =EB50/S50 -> 1 | ED50: =EB50/G50 -> 0.083333333
F51: TOTAL PRESUPUESTO DE LA META | G51: =+G47 -> 2658352000 | H51: =+H47 -> 220180000 | I51: =+I47 -> 220180000 | J51: =+J47 -> 0 | K51: 220180000 | L51: =+L47 -> 162068000 | M51: 220180000 | N51: =+N47 -> 162068000 | O51: =+O47 -> 199997000 | P51: =+P47 -> 162068000 | Q51: =+Q47 -> 218352000 | R51: =+R47 -> 162068000 | S51: =+S47 -> 218352000 | T51: 200757000 | U51: =+U47 -> 482999000 | AT51: =+AT47 -> 819000000 | BS51: =+BS47 -> 819000000 | CR51: =+CR47 -> 319001000 | DW51: =+DW47 -> 0 | DX51: =+DX47 -> 162068000 | DY51: =+DY47 -> 162068000 | DZ51: =+P51 -> 162068000 | EA51: 162068000 | EB51: =+T51 -> 200757000 | EC51: =EB51/S51 -> 0.9194191 | ED51: =EB51/G51 -> 0.075519344
B52: 8 | C52: Desarrollar 9 proyectos de producción más limpia en los sectores priorizados | D52: SUMA | E52: 199 | F52: MAGNITUD FÍSICA | G52: =+H52+U52+AT52+BS52+CR52 -> 9 | H52: 0.5 | I52: =+H52 -> 0.5 | J52: 0 | K52: 0.5 | L52: 0 | M52: 0.5 | N52: 0 | O52: 0.5 | P52: 0.17 | Q52: 0.5 | R52: 0.34 | S52: 0.5 | T52: 0.5 | U52: 1.4 | AT52: 3.3 | BS52: 3.3 | CR52: 0.5 | DW52: 0 | DX52: 0 | DY52: 0 | DZ52: 0.17 | EA52: 0.34 | EB52: =+T52 -> 0.5 | EC52: =EB52/S52 -> 1 | ED52: =EB52/G52 -> 0.055555556 | EE52: Los sectores priorizados por el POMCA son el sector de galvanoplastia, minería y curtiembres. Específicamente para el presente año se inició con la formulación del primer proyecto a realizar con el sector de curtiembres. Durante el mes de diciembre se avanzó en la formulación del proyecto dirigido al sector de las curtiembres. Se definieron objetivo general, específicos, metas e indicadores. Adicionalmente, se avanzó en el diagnóstico ambiental sectorial. Todo esto sumado a la operación de la mesa de curtiembres y las demás reuniones de gestión requeridas. Así mismo, se apoyo el proceso de votación en presupuestos participativos para el desarrollo del Centro de Innovación Ambiental y de calidad CINAC", de los cuales se esperará los resultados del proceso de votación. Paralelamente, para el sector galvanoplastia se realizó la segunda mesa distrital del sector galvánico con la participación de las 9 empresas inscritas al proyecto fortalecimiento del sector de recubrimientos electrolíticos con enfoque en cadena de valor. Así mismo, se avanzó en la elaboración del diagnóstico sectorial. Por otra parte, se realizó la verificación de 113 empresas de 252 identificadas preliminarmente como pertenecientes al sector a nivel distrital y, se participó de mesas interinstitucionales con la CAR, Gobernación de Cundinamarca, entre otras entidades, para definir el plan de capacitación del sector para el año 2021 Para el sector de minería se avanzó en la consolidación del diagnóstico sectorial, con el estado de la minería en la ciudad. El cual fue elaborado, y está en proceso de ajustes y retroalimentación por parte del experto en geología. Adicionalmente, se avanzó en la actualización del inventario minero de la ciudad insumo de la base cartográfica de caracterización en el distrito realizada. | EF52: N/A | EG52: N/A | EH52: El principal beneficio asociado al desarrollo de 9 proyectos de producción más limpia en los sectores priorizados se encuentra relacionado con el apoyo a la ordenación de la cuenca del Río Bogotá con el ánimo de solucionar su estado de contaminación. Es así como, a partir de la aprobación del ajuste y actualización del Plan de Ordenación y Manejo de la Cuenca Hidrográfica del río Bogotá - POMCA, se busca la implementación de proyectos de producción mas limpia a través de la optimización y desarrollo de buenas prácticas ambientales de los procesos industriales en Pymes de metalurgia y curtiembres en Bogotá, al igual que, el apoyo técnico y seguimiento socioambiental de las actividades minero industriales; lo que a su vez contribuye con la descontaminación del río Bogotá. | EI52: Archivos de gestión SEGAE
F53: PRESUPUESTO VIGENCIA | G53: =+S53+U53+AT53+BS53+CR53 -> 1592572000 | H53: 159600000 | I53: 159600000 | J53: 0 | K53: 152972000 | L53: 101484000 | M53: 152972000 | N53: 116067000 | O53: 136314000 | P53: 116067000 | Q53: 156172000 | R53: 116067000 | S53: 156172000 | T53: 151311000 | U53: 250350000 | AT53: 513225000 | BS53: 513225000 | CR53: 159600000 | DW53: 0 | DX53: 101484000 | DY53: 116067000 | DZ53: =+P53 -> 116067000 | EA53: 116067000 | EB53: =+T53 -> 151311000 | EC53: =EB53/S53 -> 0.96887406 | ED53: =EB53/G53 -> 0.095010461
F54: MAGNITUD FÍSICA RESERVAS | EB54: =+T54 -> 0 | EC54: =EB54/S54 -> #DIV/0! | ED54: =EB54/G54 -> #DIV/0!
F55: RESERVA PRESUPUESTAL | EB55: =+T55 -> 0 | EC55: =EB55/S55 -> #DIV/0! | ED55: =EB55/G55 -> #DIV/0!
F56: TOTAL MAGNITUD FÍSICA | G56: =+G52 -> 9 | H56: =+H52 -> 0.5 | I56: =+I52 -> 0.5 | J56: =+J52 -> 0 | K56: 0.5 | L56: =+L52 -> 0 | M56: 0.5 | N56: 0 | O56: 0.5 | P56: =+P52 -> 0.17 | Q56: 0.5 | R56: 0.34 | S56: 0.5 | T56: 0.5 | U56: =+U52 -> 1.4 | AT56: =+AT52 -> 3.3 | BS56: =+BS52 -> 3.3 | CR56: =+CR52 -> 0.5 | DW56: =+DW52 -> 0 | DX56: =+DX52 -> 0 | DY56: 0 | DZ56: =+DZ52 -> 0.17 | EA56: 0.34 | EB56: =+T56 -> 0.5 | EC56: =EB56/S56 -> 1 | ED56: =EB56/G56 -> 0.055555556
F57: TOTAL PRESUPUESTO DE LA META | G57: =+G53 -> 1592572000 | H57: =+H53 -> 159600000 | I57: =+I53 -> 159600000 | J57: =+J53 -> 0 | K57: 152972000 | L57: =+L53 -> 101484000 | M57: 152972000 | N57: =+N53 -> 116067000 | O57: =+O53 -> 136314000 | P57: =+P53 -> 116067000 | Q57: =+Q53 -> 156172000 | R57: =+R53 -> 116067000 | S57: =+S53 -> 156172000 | T57: 151311000 | U57: =+U53 -> 250350000 | AT57: =+AT53 -> 513225000 | BS57: =+BS53 -> 513225000 | CR57: =+CR53 -> 159600000 | DW57: =+DW53 -> 0 | DX57: =+DX53 -> 101484000 | DY57: =+DY53 -> 116067000 | DZ57: =+P57 -> 116067000 | EA57: 116067000 | EB57: =+T57 -> 151311000 | EC57: =EB57/S57 -> 0.96887406 | ED57: =EB57/G57 -> 0.095010461
A58: Plan de Acción Climática para Bogotá D.C. 2020 - 2050. | B58: 9 | C58: Articular y consolidar 1 Plan de Acción Climática para Bogotá D.C. 2020 - 2050. | D58: SUMA | E58: 198 | F58: MAGNITUD FÍSICA | G58: 1 | H58: 1 | I58: =+H58 -> 1 | J58: 0 | K58: 1 | L58: 0 | M58: 1 | N58: 0 | O58: 1 | P58: 0.5 | Q58: 1 | R58: 0.7 | S58: 1 | T58: 0.9 | U58: 0 | AT58: 0 | BS58: 0 | CR58: 0 | DW58: 0 | DX58: 0 | DY58: 0 | DZ58: 0.5 | EA58: 0.7 | EB58: 0.9 | EC58: =EB58/S58 -> 0.9 | ED58: =EB58/G58 -> 0.9 | EE58: Durante la vigencia se han realizado sesiones de trabajo de coordinación interinstitucional con los diferentes sectores que tienen a su cargo proyectos potenciales de reducción de emisiones de GEi con el fin de identificar y validar las acciones de Mitigación.Adicionalmente, se realizó la caracterización de la ciudad en la plantilla de Pathways para la generación del escenario BAU (Business As Usual) de emisiones de GEI. Durante el mes de noviembre se caracterizaron en coordinación interinstitucional las Acciones de Mitigación Existentes y Planeadas en el Distrito en la plantilla PATHWAYS que permitirá establecer Escenario de reducción de emisiones de GEI y se avanzó en la consolidación de las medidas de Mitgación para el PAC de Bogotá. Asimimo, se avanzó en la construcción de indicadores de exposición, sensibilidad y capacidad adaptativa necesarios para el cálculo del índice de riesgo climatico. Se obtuvo la información necesaria para la definición de escenarios de T y P 2011 - 2014. Se evaluó la probabilidad y el impacto delas amenazas climáticas anaizadas en el CRA y se identificaron, de manera articulada con los sectores, acciones de adaptación que permitan reducir el riesgo climatico y aumentar la resisliencia de la ciudad. Adicionalmente se realizaron dos talleres uno el 10 de Noviembre con empresas lideres en materia ambiental y otro el 17 de noviembre conmiembros delConcejo consultivo de gestión de riesgos y Cambio climático. Durante el mes de diciembre se realizó un taller intersectorial para priorización de acciones de Mitigación y Adaptación al Cambio climático y se consolidó la versión inicial del Plan de Acción Climática para Bogotá D.C. . | EF58: Durante periodo se presentó retraso para completar en su totalidad algunas actividades relacionadas con la estimación de emisiones de GEI 2018 y la retroalimentación de las acciones de mitigación y adaptación al cambio climático con los sectores por limitaciones de disponibilidad de información para los cálculos y de los sectores por fin de año. | EG58: Se realizó un cronograma para las actividades que presentan retraso para ser completadas durante los meses de enero y febrero de 2021 y relacionadas con actividades de coordinación interinstitucional para consolidar las acciones de adaptación y mitigación de Bogotá D.C. al cambio climático y su ruta de implementación. | EH58: Los cambios que se presentan en el clima son tanto naturales como resultado de actividades humanas, pero últimamente son estos últimos los que más aceleran el proceso, conscientes de la situación y el escenario que ello genera, el Plan de Desarrollo Distrital determina avanzar en la estructuración de un plan de acción climática para Bogotá D.C., con un horizonte a 2050, que contribuya con lineamientos y acciones concretas de adaptación y mitigación, para hacer frente a los efectos del calentamiento global. Para ello, se tendrá como uno de los referentes principales el Plan Distrital de Gestión del Riesgo de Desastres y del Cambio Climático para Bogotá D.C., 2018-2030 | EI58: Archivo de gestión SEGAE.
F59: PRESUPUESTO VIGENCIA | G59: =+S59+U59+AT59+BS59+CR59 -> 463576000 | H59: 334120000 | I59: =+H59 -> 334120000 | J59: 40000000 | K59: 400424000 | L59: 318184000 | M59: 478424000 | N59: 318184000 | O59: 491805000 | P59: 318184000 | Q59: 463576000 | R59: 318184000 | S59: 463576000 | T59: 424276000 | U59: 0 | AT59: 0 | BS59: 0 | CR59: 0 | DW59: 40000000 | DX59: 318184000 | DY59: 318184000 | DZ59: =+P59 -> 318184000 | EA59: 318184000 | EB59: =+T59 -> 424276000 | EC59: =EB59/S59 -> 0.91522426 | ED59: =EB59/G59 -> 0.91522426 | EI59: Archivo de gestión SEGAE.
F60: MAGNITUD FÍSICA RESERVAS | EB60: =+T60 -> 0 | EC60: =EB60/S60 -> #DIV/0! | ED60: =EB60/G60 -> #DIV/0! | EI60: Archivo de gestión SEGAE.
F61: RESERVA PRESUPUESTAL | EB61: =+T61 -> 0 | EC61: =EB61/S61 -> #DIV/0! | ED61: =EB61/G61 -> #DIV/0! | EI61: Archivo de gestión SEGAE.
F62: TOTAL MAGNITUD FÍSICA | G62: =+G58 -> 1 | H62: =+H58 -> 1 | I62: =+I58 -> 1 | J62: =+J58 -> 0 | K62: 1 | L62: =+L58 -> 0 | M62: 1 | N62: =+N58 -> 0 | O62: 1 | P62: =+P58 -> 0.5 | Q62: 1 | R62: 0.7 | S62: 1 | T62: 0.9 | U62: =+U58 -> 0 | AT62: =+AT58 -> 0 | BS62: =+BS58 -> 0 | CR62: =+CR58 -> 0 | DW62: =+DW58 -> 0 | DX62: =+DX58 -> 0 | DY62: =+DY58 -> 0 | DZ62: 0.5 | EA62: 0.7 | EB62: 0.9 | EC62: =EB62/S62 -> 0.9 | ED62: =EB62/G62 -> 0.9 | EI62: Archivo de gestión SEGAE.
F63: TOTAL PRESUPUESTO DE LA META | G63: =+G59 -> 463576000 | H63: =+H59 -> 334120000 | I63: =+I59 -> 334120000 | J63: =+J59 -> 40000000 | K63: 400424000 | L63: =+L59 -> 318184000 | M63: 400424000 | N63: =+N59 -> 318184000 | O63: =+O59 -> 491805000 | P63: =+P59 -> 318184000 | Q63: =+Q59 -> 463576000 | R63: =+R59 -> 318184000 | S63: =+S59 -> 463576000 | T63: 424276000 | U63: =+U59 -> 0 | AT63: =+AT59 -> 0 | BS63: =+BS59 -> 0 | CR63: =+CR59 -> 0 | DW63: =+DW59 -> 40000000 | DX63: =+DX59 -> 318184000 | DY63: =+DY59 -> 318184000 | DZ63: =+P63 -> 318184000 | EA63: 318184000 | EB63: =+T63 -> 424276000 | EC63: =EB63/S63 -> 0.91522426 | ED63: =EB63/G63 -> 0.91522426 | EI63: Archivo de gestión SEGAE.
B64: 10 | C64: Implementar al 100% de las acciones priorizadas del Plan de Acción Climática para Bogotá D.C. 2020 - 2050. | D64: SUMA | E64: 198 | F64: MAGNITUD FÍSICA | G64: =+H64+U64+AT64+BS64+CR64 -> 100 | H64: 12.5 | I64: 12.5 | J64: 2 | K64: 12.5 | L64: 4.1 | M64: 12.5 | N64: 6.2 | O64: 12.5 | P64: 8.3 | Q64: 12.5 | R64: 10.4 | S64: 12.5 | T64: 12.5 | U64: 15 | AT64: 30 | BS64: 30 | CR64: 12.5 | DW64: 2 | DX64: 4.1 | DY64: 6.2 | DZ64: 8.3 | EA64: 10.4 | EB64: =+T64 -> 12.5 | EC64: =EB64/S64 -> 1 | ED64: =EB64/G64 -> 0.125 | EE64: En 2020 se ejecutaron acciones de adaptación al cambio climático priorizadas. La meta ha avanzado en 12,50: - Gestión del riesgo por incendio forestal: a) Conocimiento: campaña de prevención de incendios forestales "MenosIncendiosMásVida" (1 realizada e inicio de otra); aportes para elaborar el Plan de Contingencia de la 2a temporada de menos lluvias 2020 y la 1ra de 2021; elaboración y actualización de matrices de gran complejidad de incendios 2020; realización de capacitaciones; consecución e inicio de revisión de Planes de Manejo Humedales para verificar existencia de medidas de contingencia por incendio forestal; revisión de Zonas de Interfaz Urbano-Forestal - ZIUF, tipologías y acciones de prevención y mitigación de incendios para socializar en Comisión. b) Reducción: realización de labores de mitigación; realización de acciones de prevención. c) Manejo: proceso de restauración ecológica en 3 ha afectadas por fuego; culminación de valoración económica y ambiental de daños ocasionados por el incendio de Tibanica, Meandro del Say y Bosa; realización de visitas para georreferenciar eventos forestales ocurridos en 2020; georreferenciación de dichos eventos y generación de shapes y salidas gráficas. d) Presidencia de la Comisión Distrital para la Prevención y Mitigación de Incendios Forestales. - Respuesta emergencias: la entidad hizo la activación de 856 emergencias, se dio respuesta. | EF64: N/A | EG64: N/A | EH64: La ciudad cuenta con acciones para adaptarse al cambio climático, a fin de enfrentar de la mejor manera sus efectos y favorecer la resiliencia. | EI64: Informes de convenios y contratos, reportes de emergencias respondidas por la entidad, informes de seguimiento y de evaluación del PACA, actas de reunión y ayudas de memoria, informes de gestión, reportes de seguimiento.
F65: PRESUPUESTO VIGENCIA | G65: =+S65+U65+AT65+BS65+CR65 -> 4009055000 | H65: 381900000 | I65: =+H65 -> 381900000 | J65: 27401143 | K65: 381900000 | L65: 102981143 | M65: 303900000 | N65: 119147442 | O65: 225075000 | P65: 121576922 | Q65: 225075000 | R65: 168075108 | S65: 225075000 | T65: 219942147 | U65: 801561000 | AT65: 1011675000 | BS65: 1456674000 | CR65: 514070000 | DW65: 27401143 | DX65: 102981143 | DY65: 119147442 | DZ65: =+P65 -> 121576922 | EA65: 168075108 | EB65: =+T65 -> 219942147 | EC65: =EB65/S65 -> 0.97719492 | ED65: =EB65/G65 -> 0.054861344
F66: MAGNITUD FÍSICA RESERVAS | EB66: =+T66 -> 0 | EC66: =EB66/S66 -> #DIV/0! | ED66: =EB66/G66 -> #DIV/0!
F67: RESERVA PRESUPUESTAL | EB67: =+T67 -> 0 | EC67: =EB67/S67 -> #DIV/0! | ED67: =EB67/G67 -> #DIV/0!
F68: TOTAL MAGNITUD FÍSICA | G68: =+G64 -> 100 | H68: =+H64 -> 12.5 | I68: =+I64 -> 12.5 | J68: =+J64 -> 2 | K68: 12.5 | L68: =+L64 -> 4.1 | M68: 12.5 | N68: =+N64 -> 6.2 | O68: 12.5 | P68: =+P64 -> 8.3 | Q68: 12.5 | R68: 10.4 | S68: 12.5 | T68: 12.5 | U68: =+U64 -> 15 | AT68: =+AT64 -> 30 | BS68: =+BS64 -> 30 | CR68: =+CR64 -> 12.5 | DW68: =+DW64 -> 2 | DX68: =+DX64 -> 4.1 | DY68: =+DY64 -> 6.2 | DZ68: 8.3 | EA68: 10.4 | EB68: =+T68 -> 12.5 | EC68: =EB68/S68 -> 1 | ED68: =EB68/G68 -> 0.125
F69: TOTAL PRESUPUESTO DE LA META | G69: =+G65 -> 4009055000 | H69: =+H65 -> 381900000 | I69: =+I65 -> 381900000 | J69: =+J65 -> 27401143 | K69: 381900000 | L69: =+L65 -> 102981143 | M69: 381900000 | N69: =+N65 -> 119147442 | O69: =+O65 -> 225075000 | P69: =+P65 -> 121576922 | Q69: =+Q65 -> 225075000 | R69: =+R65 -> 168075108 | S69: =+S65 -> 225075000 | T69: 219942147 | U69: =+U65 -> 801561000 | AT69: =+AT65 -> 1011675000 | BS69: =+BS65 -> 1456674000 | CR69: =+CR65 -> 514070000 | DW69: =+DW65 -> 27401143 | DX69: =+DX65 -> 102981143 | DY69: =+DY65 -> 119147442 | DZ69: =+P69 -> 121576922 | EA69: 167576922 | EB69: =+T69 -> 219942147 | EC69: =EB69/S69 -> 0.97719492 | ED69: =EB69/G69 -> 0.054861344
A70: TOTAL PROYECTO | F70: TOTAL PRESUPUESTO VIGENCIA DEL PROYECTO | G70: =+G11+G17+G23+G29+G35+G41+G47+G53+G59+G65 -> 20580000490 | H70: =+H11+H17+H23+H29+H35+H41+H47+H53+H59+H65 -> 2520913490 | I70: =+I11+I17+I23+I29+I35+I41+I47+I53+I59+I65 -> 2520913490 | J70: =+J11+J17+J23+J29+J35+J41+J47+J53+J59+J65 -> 536091143 | K70: =+K11+K17+K23+K29+K35+K41+K47+K53+K59+K65 -> 2520913490 | L70: =+L11+L17+L23+L29+L35+L41+L47+L53+L59+L65 -> 1709433143 | M70: =+M11+M17+M23+M29+M35+M41+M47+M53+M59+M65 -> 2520913490 | N70: =+N11+N17+N23+N29+N35+N41+N47+N53+N59+N65 -> 1752848442 | ... EB70: =+EB11+EB17+EB23+EB29+EB35+EB41+EB47+EB53+EB59+EB65 -> 2444467440
F71: TOTAL RESERVA PRESUPUESTAL DEL PROYECTO
F72: TOTAL PROYECTO VIGENCIA + RESERVAS | G72: =+G70+G71 -> 20580000490 | H72: =+H70+H71 -> 2520913490 | I72: =+I70+I71 -> 2520913490 | J72: =+J70+J71 -> 536091143 | K72: =+K70+K71 -> 2520913490 | L72: =+L70+L71 -> 1709433143 | M72: =+M70+M71 -> 2520913490 | N72: =+N70+N71 -> 1752848442 | ... EB72: =+EB70+EB71 -> 2444467440
F74: CONTROL DE CAMBIOS
F75: Versión | G75: Descripción de la Modificación | N75: No. Acto Administrativo y fecha
F76: 11 | G76: Se modifica el código, se incluye encabezado y control de cambios | N76: Radicado 2019IE63564 de marzo 19 de 2019
F77: 12 | G77: Se modifica la periodicidad de reporte y la estructura del documento se ajustó de acuerdo al plan de desarrollo vigente | N77: Radicado 2020IE152434 de septiembre 08 de 2020

Sheet ACTIVIDADES
D1: DIRECCIONAMIENTO ESTRATÉGICO
D2: Formato: Programación, actualización y seguimiento del plan de acción Actualización y seguimiento a Actividades
D3: Codigo:PE01-PR02-F2 | V3: Versión: 12
A4: DEPENDENCIA: | D4: SUBDIRECCION DE ECOURBANISMO Y GESTIÓN AMBIENTAL EMPRESARIAL
A5: CÓDIGO Y NOMBRE PROYECTO: | D5: 7794 - Fortalecimiento de la gestión ambiental sectorial, el ecourbanismo y cambio climático en el D.C. Bogotá.
A7: 1, LÍNEA DE ACCIÓN | B7: 2, META DE PROYECTO | C7: 3, CÓDIGO Y NOMBRE DE LA ACTIVIDAD | D7: 4, SE EJECUTA CON RECURSOS DE: | F7: 5, PONDERACIÓN HORIZONTAL AÑO: 2020 | T7: 6,PONDERACIÓN VERTICAL | V7: 7, AVANCE CORTE A DICIEMBRE AÑO 2020
D8: 4,1 VIGENCIA | E8: 4,2 RESERVA | F8: VARIABLES | G8: Ene | H8: Feb | I8: Mar | J8: Abr | K8: May | L8: Jun | M8: Jul | N8: Ago. | O8: Sep. | P8: Oct | Q8: Nov | R8: Dic | S8: Total | T8: 6,1 META | U8: 6,2 ACTIVIDAD
A9: Ecourbanismo y construcción sostenible | B9: Realizar a 600 proyectos de infraestructura, la gestión para la aplicación de determinantes ambientales. | C9: 1. Realizar el acompañamiento para la incorporación de criterios y determinantes ambientales en proyectos de infraestructura. | D9: X | F9: Programado | M9: 0.16 | N9: 0.17 | O9: 0.17 | P9: 0.17 | Q9: 0.17 | R9: 0.16 | S9: =SUM(G9:R9) -> 1 | T9: 0.1 | U9: 0.1 | V9: El acumulado ejecutado en la vigencia 2020, corresponde a 66 proyectos, los cuales se han avanzado en la vigencia 2020 y corresponden a proyectos urbanos y arquitectónicos de diferentes escalas, tanto en espacio público como en privado, promoviendo la construcción sostenible y el ecourbanismo en la ciudad. Los proyectos a los cuales se les incorporó criterios de sostenibilidad corresponden a: Tres (03) Plan Parcial de Desarrollo, dos (02) Plan Parcial de Renovación Urbana, tres (03) Proyectos de Legalización y Regularización de Barrios, seis (06) Planes de Implantación, un (01) Plan de Regularización y Manejo, cuatro (04) Planes Directores para parques, dos (02) Planes de Manejo de Humedales, treinta y cuatro (34) Diseños paisajísticos de parques y zonas verdes, cuatro (04) proyectos de compatibilidad de uso de vivienda en suelo restringido, un (01) Patio zonal para el Sistema Integrado de Transporte Publico - SITP y seis (06) proyectos de infraestructura especial como colegios, tramos viales en intervenciones en Zonas de Manejo y Preservación Ambiental.
F10: Ejecutado | M10: 0.16 | N10: 0.17 | O10: 0.17 | P10: 0.17 | Q10: 0.17 | R10: 0.16 | S10: =SUM(G10:R10) -> 1
B11: Realizar a 400 proyectos de infraestructura en etapa de operación, el seguimiento a la incorporación de determinantes ambientales. | C11: 2. Verificar en proyectos de infraestructura la incorporación de criterios y determinantes ambientales en proyectos de infraestructura. | D11: X | F11: Programado | M11: 0 | N11: 0 | O11: 0.1 | P11: 0.2 | Q11: 0.3 | R11: 0.4 | S11: =SUM(G11:R11) -> 1 | T11: 0.1 | U11: 0.1 | V11: El acumulado ejecutado en la vigencia 2020, corresponde a 20 proyectos verificados en la incorporación de sus determinantes ambientales, correspondiente a trece (13) Planes Directores de Parques de la Ciudad y siete (07) Diseños paisajísticos de parques y zonas verdes. Durante el mes de diciembre de 2020, se verifico la incorporación de determinantes ambientales a ocho (08) proyectos de infraestructura en el espacio público como son: (01) Plan Director para Parques, correspondiente al Parque Zonal Morato y siete (07) Diseños paisajísticos de parques y zonas verdes. Estos proyectos verificados se encuentran localizados en las siguientes localidades: uno (01) Usaquén, uno (01) Suba, uno (01) Fontibón, uno (01) Barrios Unidos, tres (03) Kennedy y uno (01) Antonio Nariño.
F12: Ejecutado | M12: 0 | N12: 0 | O12: 0.1 | P12: 0.2 | Q12: 0.3 | R12: 0.4 | S12: =SUM(G12:R12) -> 1
B13: Realizar a 20000 m2 de techos verdes y jardines verticales, el acompañamiento técnico | C13: 3. Realizar el acompañamiento técnico a techos verdes y jardines verticales en la Ciudad. | D13: X | F13: Programado | M13: 0 | N13: 0.3 | O13: 0.175 | P13: 0.175 | Q13: 0.175 | R13: 0.175 | S13: =SUM(G13:R13) -> 1 | T13: 0.1 | U13: 0.1 | V13: El acumulado ejecutado en el segundo semestre del 2020 corresponde al 2500 m2 de techos verdes y jardines verticales con acompañamiento técnico y promovidos en las siguientes localidades: San Cristóbal (5 m2), Barrios Unidos (15 m2), Engativá (17 m2), Puente Aranda (390 m2), Teusaquillo (93 m2), Santa Fe (26 m2), Chapinero (1421 m2), Usaquén (405 m2), Suba (30 m2) y Candelaria (98 m2).
F14: Ejecutado | M14: 0 | N14: 0.3 | O14: 0.175 | P14: 0.175 | Q14: 17.50% | R14: 17.50% | S14: =SUM(G14:R14) -> 0.65
A15: Gestión Ambiental Empresarial | B15: Diseñar y hacer seguimiento a 1 estrategia de crecimiento verde con enfoque de sostenibilidad, economía circular e innovación | C15: 4. Prediseñar la estrategia de crecimiento verde para la ciudad. | D15: X | F15: Programado | M15: 0 | N15: 0.1 | O15: 0.2 | P15: 0.3 | Q15: 0.3 | R15: 0.1 | S15: =SUM(G15:R15) -> 1 | T15: 0.1 | U15: 0.1 | V15: Se avanzó en el desarrollo del numeral 3 titulado “Estrategia Distrital de Crecimiento Verde” de la tabla de contenido en versión inicial, para lograrlo, se consultó información secundaria variada como cifras consultadas en diferentes observatorios, DANE, fuentes internas de la Secretaria Distrital de Ambiente, web de varias entidades, entre otras. Con esta consolidación se realizó análisis, observaciones, selección y consolidación de en los subtemas con los títulos que lo componen. Por otra parte, se continuo con la articulación externa de la SDA específicamente con la Secretaría Distrital de Desarrollo Económico, con el trabajo de concertar, articular y modelar estrategias conjuntas de fortalecimiento y creación de líneas verdes para el financiamiento de proyectos en el año 2021 y programas de acompañamiento empresarial para la reactivación económica a través de estrategias sostenibles como la de economía circular en donde el componente ambiental se soporte en la eficiencia de procesos producción de bienes o servicios y de armonización y conservación de los recursos naturales y materiales. Así mismo, producto de las sinergias desarrolladas se desarrolló el webinar Mecanismos de financiamiento hacia la transición para un crecimiento verde, cuyos panelistas invitados fueron la doctora Carolina Ávila Morales, Gerente del Fondo de Innovación Tecnología e Industrias Creativas – FITIC de la Secretaría Distrital de Desarrollo Económico, de la embajada Británica, el doctor Santiago Briceño, Director de Financiamiento Climático Internacional para los programas de crecimiento limpio del Reino Unido en Colombia y de la Secretaría Distrital de Ambiente el ingeniero Diego Francisco Rubio Goyes. Con este evento se generó el interés en el sector empresarial de participar en los diferentes mecanismos de acompañamiento y financiamiento empresarial que ofrece el gobierno.
F16: Ejecutado | M16: 0 | N16: 0.1 | O16: 0.2 | P16: 0.3 | Q16: 0.3 | R16: 0.1 | S16: =SUM(G16:R16) -> 1
B17: Asistir a 800 proyectos participantes de programas voluntarios ofrecidos por la SEGAE, para el mejoramiento del desempeño ambiental. | C17: 5. Desarrollar proyectos de asistencia técnica para el mejoramiento del desempeño ambiental en empresas participantes de programas voluntarios ofrecidos por la SEGAE. | D17: X | F17: Programado | M17: 0 | N17: 0.1 | O17: 0.2 | P17: 0.3 | Q17: 0.3 | R17: 0.1 | S17: =SUM(G17:R17) -> 1 | T17: 0.1 | U17: 0.05 | V17: En el marco del programa Gestión Ambiental Empresarial integrado por la Estrategia ACERCAR y PREAD, se vienen acompañando a las empresas que voluntariamente se han vinculado. En la Estrategia ACERCAR para la presente vigencia 2020 se inició con la convocatoria, inscripción voluntaria de empresas, respuesta, acompañamiento - asistencia técnica y seguimiento a través de visitas virtuales o de campo en donde se realizó la validación al cumplimiento en trámites y obligaciones ambientales, avance en el montaje o fortalecimiento del sistema de Gestión Ambiental, el reporte de datos para la evaluación del desempeño en uso eficiente de los recursos naturales y materiales y en el diseño, implementación y conclusiones de proyectos ambientales como aporte al mejoramiento al desempeño ambiental. Para el mes de diciembre se validaron las observaciones generadas a los pre informes, se continuo con la verificación de requisitos habilitantes como son cumplimiento en tramites ambientales y reporte de indicadores ambientales en el aplicativo web file de la SDA De acuerdo a lo programado, resultado del acompañamiento empresarial generado por el PREAD y la Estrategia ACERCAR, se reporta un avance consolidado de 50 proyectos dirigidos al mejoramiento ambiental (27 proyectos desarrollados por las empresas participantes en la estrategia ACERCAR y 23 por las empresas postuladas y auditadas en el PREAD).
F18: Ejecutado | M18: 0 | N18: 0.1 | O18: 0.2 | P18: 0.3 | Q18: 0.3 | R18: 0.1 | S18: =SUM(G18:R18) -> 1
C19: 6.Desarrollar las actividades programadas en cada convocatoria del Programa de Excelencia Ambiental Distrital - PREAD. | D19: X | F19: Programado | M19: 0 | N19: 0.1 | O19: 0.2 | P19: 0.3 | Q19: 0.3 | R19: 0.1 | S19: =SUM(G19:R19) -> 1 | U19: 0.05 | V19: El Programa de Excelencia Ambiental Distrital (PREAD) desarrolla la XX convocatoria del año 2020, compone su operación a través de varias etapas: postulación, verificación, notificación, planeación, ejecución, revisión, validación y final con la entrega de informes y reconocimiento. En el mes de diciembre se realizó la XX ceremonia de reconocimiento virtual, en la que se reconocieron a 206 empresas por su gestión y desempeño ambiental. De acuerdo a lo programado, resultado del acompañamiento empresarial generado por el PREAD y la Estrategia ACERCAR, se reporta un avance consolidado de 50 proyectos dirigidos al mejoramiento ambiental (27 proyectos desarrollados por las empresas participantes en la estrategia ACERCAR y 23 por las empresas postuladas y auditadas en el PREAD).
F20: Ejecutado | M20: 0 | N20: 0.1 | O20: 0.2 | P20: 0.3 | Q20: 0.3 | R20: 0.1 | S20: =SUM(G20:R20) -> 1
B21: Acompañar y promover a 100 empresas en el proceso de verificación de los criterios de Negocios verdes. | C21: 7. Diseño de estrategias para los negocios verdes. | D21: X | F21: Programado | M21: 0.05 | N21: 0.1 | O21: 0.2 | P21: 0.25 | Q21: 0.25 | R21: 0.15 | S21: =SUM(G21:R21) -> 1 | T21: 0.1 | U21: 0.0333 | V21: Se llevó a cabo la campaña de anchetas verdes con los productos de los negocios, para ello se gestionó el desarrollo de diferentes campañas en los medios de comunicación de la Secretaría Distrital de Ambiente.
F22: Ejecutado | M22: 0.05 | N22: 0.1 | O22: 0.2 | P22: 0.25 | Q22: 0.25 | R22: 0.15 | S22: =SUM(G22:R22) -> 1
C23: 8. Realizar el acompañamiento en el proceso de fortalecimiento de negocios verdes | D23: X | F23: Programado | M23: 0.05 | N23: 0.15 | O23: 0.2 | P23: 0.2 | Q23: 0.2 | R23: 0.2 | S23: =SUM(G23:R23) -> 1 | U23: 0.0333 | V23: Se realizó un proceso de acompañamiento, consistente en la charla introductoria de la convocatoria Impulsa para la generación de una solución innovadora que fortalezca el proceso empresarial de los NV participantes en ésta.
F24: Ejecutado | M24: 0.05 | N24: 0.15 | O24: 0.2 | P24: 0.2 | Q24: 0.2 | R24: 0.2 | S24: =SUM(G24:R24) -> 1
C25: 9. Verificación y seguimiento a los criterios de negocios verdes. | D25: X | F25: Programado | M25: 0.05 | N25: 0.15 | O25: 0.2 | P25: 0.2 | Q25: 0.2 | R25: 0.2 | S25: =SUM(G25:R25) -> 1 | U25: 0.0333 | V25: Se realizaron 6 seguimientos a los negocios verdes verificados, con el fin, de brindarles oportunidades de mejora en los diferentes criterios que componen el puntaje de negocio verde.
F26: Ejecutado | M26: 0.05 | N26: 0.15 | O26: 0.2 | P26: 0.2 | Q26: 0.2 | R26: 0.2 | S26: =SUM(G26:R26) -> 1
B27: Desarrollar 6 proyectos pilotos de economía circular en sectores productivos priorizados | C27: 10. Diseño de los proyectos de economía circular. | D27: X | F27: Programado | M27: 0.05 | N27: 0.15 | O27: 0.2 | P27: 0.2 | Q27: 0.2 | R27: 0.2 | S27: =SUM(G27:R27) -> 1 | T27: 0.1 | U27: 0.0333 | V27: Se genera el documento de formulación del proyecto de laboratorio de economía circular para las empresas.
F28: Ejecutado | M28: 0.05 | N28: 0.15 | O28: 0.2 | P28: 0.2 | Q28: 0.2 | R28: 0.2 | S28: =SUM(G28:R28) -> 1
C29: 11. Realizar el acompañamiento de los procesos de promoción de los proyectos. | D29: X | F29: Programado | M29: 0.05 | N29: 0.15 | O29: 0.2 | P29: 0.2 | Q29: 0.2 | R29: 0.2 | S29: =SUM(G29:R29) -> 1 | U29: 0.0333 | V29: Como parte del proceso de acompañamiento, se realizó el reconocimiento a las empresas que se destacaron por sus avances en los proyectos de economía circular y sostenibilidad energética en la ceremonia virtual del PREAD el 01 de diciembre de 2020.
F30: Ejecutado | M30: 0.05 | N30: 0.15 | O30: 0.2 | P30: 0.2 | Q30: 0.2 | R30: 0.2 | S30: =SUM(G30:R30) -> 1
C31: 12. Presentación de informes de avance en los proyectos | D31: X | F31: Programado | M31: 0.05 | N31: 0.15 | O31: 0.2 | P31: 0.2 | Q31: 0.2 | R31: 0.2 | S31: =SUM(G31:R31) -> 1 | U31: 0.0334 | V31: Se desarrollaron los informes de avance individuales para las empresas participantes en los proyectos de economía circular y sostenibilidad energética.
F32: Ejecutado | M32: 0.05 | N32: 0.15 | O32: 0.2 | P32: 0.2 | Q32: 0.2 | R32: 0.2 | S32: =SUM(G32:R32) -> 1
B33: Desarrollar 9 proyectos de producción más limpia en los sectores priorizados | C33: 13. Formulación e implementación de un plan anual para la implementación de producción más limpia en los sectores de curtiembres y metalurgia (galvanoplastia), que incluya programación de capacitaciones. | D33: X | F33: Programado | M33: 0 | N33: 0 | O33: 0 | P33: 0.3 | Q33: 0.3 | R33: 0.4 | S33: =SUM(G33:R33) -> 1 | T33: 0.1 | U33: 0.05 | V33: Se avanzó en la formulación del proyecto dirigido al sector de las curtiembres. Se definieron objetivo general, específicos. Adicionalmente, se avanzó en el diagnóstico ambiental sectorial. Todo esto sumado a la operación de la mesa de curtiembres y las demás reuniones de gestión requeridas. Así mismo, se apoyo el proceso de votación en presupuestos participativos para el desarrollo del Centro de Innovación Ambiental y de calidad CINAC", de los cuales se esperará los resultados del proceso de votación.
F34: Ejecutado | M34: 0 | N34: 0 | P34: 0.3 | Q34: 0.3 | R34: 0.4 | S34: =SUM(G34:R34) -> 1
C35: 14. Formulación e implementación del plan anual de apoyo técnico y buenas prácticas a explotaciones mineras. | D35: X | F35: Programado | M35: 0 | N35: 0 | O35: 0 | P35: 0.3 | Q35: 0.3 | R35: 0.4 | S35: =SUM(G35:R35) -> 1 | U35: 0.05 | V35: Para el sector de minería se avanzó en la consolidación del diagnóstico sectorial, con el estado de la minería en la ciudad. El cual fue elaborado, y está en proceso de ajustes y retroalimentación por parte del experto en geología. Adicionalmente, se avanzó en la actualización del inventario minero de la ciudad insumo de la base cartográfica de caracterización en el distrito realizada
F36: Ejecutado | M36: 0 | N36: 0 | P36: 0.3 | Q36: 0.3 | R36: 0.4 | S36: =SUM(G36:R36) -> 1
A37: Plan de Acción Climática para Bogotá D.C. 2020 - 2050. | B37: Articular y consolidar 1 Plan de Acción Climática para Bogotá D.C. 2020 - 2050. | C37: 15. Hacer un taller intersectorial de arranque con las diferentes entidades distrital para la revisión de medidas de mitigación y adaptación - Producto: Taller + Reporte del taller. | D37: X | F37: Programado | M37: 1 | S37: =SUM(G37:R37) -> 1 | T37: 0.1 | U37: 0.0091 | V37: Se hizo el taller "Retos y prioridades en mitigación y adaptación al cambio climático" el 22 de julio de 2020 al que asistieron 92 personas a través de la plataforma Zoom.
F38: Ejecutado | M38: 1 | S38: =SUM(G38:R38) -> 1
C39: 16. Revisión y retroalimentación de la información actual y futura de riesgo climático y la evidencia de las acciones de adaptación, con el objetivo del cumplimiento del Framework de C40. | D39: X | F39: Programado | N39: 0.1 | O39: 0.6 | P39: 0.15 | Q39: 0.15 | S39: =SUM(G39:R39) -> 1 | U39: 0.0091 | V39: Se apoyó la búsqueda y revisión de información sobre las amenazas climáticas analizadas dentro de la evaluación de riesgo climático. Se llevaron a cabo sesiones con expertos para evaluar la probabilidad y el impacto de las amenazas climáticas que se presentan en el Distrito. Se apoyó la construcción metodológica de los escenarios de temperatura y precipitación a 2040 (RCP 8,5) como parte de la evaluación de tendencias futuras de las amenazas climáticas. Se desarrollaron múltiples sesiones de trabajo con el IDIGER para la discusión de los indicadores que alimentan el cálculo del riesgo climático.
F40: Ejecutado | N40: 0.1 | O40: 0.6 | P40: 0.15 | Q40: 0.15 | S40: =SUM(G40:R40) -> 1
C41: 17. Construcción de acciones transformadoras de adaptación, ante los impactos del cambio climático de acuerdo con los objetivos del Acuerdo de Paris y de adaptación de la ciudad. | D41: X | F41: Programado | O41: 0.3 | P41: 0.4 | Q41: 0.2 | R41: 0.1 | S41: =SUM(G41:R41) -> 1 | U41: 0.0091 | V41: Se identificaron medidas de adaptación y se dispusieron en fichas (título de la acción, descripción, subacciones, beneficios, amenazas climáticas que se reducen con su implementación y cobeneficios y factibilidad). Se desarrollaron sesiones de trabajo con expertos del IDIGER, la SDS, la SDP, la SDH y la EAAB para la calificación de la cobertura y efectividad de las acciones propuestas. Se llevaron a cabo talleres con las CAL, en los que se discutió la importancia de las acciones de adaptación identificadas para el contexto territorial y las necesidades comunitarias. Se desarrolló un taller sectorial para la selección de criterios de con-beneficios y factibilidad necesarios para la evaluación de las acciones de adaptación y mitigación seleccionadas. Se desarrolló un taller sectorial para la calificación de las acciones teniendo en cuenta los criterios de cobeneficios y factibilidad. Se aplicó la herramienta ASAP (Priorización de Acciones) para las 41 acciones identificadas, con lo cual se sistematizaron cobeneficios, factibilidad, amenazas climáticas que se reducen, etc. Se documentó la metodología utilizada para la identificación de acciones, la cual se incluyó en el documento del Plan de Acción Climática presentado a C40. Socialización de las acciones a la Mesa de trabajo para la Mitigación y Adaptación al Cambio Climático de la Comisión Intersectorial de Gestión de Riesgos y Cambio Climático. Plan de trabajo 2021 para la concertación de las acciones con los sectores.
F42: Ejecutado | O42: 0.3 | P42: 0.4 | Q42: 0.2 | R42: 0.1 | S42: =SUM(G42:R42) -> 1
C43: 18.Actualización de datos del INGEI para los 4 sectores a 2018, de acuerdo con Plan de trabajo definido por la DCA. | D43: X | F43: Programado | O43: 0.25 | P43: 0.25 | Q43: 0.25 | R43: 0.25 | S43: =SUM(G43:R43) -> 1 | U43: 0.0091 | V43: Se realizó revisión de la metodología del protocolo GPC y herramienta CIRIS (todos los sectores) y el diligenciamiento de la información en CIRIS para el año 2017 de los sectores energía estacionaria, transporte, residuos (información requerida para ingresar al modelo Pathways). Se realizó la entrega del INGEI 2017 para Pathways en CIRIS. Se realizaron sesiones de trabajo de todo el equipo técnico para identificar necesidades de actualización y mejoras metodológicas del INGEI (todos los sectores). Durante el mes de octubre se realizó sesiones de trabajo para consolidación de información disponible para las estimaciones de emisiones de GEI 2018 en todos los sectores y las necesidades para mejoras metodológicas. Durante el mes de noviembre se realizaron sesiones de trabajo para revisión metodológica y consolidación de datos de actividad (disponibilidad y calidad ) para el cálculo de emisiones y absorciones de GEI año 2018.Durante el mes de diciembre se realizaron las estimaciones de emisiones de GEi para el año 2018 de los módulos de Energía, RESIDUOS y AFOLU. Se solicita reprogramar el 10 % restante para consolidar estimaciones de emisiones de GEI año 2018 durante el mes de enero de 2021.
F44: Ejecutado | O44: 0.25 | P44: 0.25 | Q44: 0.25 | R44: 0.15 | S44: =SUM(G44:R44) -> 0.9
C45: 19. Formulación de Plan de Gestión del INGEI | D45: X | F45: Programado | Q45: 0 | R45: 1 | S45: =SUM(G45:R45) -> 1 | U45: 0.0091 | V45: Se solicita reprogramar para ejecutar la actividad durante los meses de enero y febrero de 2021
F46: Ejecutado | Q46: 0 | R46: 0 | S46: =SUM(G46:R46) -> 0
C47: 20. Modelación de escenarios de mitigación | D47: X | F47: Programado | O47: 0.3 | P47: 0.4 | Q47: 0.3 | S47: =SUM(G47:R47) -> 1 | U47: 0.0091 | V47: Se realizó la gestión de información para la caracterización de Bogotá y el diligenciamiento de la herramienta “Pathways”. Durante el mes de octubre se realizó la caracterización de la ciudad en la plantilla de Pathways para la generación del escenario BAU (Business As Usual) de emisiones de GEI. Durante el mes de noviembre se consolidó las acciones de mitigación existentes y planeadas en la plantilla "Pathways" para la generación del correspondiente escenario de mitigación de GEI.
F48: Ejecutado | O48: 0.3 | P48: 0.4 | Q48: 0.3 | S48: =SUM(G48:R48) -> 1
C49: 21. Consolidación de banco de proyecto de mitigación y adaptación con información de emisiones de GEI | D49: X | F49: Programado | O49: 0.25 | P49: 0.25 | Q49: 0.1 | R49: 0.4 | S49: =SUM(G49:R49) -> 1 | U49: 0.0091 | V49: Se realizó búsqueda y consolidación de los proyectos de mitigación planificados o en implementación por parte de las diferentes entidades en la ciudad. Fase de documentación. Durante el mes de octubre se realizaron sesiones de trabajo de coordinación interinstitucional con los diferentes sectores que tienen a su cargo proyectos potenciales de reducción de emisiones de GEI con el fin de identificar y validar las acciones de Mitigación. Se realizaron sesiones de trabajo de coordinación interinstitucional y se consolido durante el mes de noviembre una listado de acciones y proyectos orientados a la Mitigación de Cambio climático. Durante el mes de diciembre se consolidaron y priorización acciones de mitigación del cambio climático en el marco del Plan de Acción Climática para Bogotá D.C.. Se solicita reprogramar el 20 % restante para ejecutar en lo meses de enero y febrero de 2021.
F50: Ejecutado | O50: 0.25 | P50: 0.25 | Q50: 0.1 | R50: 0.2 | S50: =SUM(G50:R50) -> 0.8
C51: 22. Desarrollo de Taller intersectorial de definición de criterios para la priorización de acciones de mitigación y adaptación . Producto: reporte del taller con resultados. | D51: X | F51: Programado | Q51: 1 | S51: =SUM(G51:R51) -> 1 | U51: 0.0091 | V51: Se realizó el taller intersectorial para la selección de criterios de priorización ponderación de acciones climáticas definición el 5 de noviembre.
F52: Ejecutado | Q52: 1 | S52: =SUM(G52:R52) -> 1
C53: 23. Desarrollo de un taller con la ciudad de capacitación para la priorización de acciones de acuerdo con la información recolectada y disponible. | D53: X | F53: Programado | R53: 1 | S53: =SUM(G53:R53) -> 1 | U53: 0.0091 | V53: Se desarrolló un taller el 7 de diciembre para la priorización de acciones de mitigación del cambio climático, de acuerdo con la información recolectada y disponible para el Plan de Acción Climácica de Bogotá D.C.
F54: Ejecutado | R54: 1 | S54: =SUM(G54:R54) -> 1
C55: 24. Documento con acciones priorizadas a implementar en 2020-2024 | D55: X | F55: Programado | R55: 1 | S55: =SUM(G55:R55) -> 1 | U55: 0.0091 | V55: Se solicita reprogramar para ejecutar en los meses de Enero y Febrero de 2021
F56: Ejecutado | R56: 0 | S56: =SUM(G56:R56) -> 0
C57: 25. Hoja de Ruta del Plan de Acción Climática con acciones priorizadas a 2024 + hitos 2030 y 2050. | D57: X | F57: Programado | P57: 0.3 | Q57: 0.3 | R57: 0.4 | S57: =SUM(G57:R57) -> 1 | U57: 0.0091 | V57: Durante el periodo se realizó la gestión interinstitucional para definir acciones y criterios de priorización para las acciones de adaptación y mitigación al Cambio climático con los diferentes sectores distritales. Se avanzó en el establecimiento de medidas de Mitigación y Adaptación al Cambio Climático en el marco de formulación de Plan de Acción Climática 2020 - 2024; los cuales sirvieron de insumos para realizar los ejercicios de definición de escenarios. Se realizó un proceso de priorización de las acciones de mitigación. Se solicita reprogramar el 20% restante para ejecutar durante los meses de enero y febrero de 2021.
F58: Ejecutado | P58: 0.3 | Q58: 0.3 | R58: 0.2 | S58: =SUM(G58:R58) -> 0.8
B59: Implementar al 100% de las acciones priorizadas del Plan de Acción Climática para Bogotá D.C. 2020 - 2050. | C59: 26. Formulación de propuestas a convocatorias de cooperación internacional para el financiamiento de medidas priorizadas a 2024 . | D59: X | F59: Programado | M59: 0.2 | N59: 0.3 | O59: 0.3 | Q59: 0 | R59: 0.2 | S59: =SUM(G59:R59) -> 1 | T59: 0.1 | U59: 0.02 | V59: Durante el periodo se enviaron los formularios por parte del BID, los cuales han sido estudiados con el equipo de la Subdirección de Proyectos y Cooperación Internacional (SPCI), adicionalmente, se conformó una mesa de trabajo con la Gobernación de Cundinamarca, La Subdirección de Ecosistemas y Ruralidad (SER), la Dirección de Gestión Ambiental (DGA) y el GGGI.
F60: Ejecutado | M60: 0.2 | N60: 0.3 | O60: 0.3 | Q60: 0 | R60: 0 | S60: =SUM(G60:R60) -> 0.8
C61: 27. Ejecutar acciones de gestión del riesgo por incendio forestal. | D61: X | F61: Programado | M61: 0.16 | N61: 0.17 | O61: 0.16 | P61: 0.16 | Q61: 0.16 | R61: 0.19 | S61: =SUM(G61:R61) -> 1 | U61: 0.02 | V61: Conocimiento: Campaña de prevención (1 realizada y 1 iniciada) Aportes Plan Contingencia II temp. menos lluvias_20 y I_21 Elaboración y actual. de matrices de gran complejidad de incendios 2 capacitaciones a la Escuela Local de San Cristóbal y Usaquén Revisión de Planes de Manejo de Humedales para verificar la existencia de medidas de contingencia por incendio forestal Revisión identificación Zonas de Interfaz Urbano-Forestal, tipologías y acciones de prevención y mitigación para socializar en Comisión Reducción: Labores mitigación: Control inicial retamo: vía Pasquilla-Mochuelo 0,49 ha, vía Choachí 0,63 ha y vía La Calera 0,14 ha. Mantenimiento de áreas en control de retamo: Parque Nal 20 ha, La Arboleda 8,71 ha y secc. viales 1,33 ha T. Bolivariana, 0,45 ha vía Pasquilla-Mochuelo, 0,63 vía Choachí, 0,13 ha Av. Circunvalar y 0,14 ha vía La Calera. Manejo adaptativo: 853 árboles plantados para recuperación invasión retamo (Col. Monseñor). Coord. despeje camino Cerro El Cable. Disp. final 2274 m3 residuos vegetales Acciones prevención: Capacitación en incendios dirigida a servidores públicos Manejo: Restauración ecológica 3 ha afectadas por fuego en La Cascada (S. Cristóbal); incluyó plantación de 2163 árboles Georreferenciación incendios y conatos 2020, generación de shapes y salidas gráficas Culminación valoración económica y ambiental de daños ocasionados por incendios de gran complejidad: Humedal Tibanica (feb), Humedal Meandro (mar) y Sector Isla Vuelta (ene) Presidencia Comisión Incendios Forestales: Presidencia sesiones de jul a dic_20 Revisión y aprobación informe gestión I sem, IV trimes y anual Elaboración reporte seguim/ Plan Acción: abr-may_20 y 19 de jun a 30 de sept. Gestión para generar logo para la CDPMIF Elaboración matriz resultado visitas de georreferenciación Participación Mesa Trabajo términos "incendios forestales e incendios cobertura vegetal" y envío resultado a MinAmbiente Cargue en el SNIF de 6 incendios ocurridos en 2020 en zona urbana
F62: Ejecutado | M62: 0.16 | N62: 0.17 | O62: 0.17 | P62: 0.16 | Q62: 0.16 | R62: 0.18 | S62: =SUM(G62:R62) -> 1
C63: 28. Respuesta a las emergencias de los servicios básicos en los que la SDA actúa como responsable ejecutor. | D63: X | F63: Programado | M63: 0.16 | N63: 0.17 | O63: 0.17 | P63: 0.17 | Q63: 0.17 | R63: 0.16 | S63: =SUM(G63:R63) -> 1 | U63: 0.02 | V63: La entidad realizó la activación de 856 emergencias, a las cuales se dio respuesta y correspondieron con los siguientes servicios básicos: - Manejo de materiales y/o residuos peligrosos: 4 emergencias por Residuos Peligrosos (RESPEL) y 2 emergencias por Materiales peligrosos( MATPEL). - Manejo de escombros y obras de emergencia: 250 emergencias por árboles caídos y 597 emergencias por árboles en riesgo de caída. -Saneamiento básico : 3 emergencias por vertimientos. La información de respuesta a emergencias se maneja en dos módulos de la plataforma Forest, del Sistema de Información Ambiental - SIA de la entidad.
F64: Ejecutado | M64: 0.16 | N64: 0.17 | O64: 0.17 | P64: 0.17 | Q64: 0.17 | R64: 0.16 | S64: =SUM(G64:R64) -> 1
C65: 29. Adelantar la implementación de los instrumentos de planeación de gestión ambiental PIGA-PACA. | D65: X | F65: Programado | M65: 0.1 | N65: 0.2 | O65: 0.2 | P65: 0.2 | Q65: 0.2 | R65: 0.1 | S65: =SUM(G65:R65) -> 1 | U65: 0.02 | V65: Implementación de instrumentos de planeación ambiental-PIGA: Ciclo de Formación en: EcoConducción y compras sostenible, Gestión Integral de Residuos, programas pos-consumo, AVU y llantas, riesgos ambientales, entre otros (650) asistentes; Apoyo a la Dirección de Gestión Corporativa en implementación del PIGA. Respuesta a (49) requerimientos de diferentes entidades distritales y nacionales sobre: Eco conducción, Gestión Integral de residuos, Compras sostenibles, Storm, entre otros. Observaciones y propuestas al proyecto y DTS Decreto de “plásticos de un solo uso”; Premiación ganadores "Al Trabajo en Bici"; Premiación concurso “Buenas Prácticas Ambientales" del PIGA; reconocimiento a 14 entidades que obtuvieron calificación de alto desempeño ambiental vigencia 2019. PACA: informe Seguimiento PACA BMPT vigencia 2020, Evaluación PACA BMPT; Cuenta Anual PACA vigencia 2019 Contraloría de Bogotá; formulación PACA 2020-2024, actualización procedimiento PACA y actualización módulo PACA Forest.
F66: Ejecutado | M66: 0.1 | N66: 0.2 | O66: 0.2 | P66: 0.2 | Q66: 0.2 | R66: 0.1 | S66: =SUM(G66:R66) -> 1
C67: 30. Seguimiento a las acciones establecidas en los instrumentos de planeación existentes y orientados a recuperar y manejar ambientalmente los “Suelos de Protección por Riesgo no Mitigable”. | D67: X | F67: Programado | M67: 0.1 | N67: 0.2 | O67: 0.2 | P67: 0.2 | Q67: 0.15 | R67: 0.15 | S67: =SUM(G67:R67) -> 1 | U67: 0.02 | V67: Se realizó el proceso de articulación y planificación de acciones entre instituciones del Distrito y la comunidad de Altos de la Estancia, con el objetivo de formular y acordar un Pacto para mejorar las condiciones del sector; para ello, se continuó adelantando de forma conjunta el levantamiento de información por medio de entrevistas y cartografía social, realizados en los 32 barrios vinculados al polígono Altos de La Estancia, de manera presencial. Así mismo, se ha participado en reuniones entre instituciones para proceder con acciones que brinden soluciones al tensionante de pastoreo de ganado caprino y bovino que afecta las acciones de restauración que se adelanten en el polígono. Continúa el seguimiento a las acciones de recuperación ambiental en los polígonos de Nueva Esperanza y Altos de la Estancia, ubicados en las localidades de Rafael Uribe Uribe y Ciudad Bolívar respectivamente; esto se hace respecto a la implementación del Convenio 20191295. Las actividades responden al cumplimiento del Plan de Manejo de Altos de la Estancia y a los Planes de Acción planteados para ambos sectores. Se llevo a cabo reunión interinstitucional de seguimiento de acciones al Plan de Manejo Ambiental para el sector de Altos de La Estancia. Se realizo la actualización del procedimiento PM03-PR28 Manejo ambiental de suelos de protección por riesgo. Revisión de información de cartografía de reasentamientos en Riesgo no Mitigable para propuesta de modificación de la resolución 3168 de 2015. Se participo en los espacios de formulación y concertación de la actualización del plan de acción para el polígono Altos de la Estancia y los barrios circundantes. Seguimiento a acciones de recuperación ambiental en los polígonos de Nueva Esperanza y Altos de la Estancia
F68: Ejecutado | M68: 0.1 | N68: 0.2 | O68: 0.2 | P68: 0.2 | Q68: 0.15 | R68: 0.15 | S68: =SUM(G68:R68) -> 1
A69: TOTAL PONDERACIÓN | T69: =SUM(T9:T67) -> 1 | U69: =SUM(U9:U67) -> 1
B72: CONTROL DE CAMBIOS
B73: Versión | C73: Descripción de la Modificación | J73: No. Acto Administrativo y fecha
B74: 11 | C74: Se modifica el código, se incluye encabezado y control de cambios | J74: Radicado 2019IE63564 de marzo 19 de 2019
B75: 12 | C75: Se modifica la periodicidad de reporte y la estructura del documento se ajustó de acuerdo al plan de desarrollo vigente | J75: Radicado 2020IE152434 de septiembre 08 de 2020

Sheet TERRITORIALIZACIÓN
E1: DIRECCIONAMIENTO ESTRATÉGICO
E2: PROGRAMACIÓN, ACTUALIZACIÓN Y SEGUIMIENTO DEL PLAN DE ACCIÓN Actualización y seguimiento a la Territorialización
E3: Codigo:PE01-PR02-F2 | AE3: Versión: 12
A4: DEPENDENCIA: | E4: SUBDIRECCION DE ECOURBANISMO Y GESTIÓN AMBIENTAL EMPRESARIAL
A5: CÓDIGO Y NOMBRE PROYECTO: | E5: 7794 - Fortalecimiento de la gestión ambiental sectorial, el ecourbanismo y cambio climático en el D.C.Bogotá
A6: PERIODO: | E6: CORTE A DICIEMBRE AÑO 2020
A8: 1, COD. META | B8: 2, Meta Proyecto | C8: 3. Identificación del punto de invesión | D8: 4, Variable | E8: 5. PROGRAMACIÓN INICIAL AÑO ___ | G8: 6, ACTUALIZACIÓN | T8: 7,EJECUTADO | AH8: 8, LOCALIZACIÓN GEOGRÁFICA | AM8: 9, ORIENTACIÓN | AO8: 10. POBLACIÓN | AZ8: 11, LECCIONES APRENDIDAS - OBSERVACIONES
F9: REPROGRAMACIÓN VIGENCIA | G9: Ene | H9: Feb | I9: Mar | J9: Abr | K9: May | L9: Jun | M9: Jul | N9: Ago | O9: Sep | P9: Oct | Q9: Nov | R9: Dic | S9: Observaciones | T9: Ene | U9: Feb | V9: Mar | W9: Abr | X9: May | Y9: Jun | Z9: Jul | AA9: Ago | AB9: Sep | AC9: Oct | AD9: Nov | AE9: Dic | AG9: Observaciones y/o descripcion de acciones en el punto de inversión | AH9: 8,1 LOCALIDAD(ES) | AI9: 8.2 UPZ(S) | AJ9: 8,3 BARRIO(S) | AK9: 8,4 GEORREFERENCIACIÓN | AL9: 8,5 ÁREA DE INFLUENCIA E INCIDENCIA | AM9: 9,1 POLÍGONO DE MEJORAMIENTO INTEGRAL | AN9: 9,2 POLÍTICA | AO9: 10.1 POBLACIÓN RELACIONADA A LA LOCALIZACIÓN | AP9: 10.2 NÚMERO DE HOMBRES | AQ9: 10.3 NÚMERO DE MUJERES | AR9: 10.4 NÚMERO INTERSEXUAL | AS9: 10.5 GRUPO ETARIO | AT9: 10.6 NÚMERO PERSONAS POR GRUPO ETARIO | AU9: 10.7 CONDICION POBLACIONAL | AV9: 10.8 NUMERO PERSONAS POR CONDICIÓN POBLACIONAL | AW9: 10.9 GRUPOS ETNICOS | AX9: 10.10 NÚMERO DE PERSONAS POR GRUPOS ETNICOS | AY9: 10.11 SEGUIMIENTO A LA POBLACIÓN PERSONAS/CANTIDAD
A10: 1 | B10: Realizar a 600 proyectos de infraestructura, la gestión para la aplicación de determinantes ambientales. | C10: LOCALIDADES: Mediante esta meta se emitirán determinnates ambientales en proyectos urbanos y arquitectónicos de diferentes escalas, así como a instrumentos de planeamiento urbano, promoviendo la construcción sostenible y el ecourbanismo en la ciudad, mediante la armonización de los proyectos urbanos y el modelo de ocupación del territorio con la Estructura ecológica Principal, garantizando mejores espacios para la habitabilidad urbana y mayor equidad e igualdad en la población capitalina. | D10: MAGNITUD FÍSICA | E10: =+[2]INVERSIÓN!H10 -> 66 | F10: =+[2]INVERSIÓN!I10 -> 66 | M10: =+F10 -> 66 | N10: =+[2]INVERSIÓN!K10 -> 66 | O10: =+[2]INVERSIÓN!M10 -> 66 | P10: =+[3]INVERSIÓN!O10 -> 66 | Q10: =+[3]INVERSIÓN!Q10 -> 66 | R10: =+[3]INVERSIÓN!S10 -> 66 | S10: Meta cumplida deacuerdo con lo programado | Z10: =+[2]INVERSIÓN!J10 -> 11 | AA10: =+[2]INVERSIÓN!DX10 -> 22 | AB10: =+[2]INVERSIÓN!DY10 -> 33 | AC10: =+[3]INVERSIÓN!P10 -> 44 | AD10: =+[3]INVERSIÓN!R10 -> 55 | AE10: 66 | AG10: Durante el II Semestre 2020 se emitieron determinantes ambientales a sesenta y seis (66) proyectos de infraestructura, los cuales corresponden a proyectos urbanos y arquitectónicos de diferentes escalas, tanto en espacio público como en privado, promoviendo la construcción sostenible y el ecourbanismo en la ciudad. Los proyectos a los cuales se les incorporó criterios de sostenibilidad corresponden a: Tres (03) Plan Parcial de Desarrollo, dos (02) Plan Parcial de Renovación Urbana, tres (03) Proyectos de Legalización y Regularización de Barrios, seis (06) Planes de Implantación, un (01) Plan de Regularización y Manejo, cuatro (04) Planes Directores para parques, dos (02) Planes de Manejo de Humedales, treinta y cuatro (34) Diseños paisajísticos de parques y zonas verdes, cuatro (04) proyectos de compatibilidad de uso de vivienda en suelo restringido, un (01) Patio zonal para el Sistema Integrado de Transporte Publico - SITP y seis (06) proyectos de infraestructura especial como colegios, tramos viales en intervenciones en Zonas de Manejo y Preservación Ambiental. | AH10: Usaquen, Usme, Candelaria, Chapinero, Santa Fé, San Cristobal, Tunjuelito, Bosa, Kennedy, Fontibón, Engativá, Suba, Barrios Unidos, Teusaquillo, Los Martires, Antonio Nariño, Puente Aranda, Rafal Uribe y Ciudad Bolivar. | AI10: total upz territorializadas (julio-diciembre 2020) = 42 | AJ10: total barrios territorializados (julio-diciembre 2020)=51 | AK10: polígono (Remitirse a Generación de Shape, Meta 1_Julio 2020), Meta 1_Agosto2020), Meta 1_Septiembre2020), Meta 1_Octubre2020), Meta 1_Noviembre2020), Meta 1_Diciembre2020) | AL10: DISTRITO CAPITAL | AM10: N/A | AN10: 1. Politica Pública de Ecourbanismo y Construcción Sostenible, Politica Distrtial del Agua, Plan Distrital de Gestión del Riesgo de Desastres y del Cambio Climático – PDGRDCC. | AO10: 7715777 | AP10: 3679380 | AQ10: 4036395 | AR10: SIN DEFINIR | AS10: SIN DEFINIR | AT10: SIN DEFINIR | AU10: SIN DEFINIR | AV10: SIN DEFINIR | AW10: SIN DEFINIR | AX10: SIN DEFINIR | AY10: 7715777 | AZ10: Esta meta no realiza la definición de la población, dado que los determinantes ambientales se emiten en una etapa previa de diseño y formulacion, por lo que no se tiene certeza de que el proyecto sea ejecutado, si sufrira modificaciones y la población que sera beneficiada finalmente, Esta meta es atendida por demanda, por lo que solo a finalizar cada mes se puede definir las zonas beneficiadas, la territorialización de la meta se realiza a escala de localidad, dado que que la incorporcion de criterios de ecourbanismo y sostenibilidad ambiental en proyecto de infraestructura genera beneficios intrinsecos y complejos de definir su impacto, dado que no todos los proyectos incorporan los mismo determintes y requeriria de estudios especializados por cada proyecto, para calcular los beneficios ambientales y la poblacion beneficiada, lo cual desborda lo programado en la meta.
D11: PRESUPUESTO VIGENCIA | E11: =+[2]INVERSIÓN!H11 -> 370304000 | F11: =+[2]INVERSIÓN!I11 -> 370304000 | M11: =+F11 -> 370304000 | N11: =+[2]INVERSIÓN!K11 -> 361860000 | O11: =+[2]INVERSIÓN!M11 -> 361860000 | P11: =+[3]INVERSIÓN!O11 -> 384597000 | Q11: =+[3]INVERSIÓN!Q11 -> 384597000 | R11: =+[3]INVERSIÓN!S11 -> 384597000 | Z11: =+[2]INVERSIÓN!J11 -> 140580000 | AA11: =+[2]INVERSIÓN!DX11 -> 262457000 | AB11: =+[2]INVERSIÓN!DY11 -> 262457000 | AC11: =+[3]INVERSIÓN!P11 -> 262457000 | AD11: =+[3]INVERSIÓN!R11 -> 312457000 | AE11: 384597000
D12: MAGNITUD FÍSICA RESERVAS | E12: =+[2]INVERSIÓN!H12 -> 0 | F12: =+[2]INVERSIÓN!I12 -> 0 | M12: =+F12 -> 0 | N12: =+[2]INVERSIÓN!K12 -> 0 | O12: =+[2]INVERSIÓN!M12 -> 0 | P12: =+[3]INVERSIÓN!O12 -> #REF! | Q12: =+[3]INVERSIÓN!Q12 -> #REF! | R12: =+[3]INVERSIÓN!S12 -> #REF! | Z12: =+[2]INVERSIÓN!J12 -> 0 | AA12: =+[2]INVERSIÓN!DX12 -> 0 | AB12: =+[2]INVERSIÓN!DY12 -> 0 | AC12: =+[3]INVERSIÓN!P12 -> #REF! | AD12: =+[3]INVERSIÓN!R12 -> #REF! | AE12: 0
D13: RESERVA PRESUPUESTAL | E13: =+[2]INVERSIÓN!H13 -> 0 | F13: =+[2]INVERSIÓN!I13 -> 0 | M13: =+F13 -> 0 | N13: =+[2]INVERSIÓN!K13 -> 0 | O13: =+[2]INVERSIÓN!M13 -> 0 | P13: =+[3]INVERSIÓN!O13 -> #REF! | Q13: =+[3]INVERSIÓN!Q13 -> #REF! | R13: =+[3]INVERSIÓN!S13 -> #REF! | Z13: =+[2]INVERSIÓN!J13 -> 0 | AA13: =+[2]INVERSIÓN!DX13 -> 0 | AB13: =+[2]INVERSIÓN!DY13 -> 0 | AC13: =+[3]INVERSIÓN!P13 -> #REF! | AD13: =+[3]INVERSIÓN!R13 -> #REF! | AE13: 0
D14: TOTAL MAGNITUD FÍSICA | E14: =+[2]INVERSIÓN!H14 -> 66 | F14: =+[2]INVERSIÓN!I14 -> 66 | M14: =+F14 -> 66 | N14: =+[2]INVERSIÓN!K14 -> 66 | O14: =+[2]INVERSIÓN!M14 -> 66 | P14: =+[3]INVERSIÓN!O14 -> 66 | Q14: =+[3]INVERSIÓN!Q14 -> 66 | R14: =+[3]INVERSIÓN!S14 -> 66 | Z14: =+[2]INVERSIÓN!J14 -> 11 | AA14: =+[2]INVERSIÓN!DX14 -> 22 | AB14: =+[2]INVERSIÓN!DY14 -> 33 | AC14: =+[3]INVERSIÓN!P14 -> 44 | AD14: =+[3]INVERSIÓN!R14 -> 55 | AE14: 66
D15: TOTAL PRESUPUESTO DE LA META | E15: =+[2]INVERSIÓN!H15 -> 370304000 | F15: =+[2]INVERSIÓN!I15 -> 370304000 | M15: =+F15 -> 370304000 | N15: =+[2]INVERSIÓN!K15 -> 361860000 | O15: =+[2]INVERSIÓN!M15 -> 361860000 | P15: =+[3]INVERSIÓN!O15 -> 384597000 | Q15: =+[3]INVERSIÓN!Q15 -> 384597000 | R15: =+[3]INVERSIÓN!S15 -> 384597000 | Z15: =+[2]INVERSIÓN!J15 -> 140580000 | AA15: =+[2]INVERSIÓN!DX15 -> 262457000 | AB15: =+[2]INVERSIÓN!DY15 -> 262457000 | AC15: =+[3]INVERSIÓN!P15 -> 262457000 | AD15: =+[3]INVERSIÓN!R15 -> 312457000 | AE15: 384597000
C16: USAQUEN | D16: MAGNITUD FÍSICA | M16: 1 | N16: 2 | O16: 3 | P16: 5 | Q16: 6 | R16: 6 | Z16: 1 | AA16: 2 | AB16: 3 | AC16: 5 | AD16: 6 | AE16: 6 | AH16: USAQUEN | AI16: UPZ 1 UPZ 12 UPZ 87 UPZ 10 UPZ 11 | AJ16: TIBABITA RURAL LA LIBERIA SAN BERNARDINO XVIII LA GRANJA NORTE BOSQUE DE PINOS | AK16: polígono (Remitirse a Generación de Shape, Meta 1_Julio 2020), Meta 1_Agosto2020), Meta 1_Septiembre2020), Meta 1_Octubre2020), Meta 1_Noviembre2020), Meta 1_Diciembre2020) | AL16: DISTRITO CAPITAL | AM16: TPI San Cristóbal Norte (Plan parcial dedarrollo IBIZA) | AN16: 1. Politica Pública de Ecourbanismo y Construcción Sostenible, Politica Distrtial del Agua, Plan Distrital de Gestión del Riesgo de Desastres y del Cambio Climático – PDGRDCC. | AO16: 556759 | AP16: 255912 | AQ16: 300846 | AR16: SIN DEFINIR | AS16: SIN DEFINIR | AT16: SIN DEFINIR | AU16: SIN DEFINIR | AV16: SIN DEFINIR | AW16: SIN DEFINIR | AX16: SIN DEFINIR | AY16: 556759
D17: PRESUPUESTO VIGENCIA | M17: =+M16*$M$11/$M$10 -> 5610666.7 | N17: =+N16*$N$11/$N$10 -> 10965455 | O17: =+O16*$O$11/$O$10 -> 16448182 | P17: =+P16*$P$11/$P$10 -> 29136136 | Q17: =+Q16*$Q$11/$Q$10 -> 34963364 | R17: =+R16*$R$11/$R$10 -> 34963364 | Z17: =+Z16*$Z$11/$Z$10 -> 12780000 | AA17: =+AA16*$AA$11/$AA$10 -> 23859727 | AB17: =+AB16*$AB$11/$AB$10 -> 23859727 | AC17: =+AC16*$AC$11/$AC$10 -> 29824659 | AD17: =+AD16*$AD$11/$AD$10 -> 34086218 | AE17: 34963364
D18: MAGNITUD FÍSICA RESERVAS
D19: RESERVA PRESUPUESTAL
D20: TOTAL MAGNITUD FÍSICA | O20: =+O16 -> 3 | P20: 5 | Q20: 6 | R20: 6 | AB20: =+AB16 -> 3 | AC20: 5 | AD20: 6 | AE20: 6
D21: TOTAL PRESUPUESTO DE LA META | O21: =+O17 -> 16448182 | P21: =+P20*$P$11/$P$10 -> 29136136 | Q21: =+Q20*$Q$11/$Q$10 -> 34963364 | R21: =+R20*$R$11/$R$10 -> 34963364 | AB21: =+AB17 -> 23859727 | AC21: =+AC20*$AC$11/$AC$10 -> 29824659 | AD21: =+AD20*$AD$11/$AD$10 -> 34086218 | AE21: 34963364
C22: USME | D22: MAGNITUD FÍSICA | P22: 1 | Q22: 1 | R22: 1 | AC22: 1 | AD22: 1 | AE22: 1 | AH22: USME | AI22: UPZ 57 | AJ22: EL MOCHUELO ORIENTAL | AK22: polígono (Remitirse a Generación de Shape, Meta 1_Julio 2020), Meta 1_Agosto2020), Meta 1_Septiembre2020), Meta 1_Octubre2020), Meta 1_Noviembre2020), Meta 1_Diciembre2020) | AL22: DISTRITO CAPITAL | AM22: TPI GRAN YOMASA (Zonas de cesión del proyecto URBANIZACION VILLA CLAUDIA) | AN22: 1. Politica Pública de Ecourbanismo y Construcción Sostenible, Politica Distrtial del Agua, Plan Distrital de Gestión del Riesgo de Desastres y del Cambio Climático – PDGRDCC. | AO22: 255912 | AP22: 300846 | AQ22: SIN DEFINIR | AR22: SIN DEFINIR | AS22: SIN DEFINIR | AT22: SIN DEFINIR | AU22: SIN DEFINIR | AV22: SIN DEFINIR | AW22: SIN DEFINIR | AX22: SIN DEFINIR | AY22: 556759
D23: PRESUPUESTO VIGENCIA | P23: =+P22*$P$11/$P$10 -> 5827227.3 | Q23: =+Q22*$Q$11/$Q$10 -> 5827227.3 | R23: =+R22*$R$11/$R$10 -> 5827227.3 | AC23: =+AC22*$AC$11/$AC$10 -> 5964931.8 | AD23: =+AD22*$AD$11/$AD$10 -> 5681036.4 | AE23: 5827227.3
D24: MAGNITUD FÍSICA RESERVAS
D25: RESERVA PRESUPUESTAL
D26: TOTAL MAGNITUD FÍSICA | Q26: 1 | R26: 1 | AD26: 1 | AE26: 1
D27: TOTAL PRESUPUESTO DE LA META | P27: =+P26*$P$11/$P$10 -> 0 | Q27: =+Q26*$Q$11/$Q$10 -> 5827227.3 | R27: =+R26*$R$11/$R$10 -> 5827227.3 | AC27: =+AC26*$AC$11/$AC$10 -> 0 | AD27: =+AD26*$AD$11/$AD$10 -> 5681036.4 | AE27: 5827227.3
C28: CANDELARIA | D28: MAGNITUD FÍSICA | P28: 1 | Q28: 2 | R28: 2 | AC28: 1 | AD28: 2 | AE28: 2 | AH28: LA CANDELARIA | AI28: UPZ 94 | AJ28: LA CATEDRAL SANTA BARBARA | AK28: polígono (Remitirse a Generación de Shape, Meta 1_Julio 2020), Meta 1_Agosto2020), Meta 1_Septiembre2020), Meta 1_Octubre2020), Meta 1_Noviembre2020), Meta 1_Diciembre2020) | AL28: DISTRITO CAPITAL | AM28: N/A | AN28: 1. Politica Pública de Ecourbanismo y Construcción Sostenible, Politica Distrtial del Agua, Plan Distrital de Gestión del Riesgo de Desastres y del Cambio Climático – PDGRDCC. | AO28: 18703 | AP28: 9562 | AQ28: 9141 | AR28: SIN DEFINIR | AS28: SIN DEFINIR | AT28: SIN DEFINIR | AU28: SIN DEFINIR | AV28: SIN DEFINIR | AW28: SIN DEFINIR | AX28: SIN DEFINIR | AY28: 18703
D29: PRESUPUESTO VIGENCIA | P29: =+P28*$P$11/$P$10 -> 5827227.3 | Q29: =+Q28*$Q$11/$Q$10 -> 11654455 | R29: =+R28*$R$11/$R$10 -> 11654455 | AC29: =+AC28*$AC$11/$AC$10 -> 5964931.8 | AD29: =+AD28*$AD$11/$AD$10 -> 11362073 | AE29: 11654455
D30: MAGNITUD FÍSICA RESERVAS
D31: RESERVA PRESUPUESTAL
D32: TOTAL MAGNITUD FÍSICA | P32: 1 | Q32: 2 | R32: 2 | AC32: 1 | AD32: 2 | AE32: 2
D33: TOTAL PRESUPUESTO DE LA META | P33: =+P32*$P$11/$P$10 -> 5827227.3 | Q33: =+Q32*$Q$11/$Q$10 -> 11654455 | R33: =+R32*$R$11/$R$10 -> 11654455 | AC33: =+AC32*$AC$11/$AC$10 -> 5964931.8 | AD33: =+AD32*$AD$11/$AD$10 -> 11362073 | AE33: 11654455
C34: CHAPINERO | D34: MAGNITUD FÍSICA | M34: 1 | N34: 1 | O34: 2 | P34: 2 | Q34: 4 | R34: 5 | Z34: 1 | AA34: 1 | AB34: 2 | AC34: 2 | AD34: 4 | AE34: 5 | AH34: CHAPINERO | AI34: UPZ 90 UPZ 97 UPZ 99 | AJ34: SIBERIA CENTRAL CHICO NORTE II SECTOR PORCIUNCULA CHAPINERO CENTRAL EL CHICO | AK34: polígono (Remitirse a Generación de Shape, Meta 1_Julio 2020), Meta 1_Agosto2020), Meta 1_Septiembre2020), Meta 1_Octubre2020), Meta 1_Noviembre2020), Meta 1_Diciembre2020) | AL34: DISTRITO CAPITAL | AM34: N/A | AN34: 1. Politica Pública de Ecourbanismo y Construcción Sostenible, Politica Distrtial del Agua, Plan Distrital de Gestión del Riesgo de Desastres y del Cambio Climático – PDGRDCC. | AO34: 161372 | AP34: 76616 | AQ34: 84755 | AR34: SIN DEFINIR | AS34: SIN DEFINIR | AT34: SIN DEFINIR | AU34: SIN DEFINIR | AV34: SIN DEFINIR | AW34: SIN DEFINIR | AX34: SIN DEFINIR | AY34: 161372
D35: PRESUPUESTO VIGENCIA | M35: =+M34*$M$11/$M$10 -> 5610666.7 | N35: =+N34*$N$11/$N$10 -> 5482727.3 | O35: =+O34*$O$11/$O$10 -> 10965455 | P35: =+P34*$P$11/$P$10 -> 11654455 | Q35: =+Q34*$Q$11/$Q$10 -> 23308909 | R35: =+R34*$R$11/$R$10 -> 29136136 | Z35: =+Z34*$Z$11/$Z$10 -> 12780000 | AA35: =+AA34*$AA$11/$AA$10 -> 11929864 | AB35: =+AB34*$AB$11/$AB$10 -> 15906485 | AC35: =+AC34*$AC$11/$AC$10 -> 11929864 | AD35: =+AD34*$AD$11/$AD$10 -> 22724145 | AE35: 29136136
D36: MAGNITUD FÍSICA RESERVAS
D37: RESERVA PRESUPUESTAL
D38: TOTAL MAGNITUD FÍSICA | O38: =+O34 -> 2 | Q38: 4 | R38: 5 | AB38: =+AB34 -> 2 | AD38: 4 | AE38: 5
D39: TOTAL PRESUPUESTO DE LA META | O39: =+O35 -> 10965455 | P39: =+P38*$P$11/$P$10 -> 0 | Q39: =+Q38*$Q$11/$Q$10 -> 23308909 | R39: =+R38*$R$11/$R$10 -> 29136136 | AB39: =+AB35 -> 15906485 | AC39: =+AC38*$AC$11/$AC$10 -> 0 | AD39: =+AD38*$AD$11/$AD$10 -> 22724145 | AE39: 29136136
C40: SANTA FE | D40: MAGNITUD FÍSICA | R40: 1 | AE40: 1 | AH40: SANTA FÉ | AI40: UPZ 91 | AJ40: LA MERCED | AK40: polígono (Remitirse a Generación de Shape, Meta 1_Julio 2020), Meta 1_Agosto2020), Meta 1_Septiembre2020), Meta 1_Octubre2020), Meta 1_Noviembre2020), Meta 1_Diciembre2020) | AL40: DISTRITO CAPITAL | AM40: N/A | AN40: 1. Politica Pública de Ecourbanismo y Construcción Sostenible, Politica Distrtial del Agua, Plan Distrital de Gestión del Riesgo de Desastres y del Cambio Climático – PDGRDCC. | AO40: 22438 | AP40: 53075 | AQ40: 53484 | AR40: SIN DEFINIR | AS40: SIN DEFINIR | AT40: SIN DEFINIR | AU40: SIN DEFINIR | AV40: SIN DEFINIR | AW40: SIN DEFINIR | AX40: SIN DEFINIR | AY40: 22438
D41: PRESUPUESTO VIGENCIA | R41: =+R40*$R$11/$R$10 -> 5827227.3 | AE41: 5827227.3
D42: MAGNITUD FÍSICA RESERVAS
D43: RESERVA PRESUPUESTAL
D44: TOTAL MAGNITUD FÍSICA | R44: 1 | AE44: 1
D45: TOTAL PRESUPUESTO DE LA META | R45: =+R44*$R$11/$R$10 -> 5827227.3 | AE45: 5827227.3
C46: SAN CRISTOBAL | D46: MAGNITUD FÍSICA | M46: 1 | N46: 1 | O46: 2 | P46: 2 | Q46: 3 | R46: 4 | Z46: 1 | AA46: 1 | AB46: 2 | AC46: 2 | AD46: 3 | AE46: 4 | AH46: SAN CRISTOBAL | AI46: UPZ 32 UPZ 33 | AJ46: LOS ALPES SANTA ANA SUR | AK46: polígono (Remitirse a Generación de Shape, Meta 1_Julio 2020), Meta 1_Agosto2020), Meta 1_Septiembre2020), Meta 1_Octubre2020), Meta 1_Noviembre2020), Meta 1_Diciembre2020) | AL46: DISTRITO CAPITAL | AM46: San Blas (Diseño paisajístico de las zonas de cesión de la Urbanización Camino de Los Alpes y Diseño paisajístico Buenos Aires) | AN46: 1. Politica Pública de Ecourbanismo y Construcción Sostenible, Politica Distrtial del Agua, Plan Distrital de Gestión del Riesgo de Desastres y del Cambio Climático – PDGRDCC. | AO46: 401944 | AP46: 194318 | AQ46: 207625 | AR46: SIN DEFINIR | AS46: SIN DEFINIR | AT46: SIN DEFINIR | AU46: SIN DEFINIR | AV46: SIN DEFINIR | AW46: SIN DEFINIR | AX46: SIN DEFINIR | AY46: 401944
D47: PRESUPUESTO VIGENCIA | M47: =+M46*$M$11/$M$10 -> 5610666.7 | N47: =+N46*$N$11/$N$10 -> 5482727.3 | O47: =+O46*$O$11/$O$10 -> 10965455 | P47: =+P46*$P$11/$P$10 -> 11654455 | Q47: =+Q46*$Q$11/$Q$10 -> 17481682 | R47: =+R46*$R$11/$R$10 -> 23308909 | Z47: =+Z46*$Z$11/$Z$10 -> 12780000 | AA47: =+AA46*$AA$11/$AA$10 -> 11929864 | AB47: =+AB46*$AB$11/$AB$10 -> 15906485 | AC47: =+AC46*$AC$11/$AC$10 -> 11929864 | AD47: =+AD46*$AD$11/$AD$10 -> 17043109 | AE47: 23308909
D48: MAGNITUD FÍSICA RESERVAS
D49: RESERVA PRESUPUESTAL
D50: TOTAL MAGNITUD FÍSICA | O50: =+O46 -> 2 | P50: 2 | Q50: 3 | R50: 4 | AB50: =+AB46 -> 2 | AC50: 2 | AD50: 3 | AE50: 4
D51: TOTAL PRESUPUESTO DE LA META | O51: =+O47 -> 10965455 | P51: =+P50*$P$11/$P$10 -> 11654455 | Q51: =+Q50*$Q$11/$Q$10 -> 17481682 | R51: =+R50*$R$11/$R$10 -> 23308909 | AB51: =+AB47 -> 15906485 | AC51: =+AC50*$AC$11/$AC$10 -> 11929864 | AD51: =+AD50*$AD$11/$AD$10 -> 17043109 | AE51: 23308909
C52: USME | D52: MAGNITUD FÍSICA | AH52: USME | AI52: Varias (Remitirse a Generación de Shape) | AJ52: Varias (Remitirse a Generación de Shape) | AK52: Punto (Remitirse a Generación de Shape, Meta 1_Julio 2020), Meta 1_Agosto2020), Meta 1_Septiembre2020), Meta 1_Octubre2020), Meta 1_Noviembre2020), Meta 1_Diciembre2020) | AL52: DISTRITO CAPITAL | AM52: N/A | AN52: 1. Politica Pública de Ecourbanismo y Construcción Sostenible, Politica Distrtial del Agua, Plan Distrital de Gestión del Riesgo de Desastres y del Cambio Climático – PDGRDCC. | AO52: 22438 | AP52: 181364 | AQ52: 191238 | AR52: SIN DEFINIR | AS52: SIN DEFINIR | AT52: SIN DEFINIR | AU52: SIN DEFINIR | AV52: SIN DEFINIR | AW52: SIN DEFINIR | AX52: SIN DEFINIR | AY52: 22438
D53: PRESUPUESTO VIGENCIA
D54: MAGNITUD FÍSICA RESERVAS
D55: RESERVA PRESUPUESTAL
D56: TOTAL MAGNITUD FÍSICA
D57: TOTAL PRESUPUESTO DE LA META
C58: TUNJUELITO | D58: MAGNITUD FÍSICA | O58: 1 | P58: 1 | Q58: 1 | R58: 1 | AB58: 1 | AC58: 1 | AD58: 1 | AE58: 1 | AH58: TUNJUELITO | AI58: UPZ 42 UPZ 62 | AJ58: SAN CARLOS PARQUE EL TUNAL | AK58: polígono (Remitirse a Generación de Shape, Meta 1_Julio 2020), Meta 1_Agosto2020), Meta 1_Septiembre2020), Meta 1_Octubre2020), Meta 1_Noviembre2020), Meta 1_Diciembre2020) | AL58: DISTRITO CAPITAL | AM58: TPI TUNJUELITO (Contrato de obra IDU 1639/2019) | AN58: 1. Politica Pública de Ecourbanismo y Construcción Sostenible, Politica Distrtial del Agua, Plan Distrital de Gestión del Riesgo de Desastres y del Cambio Climático – PDGRDCC. | AO58: 186383 | AP58: 86612 | AQ58: 92493 | AR58: SIN DEFINIR | AS58: SIN DEFINIR | AT58: SIN DEFINIR | AU58: SIN DEFINIR | AV58: SIN DEFINIR | AW58: SIN DEFINIR | AX58: SIN DEFINIR | AY58: 186383
D59: PRESUPUESTO VIGENCIA | O59: =+O58*$O$11/$O$10 -> 5482727.3 | P59: =+P58*$P$11/$P$10 -> 5827227.3 | Q59: =+Q58*$Q$11/$Q$10 -> 5827227.3 | R59: =+R58*$R$11/$R$10 -> 5827227.3 | AB59: =+AB58*$AB$11/$AB$10 -> 7953242.4 | AC59: =+AC58*$AC$11/$AC$10 -> 5964931.8 | AD59: =+AD58*$AD$11/$AD$10 -> 5681036.4 | AE59: 5827227.3
D60: MAGNITUD FÍSICA RESERVAS
D61: RESERVA PRESUPUESTAL
D62: TOTAL MAGNITUD FÍSICA | O62: =+O58 -> 1 | P62: 1 | Q62: 1 | R62: 1 | AB62: =+AB58 -> 1 | AC62: 1 | AD62: 1 | AE62: 1
D63: TOTAL PRESUPUESTO DE LA META | O63: =+O59 -> 5482727.3 | P63: =+P62*$P$11/$P$10 -> 5827227.3 | Q63: =+Q62*$Q$11/$Q$10 -> 5827227.3 | R63: =+R62*$R$11/$R$10 -> 5827227.3 | AB63: =+AB59 -> 7953242.4 | AC63: =+AC62*$AC$11/$AC$10 -> 5964931.8 | AD63: =+AD62*$AD$11/$AD$10 -> 5681036.4 | AE63: 5827227.3
C64: BOSA | D64: MAGNITUD FÍSICA | M64: 2 | N64: 3 | O64: 5 | P64: 6 | Q64: 6 | R64: 6 | Z64: 2 | AA64: 3 | AB64: 5 | AC64: 6 | AD64: 6 | AE64: 6 | AH64: BOSA | AI64: UPZ 49 UPZ 84 UPZ 86 UPZ 87 | AJ64: VILLA DEL RIO JORGE URIBE BOTERO OSORIO XXIII CAMPO VERDE | AK64: polígono (Remitirse a Generación de Shape, Meta 1_Julio 2020), Meta 1_Agosto2020), Meta 1_Septiembre2020), Meta 1_Octubre2020), Meta 1_Noviembre2020), Meta 1_Diciembre2020) | AL64: DISTRITO CAPITAL | AM64: TPI BOSA CENTRAL Y OCCIDENTAL (Proyecto especial de infraestructura ppd EDEN EL DESCANSO) | AN64: 1. Politica Pública de Ecourbanismo y Construcción Sostenible, Politica Distrtial del Agua, Plan Distrital de Gestión del Riesgo de Desastres y del Cambio Climático – PDGRDCC. | AO64: 727228 | AP64: 350318 | AQ64: 376910 | AR64: SIN DEFINIR | AS64: SIN DEFINIR | AT64: SIN DEFINIR | AU64: SIN DEFINIR | AV64: SIN DEFINIR | AW64: SIN DEFINIR | AX64: SIN DEFINIR | AY64: 727228
D65: PRESUPUESTO VIGENCIA | M65: =+M64*$M$11/$M$10 -> 11221333 | N65: =+N64*$N$11/$N$10 -> 16448182 | O65: =+O64*$O$11/$O$10 -> 27413636 | P65: =+P64*$P$11/$P$10 -> 34963364 | Q65: =+Q64*$Q$11/$Q$10 -> 34963364 | R65: =+R64*$R$11/$R$10 -> 34963364 | Z65: =+Z64*$Z$11/$Z$10 -> 25560000 | AA65: =+AA64*$AA$11/$AA$10 -> 35789591 | AB65: =+AB64*$AB$11/$AB$10 -> 39766212 | AC65: =+AC64*$AC$11/$AC$10 -> 35789591 | AD65: =+AD64*$AD$11/$AD$10 -> 34086218 | AE65: 34963364
D66: MAGNITUD FÍSICA RESERVAS
D67: RESERVA PRESUPUESTAL
D68: TOTAL MAGNITUD FÍSICA | O68: =+O64 -> 5 | P68: 6 | Q68: 6 | R68: 6 | AB68: =+AB64 -> 5 | AC68: 6 | AD68: 6 | AE68: 6
D69: TOTAL PRESUPUESTO DE LA META | O69: =+O65 -> 27413636 | P69: =+P68*$P$11/$P$10 -> 34963364 | Q69: =+Q68*$Q$11/$Q$10 -> 34963364 | R69: =+R68*$R$11/$R$10 -> 34963364 | AB69: =+AB65 -> 39766212 | AC69: =+AC68*$AC$11/$AC$10 -> 35789591 | AD69: =+AD68*$AD$11/$AD$10 -> 34086218 | AE69: 34963364
C70: KENNEDY | D70: MAGNITUD FÍSICA | N70: 2 | O70: 3 | P70: 4 | Q70: 4 | R70: 7 | AA70: 2 | AB70: 3 | AC70: 4 | AD70: 4 | AE70: 7 | AH70: KENNEDY | AI70: UPZ 80 UPZ 45 UPZ 46 UPZ 44 | AJ70: Corabastos ALQUERIA LA FRAGUA II EL VERGEL ORIENTAL HIPOTECHO SUR | AK70: polígono (Remitirse a Generación de Shape, Meta 1_Julio 2020), Meta 1_Agosto2020), Meta 1_Septiembre2020), Meta 1_Octubre2020), Meta 1_Noviembre2020), Meta 1_Diciembre2020) | AL70: DISTRITO CAPITAL | AM70: TPI CORABASTOS (Plan de Regularización y manejo CORABASTOS) | AN70: 1. Politica Pública de Ecourbanismo y Construcción Sostenible, Politica Distrtial del Agua, Plan Distrital de Gestión del Riesgo de Desastres y del Cambio Climático – PDGRDCC. | AO70: 1067898 | AP70: 511137 | AQ70: 556761 | AR70: SIN DEFINIR | AS70: SIN DEFINIR | AT70: SIN DEFINIR | AU70: SIN DEFINIR | AV70: SIN DEFINIR | AW70: SIN DEFINIR | AX70: SIN DEFINIR | AY70: 1067898
D71: PRESUPUESTO VIGENCIA | N71: =+N70*$N$11/$N$10 -> 10965455 | O71: =+O70*$O$11/$O$10 -> 16448182 | P71: =+P70*$P$11/$P$10 -> 23308909 | Q71: =+Q70*$Q$11/$Q$10 -> 23308909 | R71: =+R70*$R$11/$R$10 -> 40790591 | AA71: =+AA70*$AA$11/$AA$10 -> 23859727 | AB71: =+AB70*$AB$11/$AB$10 -> 23859727 | AC71: =+AC70*$AC$11/$AC$10 -> 23859727 | AD71: =+AD70*$AD$11/$AD$10 -> 22724145 | AE71: 40790591
D72: MAGNITUD FÍSICA RESERVAS
D73: RESERVA PRESUPUESTAL
D74: TOTAL MAGNITUD FÍSICA | O74: =+O70 -> 3 | P74: 4 | Q74: 4 | R74: 7 | AB74: =+AB70 -> 3 | AC74: 4 | AD74: 4 | AE74: 7
D75: TOTAL PRESUPUESTO DE LA META | O75: =+O71 -> 16448182 | P75: =+P74*$P$11/$P$10 -> 23308909 | Q75: =+Q74*$Q$11/$Q$10 -> 23308909 | R75: =+R74*$R$11/$R$10 -> 40790591 | AB75: =+AB71 -> 23859727 | AC75: =+AC74*$AC$11/$AC$10 -> 23859727 | AD75: =+AD74*$AD$11/$AD$10 -> 22724145 | AE75: 40790591
C76: FONTIBÓN | D76: MAGNITUD FÍSICA | M76: 1 | N76: 3 | O76: 4 | P76: 5 | Q76: 7 | R76: 9 | Z76: 1 | AA76: 3 | AB76: 4 | AC76: 5 | AD76: 7 | AE76: 9 | AH76: FONTIBON | AI76: UPZ 75 UPZ 77 UPZ 114 UPZ 110 UPZ 115 | AJ76: LA LAGUNA FONTIBON BELEN FONTIBON EL CHANCO I CAPELLANIA SALITRE OCCIDENTAL PUERTA DE TEJA EL TINTAL | AK76: polígono (Remitirse a Generación de Shape, Meta 1_Julio 2020), Meta 1_Agosto2020), Meta 1_Septiembre2020), Meta 1_Octubre2020), Meta 1_Noviembre2020), Meta 1_Diciembre2020) | AL76: DISTRITO CAPITAL | AM76: N/A | AN76: 1. Politica Pública de Ecourbanismo y Construcción Sostenible, Politica Distrtial del Agua, Plan Distrital de Gestión del Riesgo de Desastres y del Cambio Climático – PDGRDCC. | AO76: 383734 | AP76: 181876 | AQ76: 201858 | AR76: SIN DEFINIR | AS76: SIN DEFINIR | AT76: SIN DEFINIR | AU76: SIN DEFINIR | AV76: SIN DEFINIR | AW76: SIN DEFINIR | AX76: SIN DEFINIR | AY76: 383734
D77: PRESUPUESTO VIGENCIA | M77: =+M76*$M$11/$M$10 -> 5610666.7 | N77: =+N76*$N$11/$N$10 -> 16448182 | O77: =+O76*$O$11/$O$10 -> 21930909 | P77: =+P76*$P$11/$P$10 -> 29136136 | Q77: =+Q76*$Q$11/$Q$10 -> 40790591 | R77: =+R76*$R$11/$R$10 -> 52445045 | S77: =AE77-5827227 -> 46617818 | Z77: =+Z76*$Z$11/$Z$10 -> 12780000 | AA77: =+AA76*$AA$11/$AA$10 -> 35789591 | AB77: =+AB76*$AB$11/$AB$10 -> 31812970 | AC77: =+AC76*$AC$11/$AC$10 -> 29824659 | AD77: =+AD76*$AD$11/$AD$10 -> 39767255 | AE77: 52445045
D78: MAGNITUD FÍSICA RESERVAS | S78: 46617818
D79: RESERVA PRESUPUESTAL
D80: TOTAL MAGNITUD FÍSICA | O80: =+O76 -> 4 | P80: 5 | Q80: 7 | R80: 9 | AB80: =+AB76 -> 4 | AC80: 5 | AD80: 7 | AE80: 9
D81: TOTAL PRESUPUESTO DE LA META | O81: =+O77 -> 21930909 | P81: =+P80*$P$11/$P$10 -> 29136136 | Q81: =+Q80*$Q$11/$Q$10 -> 40790591 | R81: =+R80*$R$11/$R$10 -> 52445045 | AB81: =+AB77 -> 31812970 | AC81: =+AC80*$AC$11/$AC$10 -> 29824659 | AD81: =+AD80*$AD$11/$AD$10 -> 39767255 | AE81: 52445045
C82: ENGATIVÁ | D82: MAGNITUD FÍSICA | M82: 1 | N82: 1 | O82: 1 | P82: 1 | Q82: 1 | R82: 1 | Z82: 1 | AA82: 1 | AB82: 1 | AC82: 1 | AD82: 1 | AE82: 1 | AH82: ENGATIVA | AI82: UPZ 72 UPZ 29 | AJ82: CIUDADELA COLSUBSIDIO EL MINUTO DE DIOS | AK82: polígono (Remitirse a Generación de Shape, Meta 1_Julio 2020), Meta 1_Agosto2020), Meta 1_Septiembre2020), Meta 1_Octubre2020), Meta 1_Noviembre2020), Meta 1_Diciembre2020) | AL82: DISTRITO CAPITAL | AM82: N/A | AN82: 1. Politica Pública de Ecourbanismo y Construcción Sostenible, Politica Distrtial del Agua, Plan Distrital de Gestión del Riesgo de Desastres y del Cambio Climático – PDGRDCC. | AO82: 831378 | AP82: 392164 | AQ82: 439214 | AR82: SIN DEFINIR | AS82: SIN DEFINIR | AT82: SIN DEFINIR | AU82: SIN DEFINIR | AV82: SIN DEFINIR | AW82: SIN DEFINIR | AX82: SIN DEFINIR | AY82: 831378
D83: PRESUPUESTO VIGENCIA | M83: =+M82*$M$11/$M$10 -> 5610666.7 | N83: =+N82*$N$11/$N$10 -> 5482727.3 | O83: =+O82*$O$11/$O$10 -> 5482727.3 | P83: =+P82*$P$11/$P$10 -> 5827227.3 | Q83: =+Q82*$Q$11/$Q$10 -> 5827227.3 | R83: =+R82*$R$11/$R$10 -> 5827227.3 | Z83: =+Z82*$Z$11/$Z$10 -> 12780000 | AA83: =+AA82*$AA$11/$AA$10 -> 11929864 | AB83: =+AB82*$AB$11/$AB$10 -> 7953242.4 | AC83: =+AC82*$AC$11/$AC$10 -> 5964931.8 | AD83: =+AD82*$AD$11/$AD$10 -> 5681036.4 | AE83: 5827227.3
D84: MAGNITUD FÍSICA RESERVAS
D85: RESERVA PRESUPUESTAL
D86: TOTAL MAGNITUD FÍSICA | O86: =+O82 -> 1 | P86: 1 | Q86: 1 | R86: 1 | AB86: =+AB82 -> 1 | AC86: 1 | AD86: 1 | AE86: 1
D87: TOTAL PRESUPUESTO DE LA META | O87: =+O83 -> 5482727.3 | P87: =+P86*$P$11/$P$10 -> 5827227.3 | Q87: =+Q86*$Q$11/$Q$10 -> 5827227.3 | R87: =+R86*$R$11/$R$10 -> 5827227.3 | AB87: =+AB83 -> 7953242.4 | AC87: =+AC86*$AC$11/$AC$10 -> 5964931.8 | AD87: =+AD86*$AD$11/$AD$10 -> 5681036.4 | AE87: 5827227.3
C88: SUBA | D88: MAGNITUD FÍSICA | M88: 1 | N88: 3 | O88: 4 | P88: 6 | Q88: 8 | R88: 9 | Z88: 1 | AA88: 3 | AB88: 4 | AC88: 6 | AD88: 8 | AE88: 9 | AH88: SUBA | AI88: UPZ 18 UPZ 2 UPZ 27 | AJ88: BRITALIA CANTAGALLO PORTALES DEL NORTE CASABLANCA SUBA URBANO RINCON DE SANTA INES | AK88: polígono (Remitirse a Generación de Shape, Meta 1_Julio 2020), Meta 1_Agosto2020), Meta 1_Septiembre2020), Meta 1_Octubre2020), Meta 1_Noviembre2020), Meta 1_Diciembre2020) | AL88: DISTRITO CAPITAL | AM88: Suba (Diseño Paisajístico zonas de cesión proyecto CAMINO VERDE) | AN88: 1. Politica Pública de Ecourbanismo y Construcción Sostenible, Politica Distrtial del Agua, Plan Distrital de Gestión del Riesgo de Desastres y del Cambio Climático – PDGRDCC. | AO88: 1215896 | AP88: 572451 | AQ88: 643445 | AR88: SIN DEFINIR | AS88: SIN DEFINIR | AT88: SIN DEFINIR | AU88: SIN DEFINIR | AV88: SIN DEFINIR | AW88: SIN DEFINIR | AX88: SIN DEFINIR | AY88: 1215896
D89: PRESUPUESTO VIGENCIA | M89: =+M88*$M$11/$M$10 -> 5610666.7 | N89: =+N88*$N$11/$N$10 -> 16448182 | O89: =+O88*$O$11/$O$10 -> 21930909 | P89: =+P88*$P$11/$P$10 -> 34963364 | Q89: =+Q88*$Q$11/$Q$10 -> 46617818 | R89: =+R88*$R$11/$R$10 -> 52445045 | Z89: =+Z88*$Z$11/$Z$10 -> 12780000 | AA89: =+AA88*$AA$11/$AA$10 -> 35789591 | AB89: =+AB88*$AB$11/$AB$10 -> 31812970 | AC89: =+AC88*$AC$11/$AC$10 -> 35789591 | AD89: =+AD88*$AD$11/$AD$10 -> 45448291 | AE89: 52445045
D90: MAGNITUD FÍSICA RESERVAS
D91: RESERVA PRESUPUESTAL
D92: TOTAL MAGNITUD FÍSICA | O92: =+O88 -> 4 | P92: 6 | Q92: 8 | R92: 9 | AB92: =+AB88 -> 4 | AC92: 6 | AD92: 8 | AE92: 9
D93: TOTAL PRESUPUESTO DE LA META | O93: =+O89 -> 21930909 | P93: =+P92*$P$11/$P$10 -> 34963364 | Q93: =+Q92*$Q$11/$Q$10 -> 46617818 | R93: =+R92*$R$11/$R$10 -> 52445045 | AB93: =+AB89 -> 31812970 | AC93: =+AC92*$AC$11/$AC$10 -> 35789591 | AD93: =+AD92*$AD$11/$AD$10 -> 45448291 | AE93: 52445045
C94: BARRIOS UNIDOS | D94: MAGNITUD FÍSICA | N94: 1 | O94: 1 | P94: 1 | Q94: 1 | R94: 1 | AA94: 1 | AB94: 1 | AC94: 1 | AD94: 1 | AE94: 1 | AH94: BARRIOS UNIDOS | AI94: SIN TERRITORIALIZAR | AJ94: SIN TERRITORIALIZAR | AK94: SIN TERRITORIALIZAR(pertenece a proyectos del la meta 1_Agosto 2020, sin territorializar) | AL94: DISTRITO CAPITAL | AM94: N/A | AN94: 1. Politica Pública de Ecourbanismo y Construcción Sostenible, Politica Distrtial del Agua, Plan Distrital de Gestión del Riesgo de Desastres y del Cambio Climático – PDGRDCC. | AO94: 137026 | AP94: 64519 | AQ94: 72507 | AR94: SIN DEFINIR | AS94: SIN DEFINIR | AT94: SIN DEFINIR | AU94: SIN DEFINIR | AV94: SIN DEFINIR | AW94: SIN DEFINIR | AX94: SIN DEFINIR | AY94: 137026
D95: PRESUPUESTO VIGENCIA | N95: =+N94*$N$11/$N$10 -> 5482727.3 | O95: =+O94*$O$11/$O$10 -> 5482727.3 | P95: =+P94*$P$11/$P$10 -> 5827227.3 | Q95: =+Q94*$Q$11/$Q$10 -> 5827227.3 | R95: =+R94*$R$11/$R$10 -> 5827227.3 | AA95: =+AA94*$AA$11/$AA$10 -> 11929864 | AB95: =+AB94*$AB$11/$AB$10 -> 7953242.4 | AD95: =+AD94*$AD$11/$AD$10 -> 5681036.4 | AE95: 5827227.3
D96: MAGNITUD FÍSICA RESERVAS
D97: RESERVA PRESUPUESTAL
D98: TOTAL MAGNITUD FÍSICA | O98: =+O94 -> 1 | P98: 1 | Q98: 1 | R98: 1 | AB98: =+AB94 -> 1 | AC98: 1 | AD98: 1 | AE98: 1
D99: TOTAL PRESUPUESTO DE LA META | O99: =+O95 -> 5482727.3 | P99: =+P98*$P$11/$P$10 -> 5827227.3 | Q99: =+Q98*$Q$11/$Q$10 -> 5827227.3 | R99: =+R98*$R$11/$R$10 -> 5827227.3 | AB99: =+AB95 -> 7953242.4 | AC99: =+AC98*$AC$11/$AC$10 -> 5964931.8 | AD99: =+AD98*$AD$11/$AD$10 -> 5681036.4 | AE99: 5827227.3
C100: TEUSAQUILLO | D100: MAGNITUD FÍSICA | Q100: 1 | R100: 2 | AD100: 1 | AE100: 2 | AH100: TEUSAQUILLO | AI100: UPZ 101 UPZ 109 | AJ100: LA SOLEDAD CIUDAD SALITRE NOR-ORIENTAL | AK100: polígono (Remitirse a Generación de Shape, Meta 1_Julio 2020), Meta 1_Agosto2020), Meta 1_Septiembre2020), Meta 1_Octubre2020), Meta 1_Noviembre2020), Meta 1_Diciembre2020) | AL100: DISTRITO CAPITAL | AM100: N/A | AN100: 1. Politica Pública de Ecourbanismo y Construcción Sostenible, Politica Distrtial del Agua, Plan Distrital de Gestión del Riesgo de Desastres y del Cambio Climático – PDGRDCC. | AO100: 140135 | AP100: 70844 | AQ100: 80573 | AR100: SIN DEFINIR | AS100: SIN DEFINIR | AT100: SIN DEFINIR | AU100: SIN DEFINIR | AV100: SIN DEFINIR | AW100: SIN DEFINIR | AX100: SIN DEFINIR | AY100: 140135
D101: PRESUPUESTO VIGENCIA | Q101: =+Q100*$Q$11/$Q$10 -> 5827227.3 | R101: =+R100*$R$11/$R$10 -> 11654455 | AD101: =+AD100*$AD$11/$AD$10 -> 5681036.4 | AE101: 11654455
...

Sheet SPI
C1: DIRECCIONAMIENTO ESTRATÉGICO
C2: Formato: Programación, Atualización y Seguimiento al Sistema de Información de Seguimiento a los Proyectos de Inversión Pública -SPI
C3: Codigo:PE01-PR02-F2 | H3: Versión: 13
A4: DEPENDENCIA: | C4: SUBDIRECCION DE ECOURBANISMO Y GESTIÓN AMBIENTAL EMPRESARIAL
A5: CÓDIGO Y NOMBRE PROYECTO: | C5: 7794 - Fortalecimiento de la gestión ambiental sectorial, el ecourbanismo y cambio climático en el D.C.Bogotá
A7: I PRESUPUESTAL VIGENCIA 2020
A8: AÑO 2020 | B8: FUENTE | C8: APROPIACION INICIAL | D8: APROPIACION VIGENTE | E8: COMPROMISOS | F8: OBLIGACIÓN | G8: PAGO | H8: %PAGO
A9: JULIO | H9: =G9/E9 -> #DIV/0!
A10: AGOSTO | H10: =G10/E10 -> #DIV/0!
A11: SEPTIEMBRE | H11: =G11/E11 -> #DIV/0!
A12: OCTUBRE | B12: 12-OTROS DISTRITO | C12: 2520913490 | D12: 2520913490 | E12: 1755277922 | F12: 368710252 | G12: 368710252 | H12: =G12/E12 -> 0.21005805
A13: NOVIEMBRE | B13: 12-OTROS DISTRITO | C13: 2520913490 | D13: 2520913490 | E13: 1926726271 | F13: 774456097 | G13: 774456097 | H13: =G13/E13 -> 0.4019544
A14: DICIEMBRE | B14: 12-OTROS DISTRITO | C14: 2520913490 | D14: 2520913490 | E14: 2444467440 | F14: 1650914867 | G14: 1650914867 | H14: =G14/E14 -> 0.67536791
A16: I PRESUPUESTAL VIGENCIA 2021
A17: AÑO 2021 | B17: FUENTE | C17: APROPIACION INICIAL | D17: APROPIACION VIGENTE | E17: COMPROMISOS | F17: OBLIGACIÓN | G17: PAGO | H17: %PAGO
A18: ENERO | H18: =G18/E18 -> #DIV/0!
A19: FEBRERO | H19: =G19/E19 -> #DIV/0!
A20: MARZO | H20: =G20/E20 -> #DIV/0!
A21: ABRIL | H21: =G21/E21 -> #DIV/0!
A22: MAYO | H22: =G22/E22 -> #DIV/0!
A23: JUNIO | H23: =G23/E23 -> #DIV/0!
A24: JULIO | H24: =G24/E24 -> #DIV/0!
A25: AGOSTO | H25: =G25/E25 -> #DIV/0!
A26: SEPTIEMBRE | H26: =G26/E26 -> #DIV/0!
A27: OCTUBRE | H27: =G27/E27 -> #DIV/0!
A28: NOVIEMBRE | H28: =G28/E28 -> #DIV/0!
A29: DICIEMBRE | H29: =G29/E29 -> #DIV/0!
A31: I PRESUPUESTAL VIGENCIA 2022
A32: AÑO 2022 | B32: FUENTE | C32: APROPIACION INICIAL | D32: APROPIACION VIGENTE | E32: COMPROMISOS | F32: OBLIGACIÓN | G32: PAGO | H32: %PAGO
A33: ENERO | H33: =G33/E33 -> #DIV/0!
A34: FEBRERO | H34: =G34/E34 -> #DIV/0!
A35: MARZO | H35: =G35/E35 -> #DIV/0!
A36: ABRIL | H36: =G36/E36 -> #DIV/0!
A37: MAYO | H37: =G37/E37 -> #DIV/0!
A38: JUNIO | H38: =G38/E38 -> #DIV/0!
A39: JULIO | H39: =G39/E39 -> #DIV/0!
A40: AGOSTO | H40: =G40/E40 -> #DIV/0!
A41: SEPTIEMBRE | H41: =G41/E41 -> #DIV/0!
A42: OCTUBRE | H42: =G42/E42 -> #DIV/0!
A43: NOVIEMBRE | H43: =G43/E43 -> #DIV/0!
A44: DICIEMBRE | H44: =G44/E44 -> #DIV/0!
A46: I PRESUPUESTAL VIGENCIA 2023
A47: AÑO 2023 | B47: FUENTE | C47: APROPIACION INICIAL | D47: APROPIACION VIGENTE | E47: COMPROMISOS | F47: OBLIGACIÓN | G47: PAGO | H47: %PAGO
A48: ENERO | H48: =G48/E48 -> #DIV/0!
A49: FEBRERO | H49: =G49/E49 -> #DIV/0!
A50: MARZO | H50: =G50/E50 -> #DIV/0!
A51: ABRIL | H51: =G51/E51 -> #DIV/0!
A52: MAYO | H52: =G52/E52 -> #DIV/0!
A53: JUNIO | H53: =G53/E53 -> #DIV/0!
A54: JULIO | H54: =G54/E54 -> #DIV/0!
A55: AGOSTO | H55: =G55/E55 -> #DIV/0!
A56: SEPTIEMBRE | H56: =G56/E56 -> #DIV/0!
A57: OCTUBRE | H57: =G57/E57 -> #DIV/0!
A58: NOVIEMBRE | H58: =G58/E58 -> #DIV/0!
A59: DICIEMBRE | H59: =G59/E59 -> #DIV/0!
A61: I PRESUPUESTAL VIGENCIA 2024
A62: AÑO 2024 | B62: FUENTE | C62: APROPIACION INICIAL | D62: APROPIACION VIGENTE | E62: COMPROMISOS | F62: OBLIGACIÓN | G62: PAGO | H62: %PAGO
A63: ENERO | H63: =G63/E63 -> #DIV/0!
A64: FEBRERO | H64: =G64/E64 -> #DIV/0!
A65: MARZO | H65: =G65/E65 -> #DIV/0!
A66: ABRIL | H66: =G66/E66 -> #DIV/0!
A67: MAYO | H67: =G67/E67 -> #DIV/0!
A68: JUNIO | H68: =G68/E68 -> #DIV/0!
A69: JULIO | H69: =G69/E69 -> #DIV/0!
A70: AGOSTO | H70: =G70/E70 -> #DIV/0!
A71: SEPTIEMBRE | H71: =G71/E71 -> #DIV/0!
A72: OCTUBRE | H72: =G72/E72 -> #DIV/0!
A73: NOVIEMBRE | H73: =G73/E73 -> #DIV/0!
A74: DICIEMBRE | H74: =G74/E74 -> #DIV/0!
A76: II PRODUCTO (FÍSICO) VIGENCIA 2020
A77: AÑO 2020 | B77: OBJETIVO ESPECÍFICO | C77: PRODUCTO MGA | D77: INDICADOR DE PRODUCTO | E77: UNIDAD DE MEDIDA | F77: % PESO 2020 | G77: META TOTAL PROYECTO 2000-2024 | H77: META VIGENCIA 2020 | I77: AVANCE VIGENCIA 2020 | J77: % AVANCE VIGENCIA 2020 | K77: META REZAGADA | L77: AVANCE REZAGADO | M77: %AVANCE RESERVA | N77: OBSERVACIÓN MENSUAL (200 Caracteres)
A78: JULIO | J78: =I78/H78 -> #DIV/0! | M78: =L78/K78 -> #DIV/0!
A79: AGOSTO | J79: =I79/H79 -> #DIV/0! | M79: =L79/K79 -> #DIV/0!
A80: SEPTIEMBRE | J80: =I80/H80 -> #DIV/0! | M80: =L80/K80 -> #DIV/0!
A81: OCTUBRE | B81: Promover el ecourbanismo y construcción sostenible | C81: Servicio de asistencia técnica para la incorporación de variables ambientales en la planificación sectorial | D81: Entidades y sectores asistidos técnicamente para la incorporación de variables ambientales en la planificación sectorial | E81: Número | F81: 25 | G81: 1000 | H81: 86 | I81: 50 | J81: =I81/H81 -> 0.58139535 | K81: 0 | L81: 0 | M81: =L81/K81 -> #DIV/0! | N81: Durante el mes de octubre de 2020, se incorporó criterios de sostenibilidad ambiental a 11 proyectos, tanto en espacio público como en privado. Así mismo, se realizó la verificación a la incorporación de determinantes ambientales a 4 proyectos de infraestructura en el espacio público.
B82: Fortalecer las capacidades de las actividades económicas, hacia modelos con enfoque de sostenibilidad, economía circular e innovación que permita la transición hacia un crecimiento verde | C82: Servicio de asistencia técnica para la consolidación de negocios verdes | D82: Negocios verdes consolidados | E82: Número | F82: 25 | G82: 100 | H82: 10 | I82: 8 | J82: =I82/H82 -> 0.8 | K82: 0 | L82: 0 | M82: =L82/K82 -> #DIV/0! | N82: Se reconoce a dos (2) negocios verdes en el mes de octubre que obtienen un puntaje mayor del 50% en los criterios evaluados, generando un acumulado de ocho (8) negocios verdes. Adicionalmente, 10 negocios verdes fueron aceptados en el marco de la convocatoria de Innpulsa -Cree.
B83: Intervenir los sectores priorizados por el POMCA del Río Bogotá, a través de proyectos de producción más Limpia | C83: Servicio de divulgación de la incorporación de consideraciones ambientales en la planificación sectorial | D83: Campañas divulgadas | E83: Número | F83: 25 | G83: 9 | H83: 0.5 | I83: 0.17 | J83: =I83/H83 -> 0.34 | K83: 0 | L83: 0 | M83: =L83/K83 -> #DIV/0! | N83: Durante octubre se avanzó en la formulación del proyecto dirigido al sector de las curtiembres, se definieron los antecedentes, identificación de la problematica y una formulación preliminar de alternativas. Adicionalmente se avanzó en el inventario de curtiembres, se han identificado 309 usuarios.
B84: Articular, consolidar e iniciar la implementación de un plan de acción que oriente las acciones para afrontar los efectos del cambio climático en el Distrito Capital en el periodo 2020 - 2050 | C84: Documentos de lineamientos técnicos para mejorar la calidad ambiental de las áreas urbanas | D84: Documentos de lineamientos técnicos para para mejorar la calidad ambiental de las áreas urbanas elaborados. | E84: Número | F84: 25 | G84: 1 | H84: 0.5 | I84: 0.33 | J84: =I84/H84 -> 0.66 | K84: 0 | L84: 0 | M84: =L84/K84 -> #DIV/0! | N84: Avance en la formulación del Plan de Acción Climática y en algunas acciones priorizadas, que contribuyen a mejorar la calidad ambiental y reducir los efectos del cambio climático, en especial, mediante medidas de adaptación.
A85: NOVIEMBRE | B85: Promover el ecourbanismo y construcción sostenible | C85: Servicio de asistencia técnica para la incorporación de variables ambientales en la planificación sectorial | D85: Entidades y sectores asistidos técnicamente para la incorporación de variables ambientales en la planificación sectorial | E85: Número | F85: 25 | G85: 1000 | H85: 86 | I85: 67 | J85: =I85/H85 -> 0.77906977 | K85: 0 | L85: 0 | M85: =L85/K85 -> #DIV/0! | N85: Durante el mes de noviembre de 2020, se incorporó criterios de sostenibilidad ambiental a 11 proyectos, tanto en espacio público como en privado. Así mismo, se realizó la verificación a la incorporación de determinantes ambientales a 6 proyectos de infraestructura en el espacio público - Parques Distritales.
B86: Fortalecer las capacidades de las actividades económicas, hacia modelos con enfoque de sostenibilidad, economía circular e innovación que permita la transición hacia un crecimiento verde | C86: Servicio de asistencia técnica para la consolidación de negocios verdes | D86: Negocios verdes consolidados | E86: Número | F86: 25 | G86: 100 | H86: 10 | I86: 9 | J86: =I86/H86 -> 0.9 | K86: 0 | L86: 0 | M86: =L86/K86 -> #DIV/0! | N86: Se reconoce a UN (1) negocio verde en el mes de noviembre que obtienen un puntaje mayor del 53% en los criterios evaluados, generando un acumulado de nueve (9) negocios verdes. Adicionalmente, 10 negocios verdes fueron aceptados en el marco de la convocatoria de Innpulsa -Cree.
B87: Intervenir los sectores priorizados por el POMCA del Río Bogotá, a través de proyectos de producción más Limpia | C87: Servicio de divulgación de la incorporación de consideraciones ambientales en la planificación sectorial | D87: Campañas divulgadas | E87: Número | F87: 25 | G87: 9 | H87: 0.5 | I87: 0.34 | J87: =I87/H87 -> 0.68 | K87: 0 | L87: 0 | M87: =L87/K87 -> #DIV/0! | N87: Durante noviembre se avanzó en la formulación del proyecto dirigido al sector de las curtiembres, se definieron las alternativas de posibles proyectos, las cuales fueron priorizados a través de criterios, económicos, técnicos y legales. Esta priorización permitió establecer que la alternativa de mayor viabilidad es desarrollar un proyecto de Fortalecimiento de la cadena de valor del cuero sostenible. Adicionalmente para avanzar en el censo de curtiembres, actualmente se esta procesando la base de datos recibida de la camara de comercio.
B88: Articular, consolidar e iniciar la implementación de un plan de acción que oriente las acciones para afrontar los efectos del cambio climático en el Distrito Capital en el periodo 2020 - 2050 | C88: Documentos de lineamientos técnicos para mejorar la calidad ambiental de las áreas urbanas | D88: Documentos de lineamientos técnicos para para mejorar la calidad ambiental de las áreas urbanas elaborados. | E88: Número | F88: 25 | G88: 1 | H88: 0.5 | I88: 0.42 | J88: =I88/H88 -> 0.84 | K88: 0 | L88: 0 | M88: =L88/K88 -> #DIV/0! | N88: Avance en la formulación del Plan de Acción Climática; el documento se encuentra al 80%. También, se han realizado acciones priorizadas, que contribuyen a mejorar la calidad ambiental y reducir los efectos del cambio climático, en especial, mediante medidas de adaptación.
A89: DICIEMBRE | B89: Promover el ecourbanismo y construcción sostenible | C89: Servicio de asistencia técnica para la incorporación de variables ambientales en la planificación sectorial | D89: Entidades y sectores asistidos técnicamente para la incorporación de variables ambientales en la planificación sectorial | E89: Número | F89: 25 | G89: 1000 | H89: 86 | I89: 86 | J89: =I89/H89 -> 1 | K89: 0 | L89: 0 | M89: =L89/K89 -> #DIV/0! | N89: Durante el mes de diciembre de 2020, se incorporó y verifico criterios de sostenibilidad ambiental a diecinueve (19) proyectos. Así mismo, se brindo acompañamiento tecnico a 290 m2 de techos verdes y jardines verticales en la ciudad.
B90: Fortalecer las capacidades de las actividades económicas, hacia modelos con enfoque de sostenibilidad, economía circular e innovación que permita la transición hacia un crecimiento verde | C90: Servicio de asistencia técnica para la consolidación de negocios verdes | D90: Negocios verdes consolidados | E90: Número | F90: 25 | G90: 100 | H90: 10 | I90: 10 | J90: =I90/H90 -> 1 | K90: 0 | L90: 0 | M90: =L90/K90 -> #DIV/0! | N90: Se reconoce a un (1) negocio verde en el mes de diciembre que obtienen un puntaje mayor del 57% en los criterios evaluados, generando un acumulado de diez (10) negocios verdes que permiten el cumplimiento de la meta.
B91: Intervenir los sectores priorizados por el POMCA del Río Bogotá, a través de proyectos de producción más Limpia | C91: Servicio de divulgación de la incorporación de consideraciones ambientales en la planificación sectorial | D91: Campañas divulgadas | E91: Número | F91: 25 | G91: 9 | H91: 0.5 | I91: 0.5 | J91: =I91/H91 -> 1 | K91: 0 | L91: 0 | M91: =L91/K91 -> #DIV/0! | N91: Durante el mes de diciembre se avanzó en la formulación del proyecto dirigido al sector de las curtiembres. Se definieron objetivo general, específicos y se concluyo la fase de formulacion del proyecto. Adicionalmente, se avanzó en el diagnóstico ambiental sectorial. Todo esto sumado a la operación de la mesa de curtiembres y las demás reuniones de gestión requeridas. Así mismo, se apoyo el proceso de votación en presupuestos participativos para el desarrollo del Centro de Innovación Ambiental y de calidad CINAC".
B92: Articular, consolidar e iniciar la implementación de un plan de acción que oriente las acciones para afrontar los efectos del cambio climático en el Distrito Capital en el periodo 2020 - 2050 | C92: Documentos de lineamientos técnicos para mejorar la calidad ambiental de las áreas urbanas | D92: Documentos de lineamientos técnicos para para mejorar la calidad ambiental de las áreas urbanas elaborados. | E92: Número | F92: 25 | G92: 1 | H92: 0.5 | I92: 0.5 | J92: =I92/H92 -> 1 | K92: 0 | L92: 0 | M92: =L92/K92 -> #DIV/0! | N92: Plan de Acción Climática (versión 1) formulado. Ejecución de algunas acciones de adaptación al cambio climatico priorizadas, para mejorar la calidad ambiental y reducir los efectos del cambio climático.
A96: II PRODUCTO (FÍSICO) VIGENCIA 2021
A97: AÑO 2021 | B97: OBJETIVO ESPECÍFICO | C97: PRODUCTO MGA | D97: INDICADOR DE PRODUCTO | E97: UNIDAD DE MEDIDA | F97: % PESO 2021 | G97: META TOTAL PROYECTO 2000-2024 | H97: META VIGENCIA 2021 | I97: AVANCE VIGENCIA 2021 | J97: % AVANCE VIGENCIA 2021 | K97: META REZAGADA | L97: AVANCE REZAGADO | M97: %AVANCE RESERVA | N97: OBSERVACIÓN MENSUAL (200 Caracteres)
A98: ENERO | J98: =I98/H98 -> #DIV/0! | M98: =L98/K98 -> #DIV/0!
A99: FEBRERO | J99: =I99/H99 -> #DIV/0! | M99: =L99/K99 -> #DIV/0!
A100: MARZO | J100: =I100/H100 -> #DIV/0! | M100: =L100/K100 -> #DIV/0!
A101: ABRIL | J101: =I101/H101 -> #DIV/0! | M101: =L101/K101 -> #DIV/0!
A102: MAYO | J102: =I102/H102 -> #DIV/0! | M102: =L102/K102 -> #DIV/0!
A103: JUNIO | J103: =I103/H103 -> #DIV/0! | M103: =L103/K103 -> #DIV/0!
A104: JULIO | J104: =I104/H104 -> #DIV/0! | M104: =L104/K104 -> #DIV/0!
A105: AGOSTO | J105: =I105/H105 -> #DIV/0! | M105: =L105/K105 -> #DIV/0!
A106: SEPTIEMBRE | J106: =I106/H106 -> #DIV/0! | M106: =L106/K106 -> #DIV/0!
A107: OCTUBRE | J107: =I107/H107 -> #DIV/0! | M107: =L107/K107 -> #DIV/0!
A108: NOVIEMBRE | J108: =I108/H108 -> #DIV/0! | M108: =L108/K108 -> #DIV/0!
A109: DICIEMBRE | J109: =I109/H109 -> #DIV/0! | M109: =L109/K109 -> #DIV/0!
...

Sheet RevLin Cierre PAA 7794
A1: No. | B1: ID_Proyecto | C1: No de Proyecto | D1: 1.NoProceso | E1: 2.RubroPresupuestal | F1: 3. Objetivo General | G1: 4.Meta Plan de Desarrollo Distrital | H1: 5. Objetivos Específicos | I1: 6. Producto | J1: 7. Línea | K1: 8. Meta Proyecto de Inversión / Actividades | L1: 9. Fuente de los recursos | M1: 10. Tipo de gasto | N1: 11. Componente de gasto | O1: 12. Concepto de gasto | P1: 13.CódigoUNSPSC | Q1: 14. Descripción (Objeto Indicativo) | R1: 15.Fechaestimadadepresentaciondeprocesodeselección(mes) | S1: 16.Fechaestimadadeiniciodeprocesodeselección(mes) | T1: 17.DuracionestimadodelContrato (Numero) | U1: 18.DuracionestimadodelContrato (intervalo:días,meses,años) | V1: 19.Modalidaddeselección | W1: 20.Fuentedelosrecursos | X1: 21.Valortotalestimado | Y1: 22.Valorestimadoenlavigenciaactual | Z1: ProcesoSIPSE | AA1: ValorenTrAmiteSIPSE | AB1: MetaPAA | AC1: MetaSIPSE | AD1: ValidaMETA | AE1: # de Contrato SIPSE | AF1: #Contrato PREDIS | AG1: Valida CONTRATO | AH1: Beneficiario SIPSE | AI1: Beneficiario PREDIS | AJ1: Valida Beneficiario | AK1: Objeto PAA | AL1: Objeto SIPSE | AM1: Objeto PREDIS | AN1: Valida OBJETO | AO1: ConceptodeGastoPAA | AP1: Concepto de Gasto SIPSE | AQ1: Concepto de gasto PREDIS | AR1: Valida CONCEPTO | AS1: Fuente PAA | AT1: Fuente SIPSE | AU1: Fuente PREDIS | AV1: Valida FUENTE | AW1: # de CDP SIPSE | AX1: # de CDP PREDIS | AY1: Valida # de CDP | AZ1: Valor de CDP SIPSE | BA1: Valor CDP PREDIS | BB1: Valida valor CDP | BC1: # RP SIPSE | BD1: # de RP PREDIS | BE1: Valida # de RP | BF1: Valor RP SIPSE | BG1: Valor RP PREDIS | BH1: Valida Valor de RP | BI1: Giros PREDIS | BJ1: Diferencia | BK1: varios | BL1: varios 3
A2: 1 | B2: 1_7794 | C2: 7794 | D2: 1 | E2: 3-3-1-16-02-27-7794 | F2: FORTALECER LA INCLUSIÓN DE DETERMINANTES O ACCIONES DE SOSTENIBILIDAD Y GESTIÓN DEL CAMBIO CLIMÁTICO EN LOS PROYECTOS SECTORIALES Y DE ECOURBANISMO EN BOGOTÁ D.C. | G2: 200-REALIZAR LA GESTIÓN Y SEGUIMIENTO A LA APLICACIÓN DE LOS DETERMINANTES AMBIENTALES EN 1.000 PROYECTOS DE CIUDAD TOMANDO EN CUENTA MEDIDAS DE ADAPTACIÓN Y MITIGACIÓN A LA CRISIS CLIMÁTICA. | H2: PROMOVER EL ECOURBANISMO Y CONSTRUCCIÓN SOSTENIBLE | I2: SERVICIO DE ASISTENCIA TÉCNICA PARA LA INCORPORACIÓN DE VARIABLES AMBIENTALES EN LA PLANIFICACIÓN SECTORIAL | J2: ECOURBANISMO Y CONSTRUCCIÓN SOSTENIBLE | K2: REALIZAR A 600 PROYECTOS DE INFRAESTRUCTURA, LA GESTIÓN PARA LA APLICACIÓN DE DETERMINANTES AMBIENTALES. | L2: 12 - OTROS DISTRITO | M2: 03-RECURSO HUMANO | N2: 04-GASTOS DE PERSONAL OPERATIVO | O2: 0253-PERSONAL CONTRATADO PARA EJECUTAR LAS ACTUACIONES DE EVALUACIÓN CONTROL Y SEGUIMIENTO AMBIENTAL EN AMBIENTE URBANO | P2: 80111600 | Q2: REALIZAR LA GESTIÓN A LA APLICACIÓN DE DETERMINANTES AMBIENTALES A INSTRUMENTOS DE PLANEAMIENTO URBANO. | R2: 7 | S2: 8 | T2: 5 | U2: 1 | V2: CCE-05 | W2: 0 | X2: 33885000 | Y2: 33885000 | Z2: 9774 | AA2: 0 | AB2: REALIZAR A 600 PROYECTOS DE INFRAESTRUCTURA, LA GESTIÓN PARA LA APLICACIÓN DE DETERMINANTES AMBIENTALES. | AC2: REALIZAR A 600 PROYECTOS DE INFRAESTRUCTURA, LA GESTIÓN PARA LA APLICACIÓN DE DETERMINANTES AMBIENTALES. | AD2: OK | AE2: 20201224 | AF2: 20201224 | AG2: Validar | AH2: EDNA MARITZA BEDOYA GRISALES | AI2: EDNA MARITZA BEDOYA GRISALES | AJ2: OK | AK2: REALIZAR LA GESTION A LA APLICACION DE DETERMINANTES AMBIENTALES A INSTRUMENTOS DE PLANEAMIENTO URBANO | AL2: REALIZAR LA GESTION A LA APLICACION DE DETERMINANTES AMBIENTALES A INSTRUMENTOS DE PLANEAMIENTO URBANO | AM2: REALIZAR LA GESTION A LA APLICACION DE DETERMINANTES AMBIENTALES A INSTRUMENTOS DE PLANEAMIENTO URBANO | AN2: OK-PAA-PREDIS-Validar SIPSE | AO2: 253 | AP2: 253 | AQ2: 253 | AR2: OKs | AS2: 12 | AT2: 12 | AU2: 12 | AV2: OKs | AW2: 1701 | AX2: 1701 | AY2: OK | AZ2: 33885000 | BA2: 33885000 | BB2: OK | BC2: 1585 | BE2: Validar | BF2: 33885000 | BG2: 33885000 | BH2: OK | BI2: 33433200 | BJ2: 0 | BK2: 6325200 | BL2: 33885000
A3: 2 | B3: 2_7794 | C3: 7794 | D3: 2 | E3: 3-3-1-16-02-27-7794 | F3: FORTALECER LA INCLUSIÓN DE DETERMINANTES O ACCIONES DE SOSTENIBILIDAD Y GESTIÓN DEL CAMBIO CLIMÁTICO EN LOS PROYECTOS SECTORIALES Y DE ECOURBANISMO EN BOGOTÁ D.C. | G3: 200-REALIZAR LA GESTIÓN Y SEGUIMIENTO A LA APLICACIÓN DE LOS DETERMINANTES AMBIENTALES EN 1.000 PROYECTOS DE CIUDAD TOMANDO EN CUENTA MEDIDAS DE ADAPTACIÓN Y MITIGACIÓN A LA CRISIS CLIMÁTICA. | H3: PROMOVER EL ECOURBANISMO Y CONSTRUCCIÓN SOSTENIBLE | I3: SERVICIO DE ASISTENCIA TÉCNICA PARA LA INCORPORACIÓN DE VARIABLES AMBIENTALES EN LA PLANIFICACIÓN SECTORIAL | J3: ECOURBANISMO Y CONSTRUCCIÓN SOSTENIBLE | K3: REALIZAR A 600 PROYECTOS DE INFRAESTRUCTURA, LA GESTIÓN PARA LA APLICACIÓN DE DETERMINANTES AMBIENTALES. | L3: 12 - OTROS DISTRITO | M3: 03-RECURSO HUMANO | N3: 04-GASTOS DE PERSONAL OPERATIVO | O3: 0253-PERSONAL CONTRATADO PARA EJECUTAR LAS ACTUACIONES DE EVALUACIÓN CONTROL Y SEGUIMIENTO AMBIENTAL EN AMBIENTE URBANO | P3: 80111600 | Q3: GENERAR DETERMINANTES AMBIENTALES A PROYECTOS DE INFRAESTRUCTURA; ADEMAS DE REALIZAR LA GESTIÓN, SEGUIMIENTO Y REPORTE DEL AVANCE FISICO Y PRESUSPUESTAL EN EL MARCO DEL DESARROLLO DE ACCIONES PARA EL FORTALECIMIENTO DE LA GESTIÓN URBANA SECTORIAL, EL ECOURBANISMO Y EL CAMBIO CLIMÁTICO EN EL D.C. | R3: 7 | S3: 8 | T3: 5 | U3: 1 | V3: CCE-05 | W3: 0 | X3: 36335000 | Y3: 36335000 | Z3: 9744 | AA3: 0 | AB3: REALIZAR A 600 PROYECTOS DE INFRAESTRUCTURA, LA GESTIÓN PARA LA APLICACIÓN DE DETERMINANTES AMBIENTALES. | AC3: REALIZAR A 600 PROYECTOS DE INFRAESTRUCTURA, LA GESTIÓN PARA LA APLICACIÓN DE DETERMINANTES AMBIENTALES. | AD3: OK | AE3: 20201190 | AF3: 20201190 | AG3: Validar | AH3: ANGELA MARCELA MUÑOZ DIAZ | AI3: ANGELA MARCELA MUÑOZ DIAZ | AJ3: OK | AK3: GENERAR DETERMINANTES AMBIENTALES A PROYECTOS DE INFRAESTRUCTURA; ADEMAS DE REALIZAR LA GESTION, SEGUIMIENTO Y REPORTE DEL AVANCE FISICO Y PRESUSPUESTAL EN EL MARCO DEL DESARROLLO DE ACCIONES PARA EL FORTALECIMIENTO DE LA GESTION URBANA SECTORIAL, EL ECOURBANISMO Y EL CAMBIO CLIMATICO EN EL DC | AL3: GENERAR DETERMINANTES AMBIENTALES A PROYECTOS DE INFRAESTRUCTURA; ADEMAS DE REALIZAR LA GESTION, SEGUIMIENTO Y REPORTE DEL AVANCE FISICO Y PRESUSPUESTAL EN EL MARCO DEL DESARROLLO DE ACCIONES PARA EL FORTALECIMIENTO DE LA GESTION URBANA SECTORIAL, EL ECOURBANISMO Y EL CAMBIO CLIMATICO EN EL DC | AM3: GENERAR DETERMINANTES AMBIENTALES A PROYECTOS DE INFRAESTRUCTURA; ADEMAS DE REALIZAR LA GESTION, SEGUIMIENTO Y REPORTE DEL AVANCE FISICO Y PRESUSPUESTAL EN EL MARCO DEL DESARROLLO DE ACCIONES PARA EL FORTALECIMIENTO DE LA GESTION URBANA SECTORIAL, EL ECOURBANISMO Y EL CAMBIO CLIMATICO EN EL DC | AN3: OK-PAA-PREDIS-Validar SIPSE | AO3: 253 | AP3: 253 | AQ3: 253 | AR3: OKs | AS3: 12 | AT3: 12 | AU3: 12 | AV3: OKs | AW3: 1724 | AX3: 1724 | AY3: OK | AZ3: 36335000 | BA3: 36335000 | BB3: OK | BC3: 1535 | BE3: Validar | BF3: 36335000 | BG3: 36335000 | BH3: OK | BI3: 35850533 | BJ3: 0 | BK3: 6782533 | BL3: 36335000
A4: 3 | B4: 3_7794 | C4: 7794 | D4: 3 | E4: 3-3-1-16-02-27-7794 | F4: FORTALECER LA INCLUSIÓN DE DETERMINANTES O ACCIONES DE SOSTENIBILIDAD Y GESTIÓN DEL CAMBIO CLIMÁTICO EN LOS PROYECTOS SECTORIALES Y DE ECOURBANISMO EN BOGOTÁ D.C. | G4: 200-REALIZAR LA GESTIÓN Y SEGUIMIENTO A LA APLICACIÓN DE LOS DETERMINANTES AMBIENTALES EN 1.000 PROYECTOS DE CIUDAD TOMANDO EN CUENTA MEDIDAS DE ADAPTACIÓN Y MITIGACIÓN A LA CRISIS CLIMÁTICA. | H4: PROMOVER EL ECOURBANISMO Y CONSTRUCCIÓN SOSTENIBLE | I4: SERVICIO DE ASISTENCIA TÉCNICA PARA LA INCORPORACIÓN DE VARIABLES AMBIENTALES EN LA PLANIFICACIÓN SECTORIAL | J4: ECOURBANISMO Y CONSTRUCCIÓN SOSTENIBLE | K4: REALIZAR A 600 PROYECTOS DE INFRAESTRUCTURA, LA GESTIÓN PARA LA APLICACIÓN DE DETERMINANTES AMBIENTALES. | L4: 12 - OTROS DISTRITO | M4: 03-RECURSO HUMANO | N4: 04-GASTOS DE PERSONAL OPERATIVO | O4: 0253-PERSONAL CONTRATADO PARA EJECUTAR LAS ACTUACIONES DE EVALUACIÓN CONTROL Y SEGUIMIENTO AMBIENTAL EN AMBIENTE URBANO | P4: 80111600 | Q4: REALIZAR LA GESTION PARA LA INCORPORACIÓN DE DETERMINANTES AMBIENTALES EN INSTRUMENTOS DE PLANEACIÓN URBANA Y PROYECTOS DE INFRAESTRUCTURA BAJO EL ENFOQUE DE ECONOMIA CIRCULAR Y CRECIMIENTO VERDE. | R4: 7 | S4: 8 | T4: 4 | U4: 1 | V4: CCE-05 | W4: 0 | X4: 27108000 | Y4: 27108000 | Z4: 9776 | AA4: 0 | AB4: REALIZAR A 600 PROYECTOS DE INFRAESTRUCTURA, LA GESTIÓN PARA LA APLICACIÓN DE DETERMINANTES AMBIENTALES. | AC4: REALIZAR A 600 PROYECTOS DE INFRAESTRUCTURA, LA GESTIÓN PARA LA APLICACIÓN DE DETERMINANTES AMBIENTALES. | AD4: OK | AE4: 20201670 | AF4: 20201670 | AG4: Validar | AH4: MANUEL LEONARDO TELLEZ BELTRAN | AI4: MANUEL LEONARDO TELLEZ BELTRAN | AJ4: OK | AK4: REALIZAR LA GESTION PARA LA INCORPORACION DE DETERMINANTES AMBIENTALES EN INSTRUMENTOS DE PLANEACION URBANA Y PROYECTOS DE INFRAESTRUCTURA BAJO EL ENFOQUE DE ECONOMIA CIRCULAR Y CRECIMIENTO VERDE | AL4: REALIZAR LA GESTION PARA LA INCORPORACION DE DETERMINANTES AMBIENTALES EN INSTRUMENTOS DE PLANEACION URBANA Y PROYECTOS DE INFRAESTRUCTURA BAJO EL ENFOQUE DE ECONOMIA CIRCULAR Y CRECIMIENTO VERDE | AM4: REALIZAR LA GESTION PARA LA INCORPORACION DE DETERMINANTES AMBIENTALES EN INSTRUMENTOS DE PLANEACION URBANA Y PROYECTOS DE INFRAESTRUCTURA BAJO EL ENFOQUE DE ECONOMIA CIRCULAR Y CRECIMIENTO VERDE | AN4: OKs | AO4: 253 | AP4: 253 | AQ4: 253 | AR4: OKs | AS4: 12 | AT4: 12 | AU4: 12 | AV4: OKs | AW4: 1709 | AX4: 1709 | AY4: OK | AZ4: 27108000 | BA4: 27108000 | BB4: OK | BC4: 2056 | BE4: Validar | BF4: 27108000 | BG4: 27108000 | BH4: OK | BI4: 22815900 | BJ4: 0 | BK4: 0 | BL4: 27108000
A5: 4 | B5: 4_7794 | C5: 7794 | D5: 4 | E5: 3-3-1-16-02-27-7794 | F5: FORTALECER LA INCLUSIÓN DE DETERMINANTES O ACCIONES DE SOSTENIBILIDAD Y GESTIÓN DEL CAMBIO CLIMÁTICO EN LOS PROYECTOS SECTORIALES Y DE ECOURBANISMO EN BOGOTÁ D.C. | G5: 200-REALIZAR LA GESTIÓN Y SEGUIMIENTO A LA APLICACIÓN DE LOS DETERMINANTES AMBIENTALES EN 1.000 PROYECTOS DE CIUDAD TOMANDO EN CUENTA MEDIDAS DE ADAPTACIÓN Y MITIGACIÓN A LA CRISIS CLIMÁTICA. | H5: PROMOVER EL ECOURBANISMO Y CONSTRUCCIÓN SOSTENIBLE | I5: SERVICIO DE ASISTENCIA TÉCNICA PARA LA INCORPORACIÓN DE VARIABLES AMBIENTALES EN LA PLANIFICACIÓN SECTORIAL | J5: ECOURBANISMO Y CONSTRUCCIÓN SOSTENIBLE | K5: REALIZAR A 600 PROYECTOS DE INFRAESTRUCTURA, LA GESTIÓN PARA LA APLICACIÓN DE DETERMINANTES AMBIENTALES. | L5: 12 - OTROS DISTRITO | M5: 03-RECURSO HUMANO | N5: 04-GASTOS DE PERSONAL OPERATIVO | O5: 0253-PERSONAL CONTRATADO PARA EJECUTAR LAS ACTUACIONES DE EVALUACIÓN CONTROL Y SEGUIMIENTO AMBIENTAL EN AMBIENTE URBANO | P5: 80111600 | Q5: LIDERAR LAS ACTIVIDADES RELACIONADAS CON LA GESTION Y SEGUIMIENTO A DETERMINANTES AMBIENTALES EN PROYECTOS DE INFRAESTRUCTURA, EN LA LINEA DE ECOURBANISMO, CONSTRUCCIÓN SOSTENIBLE Y CRECIMIENTO VERDE.. | R5: 7 | S5: 8 | T5: 5 | U5: 1 | V5: CCE-05 | W5: 0 | X5: 36335000 | Y5: 36335000 | Z5: 9756 | AA5: 0 | AB5: REALIZAR A 600 PROYECTOS DE INFRAESTRUCTURA, LA GESTIÓN PARA LA APLICACIÓN DE DETERMINANTES AMBIENTALES. | AC5: REALIZAR A 600 PROYECTOS DE INFRAESTRUCTURA, LA GESTIÓN PARA LA APLICACIÓN DE DETERMINANTES AMBIENTALES. | AD5: OK | AE5: 20201212 | AF5: 20201212 | AG5: Validar | AH5: LILIAN ROCIO BERNAL GUERRA | AI5: LILIAN ROCIO BERNAL GUERRA | AJ5: OK | AK5: LIDERAR LAS ACTIVIDADES RELACIONADAS CON LA GESTION Y SEGUIMIENTO A DETERMINANTES AMBIENTALES EN PROYECTOS DE INFRAESTRUCTURA, EN LA LINEA DE ECOURBANISMO, CONSTRUCCION SOSTENIBLE Y CRECIMIENTO VERDE | AL5: LIDERAR LAS ACTIVIDADES RELACIONADAS CON LA GESTION Y SEGUIMIENTO A DETERMINANTES AMBIENTALES EN PROYECTOS DE INFRAESTRUCTURA, EN LA LINEA DE ECOURBANISMO, CONSTRUCCION SOSTENIBLE Y CRECIMIENTO VERDE | AM5: LIDERAR LAS ACTIVIDADES RELACIONADAS CON LA GESTION Y SEGUIMIENTO A DETERMINANTES AMBIENTALES EN PROYECTOS DE INFRAESTRUCTURA, EN LA LINEA DE ECOURBANISMO, CONSTRUCCION SOSTENIBLE Y CRECIMIENTO VERDE | AN5: OKs | AO5: 253 | AP5: 253 | AQ5: 253 | AR5: OKs | AS5: 12 | AT5: 12 | AU5: 12 | AV5: OKs | AW5: 1715 | AX5: 1715 | AY5: OK | AZ5: 36335000 | BA5: 36335000 | BB5: OK | BC5: 1560 | BE5: Validar | BF5: 36335000 | BG5: 36335000 | BH5: OK | BI5: 35850533 | BJ5: 0 | BK5: 6782533 | BL5: 36335000
A6: 5 | B6: 5_7794 | C6: 7794 | D6: 5 | E6: 3-3-1-16-02-27-7794 | F6: FORTALECER LA INCLUSIÓN DE DETERMINANTES O ACCIONES DE SOSTENIBILIDAD Y GESTIÓN DEL CAMBIO CLIMÁTICO EN LOS PROYECTOS SECTORIALES Y DE ECOURBANISMO EN BOGOTÁ D.C. | G6: 200-REALIZAR LA GESTIÓN Y SEGUIMIENTO A LA APLICACIÓN DE LOS DETERMINANTES AMBIENTALES EN 1.000 PROYECTOS DE CIUDAD TOMANDO EN CUENTA MEDIDAS DE ADAPTACIÓN Y MITIGACIÓN A LA CRISIS CLIMÁTICA. | H6: PROMOVER EL ECOURBANISMO Y CONSTRUCCIÓN SOSTENIBLE | I6: SERVICIO DE ASISTENCIA TÉCNICA PARA LA INCORPORACIÓN DE VARIABLES AMBIENTALES EN LA PLANIFICACIÓN SECTORIAL | J6: ECOURBANISMO Y CONSTRUCCIÓN SOSTENIBLE | K6: REALIZAR A 600 PROYECTOS DE INFRAESTRUCTURA, LA GESTIÓN PARA LA APLICACIÓN DE DETERMINANTES AMBIENTALES. | L6: 12 - OTROS DISTRITO | M6: 03-RECURSO HUMANO | N6: 04-GASTOS DE PERSONAL OPERATIVO | O6: 0253-PERSONAL CONTRATADO PARA EJECUTAR LAS ACTUACIONES DE EVALUACIÓN CONTROL Y SEGUIMIENTO AMBIENTAL EN AMBIENTE URBANO | P6: 80111600 | Q6: EVALUAR EL COMPONENTE FORESTAL Y PAISAJÍSTICO PARA LA APLICACIÓN DE DETERMINANTES AMBIENTALES EN PROYECTOS DE INFRAESTRUCTURA. | R6: 7 | S6: 8 | T6: 5 | U6: 1 | V6: CCE-05 | W6: 0 | X6: 33885000 | Y6: 33885000 | Z6: 9777 | AA6: 0 | AB6: REALIZAR A 600 PROYECTOS DE INFRAESTRUCTURA, LA GESTIÓN PARA LA APLICACIÓN DE DETERMINANTES AMBIENTALES. | AC6: REALIZAR A 600 PROYECTOS DE INFRAESTRUCTURA, LA GESTIÓN PARA LA APLICACIÓN DE DETERMINANTES AMBIENTALES. | AD6: OK | AE6: 20201286 | AF6: 20201286 | AG6: Validar | AH6: RICHARD MAURICIO CAPOTE MOSQUERA | AI6: RICHARD MAURICIO CAPOTE MOSQUERA | AJ6: OK | AK6: EVALUAR EL COMPONENTE FORESTAL Y PAISAJISTICO PARA LA APLICACION DE DETERMINANTES AMBIENTALES EN PROYECTOS DE INFRAESTRUCTURA | AL6: EVALUAR EL COMPONENTE FORESTAL Y PAISAJISTICO PARA LA APLICACION DE DETERMINANTES AMBIENTALES EN PROYECTOS DE INFRAESTRUCTURA | AM6: EVALUAR EL COMPONENTE FORESTAL Y PAISAJISTICO PARA LA APLICACION DE DETERMINANTES AMBIENTALES EN PROYECTOS DE INFRAESTRUCTURA | AN6: OKs | AO6: 253 | AP6: 253 | AQ6: 253 | AR6: OKs | AS6: 12 | AT6: 12 | AU6: 12 | AV6: OKs | AW6: 1704 | AX6: 1704 | AY6: OK | AZ6: 33885000 | BA6: 33885000 | BB6: OK | BC6: 1658 | BE6: Validar | BF6: 33885000 | BG6: 33885000 | BH6: OK | BI6: 32981400 | BJ6: 0 | BK6: 5873400 | BL6: 33885000
A7: 6 | B7: 6_7794 | C7: 7794 | D7: 6 | E7: 3-3-1-16-02-27-7794 | F7: FORTALECER LA INCLUSIÓN DE DETERMINANTES O ACCIONES DE SOSTENIBILIDAD Y GESTIÓN DEL CAMBIO CLIMÁTICO EN LOS PROYECTOS SECTORIALES Y DE ECOURBANISMO EN BOGOTÁ D.C. | G7: 200-REALIZAR LA GESTIÓN Y SEGUIMIENTO A LA APLICACIÓN DE LOS DETERMINANTES AMBIENTALES EN 1.000 PROYECTOS DE CIUDAD TOMANDO EN CUENTA MEDIDAS DE ADAPTACIÓN Y MITIGACIÓN A LA CRISIS CLIMÁTICA. | H7: PROMOVER EL ECOURBANISMO Y CONSTRUCCIÓN SOSTENIBLE | I7: SERVICIO DE ASISTENCIA TÉCNICA PARA LA INCORPORACIÓN DE VARIABLES AMBIENTALES EN LA PLANIFICACIÓN SECTORIAL | J7: ECOURBANISMO Y CONSTRUCCIÓN SOSTENIBLE | K7: REALIZAR A 600 PROYECTOS DE INFRAESTRUCTURA, LA GESTIÓN PARA LA APLICACIÓN DE DETERMINANTES AMBIENTALES. | L7: 12 - OTROS DISTRITO | M7: 03-RECURSO HUMANO | N7: 04-GASTOS DE PERSONAL OPERATIVO | O7: 0253-PERSONAL CONTRATADO PARA EJECUTAR LAS ACTUACIONES DE EVALUACIÓN CONTROL Y SEGUIMIENTO AMBIENTAL EN AMBIENTE URBANO | P7: 80111600 | Q7: REALIZAR LA GESTIÓN, MEDICIÓN Y VERIFICACION EN LA INCORPORACION DE DETERMINANTES AMBIENTALES A LOS PROYECTOS DE INFRAESTRUCTURA QUE HACEN PARTE DEL PROGRAMA BOGOTÁ CONSTRUCCIÓN SOSTENIBLE, COMO APORTE A LA ADAPTACION AL CAMBIO CLIMATICO. | R7: 7 | S7: 8 | T7: 4 | U7: 1 | V7: CCE-05 | W7: 0 | X7: 16888000 | Y7: 16888000 | Z7: 9780 | AA7: 0 | AB7: REALIZAR A 600 PROYECTOS DE INFRAESTRUCTURA, LA GESTIÓN PARA LA APLICACIÓN DE DETERMINANTES AMBIENTALES. | AC7: REALIZAR A 600 PROYECTOS DE INFRAESTRUCTURA, LA GESTIÓN PARA LA APLICACIÓN DE DETERMINANTES AMBIENTALES. | AD7: OK | AE7: 20201729 | AF7: 20201729 | AG7: Validar | AH7: MARIA ADELA DELGADO REYES | AI7: MARIA ADELA DELGADO REYES | AJ7: OK | AK7: REALIZAR LA GESTION, MEDICION Y VERIFICACION EN LA INCORPORACION DE DETERMINANTES AMBIENTALES A LOS PROYECTOS DE INFRAESTRUCTURA QUE HACEN PARTE DEL PROGRAMA BOGOTA CONSTRUCCION SOSTENIBLE, COMO APORTE A LA ADAPTACION AL CAMBIO CLIMATICO | AL7: REALIZAR LA GESTION, MEDICION Y VERIFICACION EN LA INCORPORACION DE DETERMINANTES AMBIENTALES A LOS PROYECTOS DE INFRAESTRUCTURA QUE HACEN PARTE DEL PROGRAMA BOGOTA CONSTRUCCION SOSTENIBLE, COMO APORTE A LA ADAPTACION AL CAMBIO CLIMATICO | AM7: REALIZAR LA GESTION, MEDICION Y VERIFICACION EN LA INCORPORACION DE DETERMINANTES AMBIENTALES A LOS PROYECTOS DE INFRAESTRUCTURA QUE HACEN PARTE DEL PROGRAMA BOGOTA CONSTRUCCION SOSTENIBLE, COMO APORTE A LA ADAPTACION AL CAMBIO CLIMATICO | AN7: OKs | AO7: 253 | AP7: 253 | AQ7: 253 | AR7: OKs | AS7: 12 | AT7: 12 | AU7: 12 | AV7: OKs | AW7: 1721 | AX7: 1721 | AY7: OK | AZ7: 16888000 | BA7: 16888000 | BB7: OK | BC7: 2115 | BE7: Validar | BF7: 16888000 | BG7: 16888000 | BH7: OK | BI7: 16888000 | BJ7: 0 | BK7: 1688800 | BL7: 16888000
A8: 7 | B8: 7_7794 | C8: 7794 | D8: 7 | E8: 3-3-1-16-02-27-7794 | F8: FORTALECER LA INCLUSIÓN DE DETERMINANTES O ACCIONES DE SOSTENIBILIDAD Y GESTIÓN DEL CAMBIO CLIMÁTICO EN LOS PROYECTOS SECTORIALES Y DE ECOURBANISMO EN BOGOTÁ D.C. | G8: 200-REALIZAR LA GESTIÓN Y SEGUIMIENTO A LA APLICACIÓN DE LOS DETERMINANTES AMBIENTALES EN 1.000 PROYECTOS DE CIUDAD TOMANDO EN CUENTA MEDIDAS DE ADAPTACIÓN Y MITIGACIÓN A LA CRISIS CLIMÁTICA. | H8: PROMOVER EL ECOURBANISMO Y CONSTRUCCIÓN SOSTENIBLE | I8: SERVICIO DE ASISTENCIA TÉCNICA PARA LA INCORPORACIÓN DE VARIABLES AMBIENTALES EN LA PLANIFICACIÓN SECTORIAL | J8: ECOURBANISMO Y CONSTRUCCIÓN SOSTENIBLE | K8: REALIZAR A 600 PROYECTOS DE INFRAESTRUCTURA, LA GESTIÓN PARA LA APLICACIÓN DE DETERMINANTES AMBIENTALES. | L8: 12 - OTROS DISTRITO | M8: 03-RECURSO HUMANO | N8: 04-GASTOS DE PERSONAL OPERATIVO | O8: 0253-PERSONAL CONTRATADO PARA EJECUTAR LAS ACTUACIONES DE EVALUACIÓN CONTROL Y SEGUIMIENTO AMBIENTAL EN AMBIENTE URBANO | P8: 80111600 | Q8: GENERAR ESTRATEGIAS PARA EL FORTALECIMIENTO DEL PROGRAMA BOGOTA CONSTRUCCION SOSTENIBLE, CON ENFOQUE DE CRECIMIENTO VERDE QUE PERMITA AL SECTOR CONSTRUCCIÓN APORTAR A LA GESTIÓN DE LA CRISIS CLIMATICA | R8: 7 | S8: 8 | T8: 4 | U8: 1 | V8: CCE-05 | W8: 0 | X8: 27108000 | Y8: 27108000 | Z8: 9760 | AA8: 0 | AB8: REALIZAR A 600 PROYECTOS DE INFRAESTRUCTURA, LA GESTIÓN PARA LA APLICACIÓN DE DETERMINANTES AMBIENTALES. | AC8: REALIZAR A 600 PROYECTOS DE INFRAESTRUCTURA, LA GESTIÓN PARA LA APLICACIÓN DE DETERMINANTES AMBIENTALES. | AD8: OK | AE8: 20202078 | AF8: 20202078 | AG8: Validar | AH8: SANDRO JAVIER MUÑOZ SANCHEZ | AI8: SANDRO JAVIER MUÑOZ SANCHEZ | AJ8: OK | AK8: GENERAR ESTRATEGIAS PARA EL FORTALECIMIENTO DEL PROGRAMA BOGOTA CONSTRUCCION SOSTENIBLE, CON ENFOQUE DE CRECIMIENTO VERDE QUE PERMITA AL SECTOR CONSTRUCCION APORTAR A LA GESTION DE LA CRISIS CLIMATICA | AL8: GENERAR ESTRATEGIAS PARA EL FORTALECIMIENTO DEL PROGRAMA BOGOTA CONSTRUCCION SOSTENIBLE, CON ENFOQUE DE CRECIMIENTO VERDE QUE PERMITA AL SECTOR CONSTRUCCION APORTAR A LA GESTION DE LA CRISIS CLIMATICA | AM8: GENERAR ESTRATEGIAS PARA EL FORTALECIMIENTO DEL PROGRAMA BOGOTA CONSTRUCCION SOSTENIBLE, CON ENFOQUE DE CRECIMIENTO VERDE QUE PERMITA AL SECTOR CONSTRUCCION APORTAR A LA GESTION DE LA CRISIS CLIMATICA | AN8: OKs | AO8: 253 | AP8: 253 | AQ8: 253 | AR8: OKs | AS8: 12 | AT8: 12 | AU8: 12 | AV8: OKs | AW8: 1720 | AX8: 1720 | AY8: OK | AZ8: 27108000 | BA8: 27108000 | BB8: OK | BC8: 2528 | BE8: Validar | BF8: 27108000 | BG8: 27108000 | BH8: OK | BI8: 21234600 | BJ8: 0 | BK8: 0 | BL8: 27108000
A9: 8 | B9: 8_7794 | C9: 7794 | D9: 8 | E9: 3-3-1-16-02-27-7794 | F9: FORTALECER LA INCLUSIÓN DE DETERMINANTES O ACCIONES DE SOSTENIBILIDAD Y GESTIÓN DEL CAMBIO CLIMÁTICO EN LOS PROYECTOS SECTORIALES Y DE ECOURBANISMO EN BOGOTÁ D.C. | G9: 200-REALIZAR LA GESTIÓN Y SEGUIMIENTO A LA APLICACIÓN DE LOS DETERMINANTES AMBIENTALES EN 1.000 PROYECTOS DE CIUDAD TOMANDO EN CUENTA MEDIDAS DE ADAPTACIÓN Y MITIGACIÓN A LA CRISIS CLIMÁTICA. | H9: PROMOVER EL ECOURBANISMO Y CONSTRUCCIÓN SOSTENIBLE | I9: SERVICIO DE ASISTENCIA TÉCNICA PARA LA INCORPORACIÓN DE VARIABLES AMBIENTALES EN LA PLANIFICACIÓN SECTORIAL | J9: ECOURBANISMO Y CONSTRUCCIÓN SOSTENIBLE | K9: REALIZAR A 600 PROYECTOS DE INFRAESTRUCTURA, LA GESTIÓN PARA LA APLICACIÓN DE DETERMINANTES AMBIENTALES. | L9: 12 - OTROS DISTRITO | M9: 03-RECURSO HUMANO | N9: 04-GASTOS DE PERSONAL OPERATIVO | O9: 0253-PERSONAL CONTRATADO PARA EJECUTAR LAS ACTUACIONES DE EVALUACIÓN CONTROL Y SEGUIMIENTO AMBIENTAL EN AMBIENTE URBANO | P9: 80111600 | Q9: GENERAR ESTRATEGIAS DE PROMOCIÓN EN DESARROLLO DEL PROGRAMA BOGOTÁ CONSTRUCCIÓN SOSTENIBLE, INCORPORANDO DETERMINANTES AMBIENTALES A LOS PROYECTOS INSCRITOS. | R9: 7 | S9: 8 | T9: 4 | U9: 1 | V9: CCE-05 | W9: 0 | X9: 16888000 | Y9: 16888000 | Z9: 9752 | AA9: 0 | AB9: REALIZAR A 600 PROYECTOS DE INFRAESTRUCTURA, LA GESTIÓN PARA LA APLICACIÓN DE DETERMINANTES AMBIENTALES. | AC9: REALIZAR A 600 PROYECTOS DE INFRAESTRUCTURA, LA GESTIÓN PARA LA APLICACIÓN DE DETERMINANTES AMBIENTALES. | AD9: OK | AE9: 20201840 | AF9: 20201840 | AG9: Validar | AH9: JUAN NICOLAS RINCON ARANGO | AI9: JUAN NICOLAS RINCON ARANGO | AJ9: OK | AK9: GENERAR ESTRATEGIAS DE PROMOCION EN DESARROLLO DEL PROGRAMA BOGOTA CONSTRUCCION SOSTENIBLE, INCORPORANDO DETERMINANTES AMBIENTALES A LOS PROYECTOS INSCRITOS | AL9: GENERAR ESTRATEGIAS DE PROMOCION EN DESARROLLO DEL PROGRAMA BOGOTA CONSTRUCCION SOSTENIBLE, INCORPORANDO DETERMINANTES AMBIENTALES A LOS PROYECTOS INSCRITOS | AM9: GENERAR ESTRATEGIAS DE PROMOCION EN DESARROLLO DEL PROGRAMA BOGOTA CONSTRUCCION SOSTENIBLE, INCORPORANDO DETERMINANTES AMBIENTALES A LOS PROYECTOS INSCRITOS | AN9: OKs | AO9: 253 | AP9: 253 | AQ9: 253 | AR9: OKs | AS9: 12 | AT9: 12 | AU9: 12 | AV9: OKs | AW9: 1725 | AX9: 1725 | AY9: OK | AZ9: 16888000 | BA9: 16888000 | BB9: OK | BC9: 2191 | BE9: Validar | BF9: 16888000 | BG9: 16888000 | BH9: OK | BI9: 16888000 | BJ9: 0 | BK9: 0 | BL9: 16888000
A10: 9 | B10: 9_7794 | C10: 7794 | D10: 9 | E10: 3-3-1-16-02-27-7794 | F10: FORTALECER LA INCLUSIÓN DE DETERMINANTES O ACCIONES DE SOSTENIBILIDAD Y GESTIÓN DEL CAMBIO CLIMÁTICO EN LOS PROYECTOS SECTORIALES Y DE ECOURBANISMO EN BOGOTÁ D.C. | G10: 200-REALIZAR LA GESTIÓN Y SEGUIMIENTO A LA APLICACIÓN DE LOS DETERMINANTES AMBIENTALES EN 1.000 PROYECTOS DE CIUDAD TOMANDO EN CUENTA MEDIDAS DE ADAPTACIÓN Y MITIGACIÓN A LA CRISIS CLIMÁTICA. | H10: PROMOVER EL ECOURBANISMO Y CONSTRUCCIÓN SOSTENIBLE | I10: SERVICIO DE ASISTENCIA TÉCNICA PARA LA INCORPORACIÓN DE VARIABLES AMBIENTALES EN LA PLANIFICACIÓN SECTORIAL | J10: ECOURBANISMO Y CONSTRUCCIÓN SOSTENIBLE | K10: REALIZAR A 600 PROYECTOS DE INFRAESTRUCTURA, LA GESTIÓN PARA LA APLICACIÓN DE DETERMINANTES AMBIENTALES. | L10: 12 - OTROS DISTRITO | M10: 03-RECURSO HUMANO | N10: 04-GASTOS DE PERSONAL OPERATIVO | O10: 0253-PERSONAL CONTRATADO PARA EJECUTAR LAS ACTUACIONES DE EVALUACIÓN CONTROL Y SEGUIMIENTO AMBIENTAL EN AMBIENTE URBANO | P10: 80111600 | Q10: DESARROLLAR LA GESTIÓN Y SEGUIMIENTO A LOS PROCESOS CONTRACTUALES REQUERIDOS EN LOS PROCESOS PARA EL FORTALECIMIENTO DE LA GESTIÓN URBANA SECTORIAL , EL ECOURBANISMO Y EL CAMBIO CLIMATICO EN EL D.C. | R10: 7 | S10: 8 | T10: 5 | U10: 1 | V10: CCE-05 | W10: 0 | X10: 24305000 | Y10: 24305000 | Z10: 9750 | AA10: 0 | AB10: REALIZAR A 600 PROYECTOS DE INFRAESTRUCTURA, LA GESTIÓN PARA LA APLICACIÓN DE DETERMINANTES AMBIENTALES. | AC10: REALIZAR A 600 PROYECTOS DE INFRAESTRUCTURA, LA GESTIÓN PARA LA APLICACIÓN DE DETERMINANTES AMBIENTALES. | AD10: OK | AE10: 20201231 | AF10: 20201231 | AG10: Validar | AH10: ABEL JEAN PIER GONZALEZ CASTILLO | AI10: ABEL JEAN PIER GONZALEZ CASTILLO | AJ10: OK | AK10: DESARROLLAR LA GESTION Y SEGUIMIENTO A LOS PROCESOS CONTRACTUALES REQUERIDOS EN LOS PROCESOS PARA EL FORTALECIMIENTO DE LA GESTION URBANA SECTORIAL , EL ECOURBANISMO Y EL CAMBIO CLIMATICO EN EL DC | AL10: DESARROLLAR LA GESTION Y SEGUIMIENTO A LOS PROCESOS CONTRACTUALES REQUERIDOS EN LOS PROCESOS PARA EL FORTALECIMIENTO DE LA GESTION URBANA SECTORIAL , EL ECOURBANISMO Y EL CAMBIO CLIMATICO EN EL DC | AM10: DESARROLLAR LA GESTION Y SEGUIMIENTO A LOS PROCESOS CONTRACTUALES REQUERIDOS EN LOS PROCESOS PARA EL FORTALECIMIENTO DE LA GESTION URBANA SECTORIAL, EL ECOURBANISMO Y EL CAMBIO CLIMATICO EN EL DC | AN10: Validar | AO10: 253 | AP10: 253 | AQ10: 253 | AR10: OKs | AS10: 12 | AT10: 12 | AU10: 12 | AV10: OKs | AW10: 1727 | AX10: 1727 | AY10: OK | AZ10: 24305000 | BA10: 24305000 | BB10: OK | BC10: 1584 | BE10: Validar | BF10: 24305000 | BG10: 24305000 | BH10: OK | BI10: 23980933 | BJ10: 0 | BK10: 4536933 | BL10: 24305000
A11: 10 | B11: 10_7794 | C11: 7794 | D11: 10 | E11: 3-3-1-16-02-27-7794 | F11: FORTALECER LA INCLUSIÓN DE DETERMINANTES O ACCIONES DE SOSTENIBILIDAD Y GESTIÓN DEL CAMBIO CLIMÁTICO EN LOS PROYECTOS SECTORIALES Y DE ECOURBANISMO EN BOGOTÁ D.C. | G11: 200-REALIZAR LA GESTIÓN Y SEGUIMIENTO A LA APLICACIÓN DE LOS DETERMINANTES AMBIENTALES EN 1.000 PROYECTOS DE CIUDAD TOMANDO EN CUENTA MEDIDAS DE ADAPTACIÓN Y MITIGACIÓN A LA CRISIS CLIMÁTICA. | H11: PROMOVER EL ECOURBANISMO Y CONSTRUCCIÓN SOSTENIBLE | I11: SERVICIO DE ASISTENCIA TÉCNICA PARA LA INCORPORACIÓN DE VARIABLES AMBIENTALES EN LA PLANIFICACIÓN SECTORIAL | J11: ECOURBANISMO Y CONSTRUCCIÓN SOSTENIBLE | K11: REALIZAR A 600 PROYECTOS DE INFRAESTRUCTURA, LA GESTIÓN PARA LA APLICACIÓN DE DETERMINANTES AMBIENTALES. | L11: 12 - OTROS DISTRITO | M11: 03-RECURSO HUMANO | N11: 04-GASTOS DE PERSONAL OPERATIVO | O11: 0253-PERSONAL CONTRATADO PARA EJECUTAR LAS ACTUACIONES DE EVALUACIÓN CONTROL Y SEGUIMIENTO AMBIENTAL EN AMBIENTE URBANO | P11: 80111600 | Q11: REALIZAR LA GESTION Y TRAMITES ADMINISTRATIVOS DERIVADOS DE LAS ACCIONES RELACIONADAS CON LA APLICACIÓN Y SEGUIMIENTO A DETERMINANTES AMBIENTALES EN PROYECTOS DE INFRAESTRUCTURA, PARA EL FORTALECIMIENTO DE LA GESTIÓN URBANA SECTORIAL , EL ECOURBANISMO Y EL CAMBIO CLIMATICO EN EL D.C. | R11: 7 | S11: 8 | T11: 5 | U11: 1 | V11: CCE-05 | W11: 0 | X11: 9720000 | Y11: 9720000 | Z11: 9788 | AA11: 0 | AB11: REALIZAR A 600 PROYECTOS DE INFRAESTRUCTURA, LA GESTIÓN PARA LA APLICACIÓN DE DETERMINANTES AMBIENTALES. | AC11: REALIZAR A 600 PROYECTOS DE INFRAESTRUCTURA, LA GESTIÓN PARA LA APLICACIÓN DE DETERMINANTES AMBIENTALES. | AD11: OK | AE11: 20201263 | AF11: 20201263 | AG11: Validar | AH11: LIZ CATHERINE MOLINA MARTINEZ | AI11: LIZ CATHERINE MOLINA MARTINEZ | AJ11: OK | AK11: REALIZAR LA GESTION Y TRAMITES ADMINISTRATIVOS DERIVADOS DE LAS ACCIONES RELACIONADAS CON LA APLICACION Y SEGUIMIENTO A DETERMINANTES AMBIENTALES EN PROYECTOS DE INFRAESTRUCTURA, PARA EL FORTALECIMIENTO DE LA GESTION URBANA SECTORIAL , EL ECOURBANISMO Y EL CAMBIO CLIMATICO EN EL DC | AL11: REALIZAR LA GESTION Y TRAMITES ADMINISTRATIVOS DERIVADOS DE LAS ACCIONES RELACIONADAS CON LA APLICACION Y SEGUIMIENTO A DETERMINANTES AMBIENTALES EN PROYECTOS DE INFRAESTRUCTURA, PARA EL FORTALECIMIENTO DE LA GESTION URBANA SECTORIAL , EL ECOURBANISMO Y EL CAMBIO CLIMATICO EN EL DC | AM11: REALIZAR LA GESTION Y TRAMITES ADMINISTRATIVOS DERIVADOS DE LAS ACCIONES RELACIONADAS CON LA APLICACION Y SEGUIMIENTO A DETERMINANTES AMBIENTALES EN PROYECTOS DE INFRAESTRUCTURA, PARA EL FORTALECIMIENTO DE LA GESTION URBANA SECTORIAL, EL ECOURBANISMO Y EL CAMBIO CLIMATICO EN EL DC | AN11: OK-PAA-SIPSE-Validar PREDIS | AO11: 253 | AP11: 253 | AQ11: 253 | AR11: OKs | AS11: 12 | AT11: 12 | AU11: 12 | AV11: OKs | AW11: 1726 | AX11: 1726 | AY11: OK | AZ11: 9720000 | BA11: 9720000 | BB11: OK | BC11: 1574 | BE11: Validar | BF11: 9720000 | BG11: 9720000 | BH11: OK | BI11: 9590400 | BJ11: 0 | BK11: 1814400 | BL11: 9720000
A12: 11 | B12: 11_7794 | C12: 7794 | D12: 11 | E12: 3-3-1-16-02-27-7794 | F12: FORTALECER LA INCLUSIÓN DE DETERMINANTES O ACCIONES DE SOSTENIBILIDAD Y GESTIÓN DEL CAMBIO CLIMÁTICO EN LOS PROYECTOS SECTORIALES Y DE ECOURBANISMO EN BOGOTÁ D.C. | G12: 200-REALIZAR LA GESTIÓN Y SEGUIMIENTO A LA APLICACIÓN DE LOS DETERMINANTES AMBIENTALES EN 1.000 PROYECTOS DE CIUDAD TOMANDO EN CUENTA MEDIDAS DE ADAPTACIÓN Y MITIGACIÓN A LA CRISIS CLIMÁTICA. | H12: PROMOVER EL ECOURBANISMO Y CONSTRUCCIÓN SOSTENIBLE | I12: SERVICIO DE ASISTENCIA TÉCNICA PARA LA INCORPORACIÓN DE VARIABLES AMBIENTALES EN LA PLANIFICACIÓN SECTORIAL | J12: ECOURBANISMO Y CONSTRUCCIÓN SOSTENIBLE | K12: REALIZAR A 600 PROYECTOS DE INFRAESTRUCTURA, LA GESTIÓN PARA LA APLICACIÓN DE DETERMINANTES AMBIENTALES. | L12: 12 - OTROS DISTRITO | M12: 02-DOTACIÓN | N12: 06-GASTOS OPERATIVOS | O12: 0037-GASTOS DE TRANSPORTE | P12: 78101800;78111800 | Q12: ADICIÓN CONTRATO 20191385 PARA PRESTAR EL SERVICIO DE TRANSPORTE PÚBLICO TERRESTRE AUTOMOTOR ESPECIAL DE PASAJEROS Y DE CARGA PARA EL DESARROLLO DE LAS ACTIVIDADES MISIONALES Y DE INVERSIÓN QUE ADELANTE LA SECRETARIA DISTRITAL DE AMBIENTE | R12: 7 | S12: 7 | T12: 3 | U12: 1 | V12: CCE-02 | W12: 0 | X12: 50000000 | Y12: 50000000 | Z12: 11167 | AA12: 0 | AB12: REALIZAR A 600 PROYECTOS DE INFRAESTRUCTURA, LA GESTIÓN PARA LA APLICACIÓN DE DETERMINANTES AMBIENTALES. | AC12: REALIZAR A 600 PROYECTOS DE INFRAESTRUCTURA, LA GESTIÓN PARA LA APLICACIÓN DE DETERMINANTES AMBIENTALES. | AD12: OK | AF12: 20191385 | AG12: Por Cargar en SIPSE | AI12: UNION TEMPORAL UNIDOS POR EL AMBIENTE 20 19 | AJ12: Validar | AK12: ADICION CONTRATO 20191385 PARA PRESTAR EL SERVICIO DE TRANSPORTE PUBLICO TERRESTRE AUTOMOTOR ESPECIAL DE PASAJEROS Y DE CARGA PARA EL DESARROLLO DE LAS ACTIVIDADES MISIONALES Y DE INVERSION QUE ADELANTE LA SECRETARIA DISTRITAL DE AMBIENTE | AL12: ADICION 0 Y PRORROGA 0 AL CONTRATO NoSDA-CPS-20191385 CUYO OBJETO ES: PRESTAR EL SERVICIO DE TRANSPORTE PUBLICO TERRESTRE AUTOMOTOR ESPECIAL DE PASAJEROS Y DE CARGA PARA EL DESARROLLO DE LAS ACTIVIDADES MISIONALES Y DE INVERSION QUE ADELANTE LA SECRETARIA DISTRITAL DE AMBIENTE | AM12: ADICION CONTRATO 20191385 PARA PRESTAR EL SERVICIO DE TRANSPORTE PUBLICOTERRESTRE AUTOMOTOR ESPECIAL DE PASAJEROS Y DE CARGA PARA EL DESARROLLODE LAS ACTIVIDADES MISIONALES Y DE INVERSION QUE ADELANTE LA SECRETARIADISTRITAL DE AMBIENTE | AN12: Validar | AO12: 37 | AP12: 37 | AQ12: 37 | AR12: OKs | AS12: 12 | AT12: 12 | AU12: 12 | AV12: OKs | AW12: 2889 | AX12: 2889 | AY12: OK | AZ12: 50000000 | BA12: 170950163 | BB12: Validar | BC12: 2979 | BE12: Validar | BF12: 50000000 | BG12: 50000000 | BH12: OK | BI12: 23764764 | BJ12: 0 | BK12: 0 | BL12: 170950163
A13: 12 | B13: 12_7794 | C13: 7794 | D13: 12 | E13: 3-3-1-16-02-27-7794 | F13: FORTALECER LA INCLUSIÓN DE DETERMINANTES O ACCIONES DE SOSTENIBILIDAD Y GESTIÓN DEL CAMBIO CLIMÁTICO EN LOS PROYECTOS SECTORIALES Y DE ECOURBANISMO EN BOGOTÁ D.C. | G13: 200-REALIZAR LA GESTIÓN Y SEGUIMIENTO A LA APLICACIÓN DE LOS DETERMINANTES AMBIENTALES EN 1.000 PROYECTOS DE CIUDAD TOMANDO EN CUENTA MEDIDAS DE ADAPTACIÓN Y MITIGACIÓN A LA CRISIS CLIMÁTICA. | H13: PROMOVER EL ECOURBANISMO Y CONSTRUCCIÓN SOSTENIBLE | I13: SERVICIO DE ASISTENCIA TÉCNICA PARA LA INCORPORACIÓN DE VARIABLES AMBIENTALES EN LA PLANIFICACIÓN SECTORIAL | J13: ECOURBANISMO Y CONSTRUCCIÓN SOSTENIBLE | K13: REALIZAR A 600 PROYECTOS DE INFRAESTRUCTURA, LA GESTIÓN PARA LA APLICACIÓN DE DETERMINANTES AMBIENTALES. | L13: 12 - OTROS DISTRITO | M13: 03-RECURSO HUMANO | N13: 04-GASTOS DE PERSONAL OPERATIVO | O13: 0253-PERSONAL CONTRATADO PARA EJECUTAR LAS ACTUACIONES DE EVALUACIÓN CONTROL Y SEGUIMIENTO AMBIENTAL EN AMBIENTE URBANO | P13: 80111600 | Q13: SALDO META | R13: 7 | S13: 12 | T13: 1 | U13: 1 | V13: CCE-05 | W13: 0 | X13: 0 | Y13: 0 | AB13: REALIZAR A 600 PROYECTOS DE INFRAESTRUCTURA, LA GESTIÓN PARA LA APLICACIÓN DE DETERMINANTES AMBIENTALES. | AJ13: OK | AK13: SALDO META | AO13: 253 | AS13: 12 | AY13: OK | BB13: OK | BE13: OK | BF13: 0 | BG13: 0 | BI13: 0 | BJ13: 0 | BK13: 0
A14: 13 | B14: 13_7794 | C14: 7794 | D14: 13 | E14: 3-3-1-16-02-27-7794 | F14: FORTALECER LA INCLUSIÓN DE DETERMINANTES O ACCIONES DE SOSTENIBILIDAD Y GESTIÓN DEL CAMBIO CLIMÁTICO EN LOS PROYECTOS SECTORIALES Y DE ECOURBANISMO EN BOGOTÁ D.C. | G14: 200-REALIZAR LA GESTIÓN Y SEGUIMIENTO A LA APLICACIÓN DE LOS DETERMINANTES AMBIENTALES EN 1.000 PROYECTOS DE CIUDAD TOMANDO EN CUENTA MEDIDAS DE ADAPTACIÓN Y MITIGACIÓN A LA CRISIS CLIMÁTICA. | H14: PROMOVER EL ECOURBANISMO Y CONSTRUCCIÓN SOSTENIBLE | I14: SERVICIO DE ASISTENCIA TÉCNICA PARA LA INCORPORACIÓN DE VARIABLES AMBIENTALES EN LA PLANIFICACIÓN SECTORIAL | J14: ECOURBANISMO Y CONSTRUCCIÓN SOSTENIBLE | K14: REALIZAR A 400 PROYECTOS DE INFRAESTRUCTURA EN ETAPA DE OPERACIÓN, EL SEGUIMIENTO A LA INCORPORACIÓN DE DETERMINANTES AMBIENTALES. | L14: 12 - OTROS DISTRITO | M14: 03-RECURSO HUMANO | N14: 04-GASTOS DE PERSONAL OPERATIVO | O14: 0253-PERSONAL CONTRATADO PARA EJECUTAR LAS ACTUACIONES DE EVALUACIÓN CONTROL Y SEGUIMIENTO AMBIENTAL EN AMBIENTE URBANO | P14: 80111600 | Q14: REALIZAR EL SEGUIMIENTO A LA INCORPORACIÓN DE DETERMINANTES AMBIENTALES EN PROYECTOS DE INFRAESTRUCTURA QUE SE ENCUENTREN EN ETAPA DE OPERACIÓN. | R14: 7 | S14: 8 | T14: 5 | U14: 1 | V14: CCE-05 | W14: 0 | X14: 21110000 | Y14: 21110000 | Z14: 9782 | AA14: 0 | AB14: REALIZAR A 400 PROYECTOS DE INFRAESTRUCTURA EN ETAPA DE OPERACIÓN, EL SEGUIMIENTO A LA INCORPORACIÓN DE DETERMINANTES AMBIENTALES | AC14: REALIZAR A 400 PROYECTOS DE INFRAESTRUCTURA EN ETAPA DE OPERACIÓN, EL SEGUIMIENTO A LA INCORPORACIÓN DE DETERMINANTES AMBIENTALES | AD14: OK | AE14: 20201846 | AF14: 20201846 | AG14: Validar | AH14: LILIANA MERCEDES BLANCO HUERTAS | AI14: LILIANA MERCEDES BLANCO HUERTAS | AJ14: OK | AK14: REALIZAR EL SEGUIMIENTO A LA INCORPORACION DE DETERMINANTES AMBIENTALES EN PROYECTOS DE INFRAESTRUCTURA QUE SE ENCUENTREN EN ETAPA DE OPERACION | AL14: REALIZAR EL SEGUIMIENTO A LA INCORPORACION DE DETERMINANTES AMBIENTALES EN PROYECTOS DE INFRAESTRUCTURA QUE SE ENCUENTREN EN ETAPA DE OPERACION | AM14: REALIZAR EL SEGUIMIENTO A LA INCORPORACION DE DETERMINANTES AMBIENTALES EN PROYECTOS DE INFRAESTRUCTURA QUE SE ENCUENTREN EN ETAPA DE OPERACION | AN14: OKs | AO14: 253 | AP14: 253 | AQ14: 253 | AR14: OKs | AS14: 12 | AT14: 12 | AU14: 12 | AV14: OKs | AW14: 1827 | AX14: 1827 | AY14: OK | AZ14: 21110000 | BA14: 21110000 | BB14: OK | BC14: 2219 | BE14: Validar | BF14: 21110000 | BG14: 21110000 | BH14: OK | BI14: 18295333 | BJ14: 0 | BK14: 0 | BL14: 21110000
A15: 14 | B15: 14_7794 | C15: 7794 | D15: 14 | E15: 3-3-1-16-02-27-7794 | F15: FORTALECER LA INCLUSIÓN DE DETERMINANTES O ACCIONES DE SOSTENIBILIDAD Y GESTIÓN DEL CAMBIO CLIMÁTICO EN LOS PROYECTOS SECTORIALES Y DE ECOURBANISMO EN BOGOTÁ D.C. | G15: 200-REALIZAR LA GESTIÓN Y SEGUIMIENTO A LA APLICACIÓN DE LOS DETERMINANTES AMBIENTALES EN 1.000 PROYECTOS DE CIUDAD TOMANDO EN CUENTA MEDIDAS DE ADAPTACIÓN Y MITIGACIÓN A LA CRISIS CLIMÁTICA. | H15: PROMOVER EL ECOURBANISMO Y CONSTRUCCIÓN SOSTENIBLE | I15: SERVICIO DE ASISTENCIA TÉCNICA PARA LA INCORPORACIÓN DE VARIABLES AMBIENTALES EN LA PLANIFICACIÓN SECTORIAL | J15: ECOURBANISMO Y CONSTRUCCIÓN SOSTENIBLE | K15: REALIZAR A 400 PROYECTOS DE INFRAESTRUCTURA EN ETAPA DE OPERACIÓN, EL SEGUIMIENTO A LA INCORPORACIÓN DE DETERMINANTES AMBIENTALES. | L15: 12 - OTROS DISTRITO | M15: 03-RECURSO HUMANO | N15: 04-GASTOS DE PERSONAL OPERATIVO | O15: 0253-PERSONAL CONTRATADO PARA EJECUTAR LAS ACTUACIONES DE EVALUACIÓN CONTROL Y SEGUIMIENTO AMBIENTAL EN AMBIENTE URBANO | P15: 80111600 | Q15: REALIZAR EL SEGUIMIENTO A LA INCORPORACIÓN DE DETERMINANTES AMBIENTALES EN PROYECTOS DE INFRAESTRUCTURA QUE SE ENCUENTREN EN ETAPA DE OPERACIÓN. | R15: 7 | S15: 8 | T15: 4 | U15: 1 | V15: CCE-05 | W15: 0 | X15: 16888000 | Y15: 16888000 | Z15: 9784 | AA15: 0 | AB15: REALIZAR A 400 PROYECTOS DE INFRAESTRUCTURA EN ETAPA DE OPERACIÓN, EL SEGUIMIENTO A LA INCORPORACIÓN DE DETERMINANTES AMBIENTALES | AC15: REALIZAR A 400 PROYECTOS DE INFRAESTRUCTURA EN ETAPA DE OPERACIÓN, EL SEGUIMIENTO A LA INCORPORACIÓN DE DETERMINANTES AMBIENTALES | AD15: OK | AE15: 20201792 | AF15: 20201792 | AG15: Validar | AH15: VIVIANA ROZO GUERRA | AI15: VIVIANA ROZO GUERRA | AJ15: OK | AK15: REALIZAR EL SEGUIMIENTO A LA INCORPORACION DE DETERMINANTES AMBIENTALES EN PROYECTOS DE INFRAESTRUCTURA QUE SE ENCUENTREN EN ETAPA DE OPERACION | AL15: REALIZAR EL SEGUIMIENTO A LA INCORPORACION DE DETERMINANTES AMBIENTALES EN PROYECTOS DE INFRAESTRUCTURA QUE SE ENCUENTREN EN ETAPA DE OPERACION | AM15: REALIZAR EL SEGUIMIENTO A LA INCORPORACION DE DETERMINANTES AMBIENTALES EN PROYECTOS DE INFRAESTRUCTURA QUE SE ENCUENTREN EN ETAPA DE OPERACION | AN15: OK-PAA-PREDIS-Validar SIPSE | AO15: 253 | AP15: 253 | AQ15: 253 | AR15: OKs | AS15: 12 | AT15: 12 | AU15: 12 | AV15: OKs | AW15: 1824 | AX15: 1824 | AY15: OK | AZ15: 16888000 | BA15: 16888000 | BB15: OK | BC15: 2160 | BE15: Validar | BF15: 16888000 | BG15: 16888000 | BH15: OK | BI15: 16888000 | BJ15: 0 | BK15: 1688800 | BL15: 16888000
A16: 15 | B16: 15_7794 | C16: 7794 | D16: 15 | E16: 3-3-1-16-02-27-7794 | F16: FORTALECER LA INCLUSIÓN DE DETERMINANTES O ACCIONES DE SOSTENIBILIDAD Y GESTIÓN DEL CAMBIO CLIMÁTICO EN LOS PROYECTOS SECTORIALES Y DE ECOURBANISMO EN BOGOTÁ D.C. | G16: 200-REALIZAR LA GESTIÓN Y SEGUIMIENTO A LA APLICACIÓN DE LOS DETERMINANTES AMBIENTALES EN 1.000 PROYECTOS DE CIUDAD TOMANDO EN CUENTA MEDIDAS DE ADAPTACIÓN Y MITIGACIÓN A LA CRISIS CLIMÁTICA. | H16: PROMOVER EL ECOURBANISMO Y CONSTRUCCIÓN SOSTENIBLE | I16: SERVICIO DE ASISTENCIA TÉCNICA PARA LA INCORPORACIÓN DE VARIABLES AMBIENTALES EN LA PLANIFICACIÓN SECTORIAL | J16: ECOURBANISMO Y CONSTRUCCIÓN SOSTENIBLE | K16: REALIZAR A 400 PROYECTOS DE INFRAESTRUCTURA EN ETAPA DE OPERACIÓN, EL SEGUIMIENTO A LA INCORPORACIÓN DE DETERMINANTES AMBIENTALES. | L16: 12 - OTROS DISTRITO | M16: 03-RECURSO HUMANO | N16: 04-GASTOS DE PERSONAL OPERATIVO | O16: 0253-PERSONAL CONTRATADO PARA EJECUTAR LAS ACTUACIONES DE EVALUACIÓN CONTROL Y SEGUIMIENTO AMBIENTAL EN AMBIENTE URBANO | P16: 80111600 | Q16: REALIZAR EL SEGUIMIENTO A LA INCORPORACIÓN DE DETERMINANTES AMBIENTALES EN PROYECTOS DE INFRAESTRUCTURA QUE SE ENCUENTREN EN ETAPA DE OPERACIÓN. | R16: 7 | S16: 8 | T16: 4 | U16: 1 | V16: CCE-05 | W16: 0 | X16: 16888000 | Y16: 16888000 | Z16: 9785 | AA16: 0 | AB16: REALIZAR A 400 PROYECTOS DE INFRAESTRUCTURA EN ETAPA DE OPERACIÓN, EL SEGUIMIENTO A LA INCORPORACIÓN DE DETERMINANTES AMBIENTALES | AC16: REALIZAR A 400 PROYECTOS DE INFRAESTRUCTURA EN ETAPA DE OPERACIÓN, EL SEGUIMIENTO A LA INCORPORACIÓN DE DETERMINANTES AMBIENTALES | AD16: OK | AE16: 20201651 | AF16: 20201651 | AG16: Validar | AH16: GINA ALEJANDRA TEJADA GUTIERREZ | AI16: GINA ALEJANDRA TEJADA GUTIERREZ | AJ16: OK | AK16: REALIZAR EL SEGUIMIENTO A LA INCORPORACION DE DETERMINANTES AMBIENTALES EN PROYECTOS DE INFRAESTRUCTURA QUE SE ENCUENTREN EN ETAPA DE OPERACION | AL16: REALIZAR EL SEGUIMIENTO A LA INCORPORACION DE DETERMINANTES AMBIENTALES EN PROYECTOS DE INFRAESTRUCTURA QUE SE ENCUENTREN EN ETAPA DE OPERACION | AM16: REALIZAR EL SEGUIMIENTO A LA INCORPORACION DE DETERMINANTES AMBIENTALES EN PROYECTOS DE INFRAESTRUCTURA QUE SE ENCUENTREN EN ETAPA DE OPERACION | AN16: OKs | AO16: 253 | AP16: 253 | AQ16: 253 | AR16: OKs | AS16: 12 | AT16: 12 | AU16: 12 | AV16: OKs | AW16: 1772 | AX16: 1772 | AY16: OK | AZ16: 16888000 | BA16: 16888000 | BB16: OK | BC16: 1990 | BE16: Validar | BF16: 16888000 | BG16: 16888000 | BH16: OK | BI16: 16888000 | BJ16: 0 | BK16: 1407333 | BL16: 16888000
A17: 16 | B17: 16_7794 | C17: 7794 | D17: 16 | E17: 3-3-1-16-02-27-7794 | F17: FORTALECER LA INCLUSIÓN DE DETERMINANTES O ACCIONES DE SOSTENIBILIDAD Y GESTIÓN DEL CAMBIO CLIMÁTICO EN LOS PROYECTOS SECTORIALES Y DE ECOURBANISMO EN BOGOTÁ D.C. | G17: 200-REALIZAR LA GESTIÓN Y SEGUIMIENTO A LA APLICACIÓN DE LOS DETERMINANTES AMBIENTALES EN 1.000 PROYECTOS DE CIUDAD TOMANDO EN CUENTA MEDIDAS DE ADAPTACIÓN Y MITIGACIÓN A LA CRISIS CLIMÁTICA. | H17: PROMOVER EL ECOURBANISMO Y CONSTRUCCIÓN SOSTENIBLE | I17: SERVICIO DE ASISTENCIA TÉCNICA PARA LA INCORPORACIÓN DE VARIABLES AMBIENTALES EN LA PLANIFICACIÓN SECTORIAL | J17: ECOURBANISMO Y CONSTRUCCIÓN SOSTENIBLE | K17: REALIZAR A 400 PROYECTOS DE INFRAESTRUCTURA EN ETAPA DE OPERACIÓN, EL SEGUIMIENTO A LA INCORPORACIÓN DE DETERMINANTES AMBIENTALES. | L17: 12 - OTROS DISTRITO | M17: 03-RECURSO HUMANO | N17: 04-GASTOS DE PERSONAL OPERATIVO | O17: 0253-PERSONAL CONTRATADO PARA EJECUTAR LAS ACTUACIONES DE EVALUACIÓN CONTROL Y SEGUIMIENTO AMBIENTAL EN AMBIENTE URBANO | P17: 80111600 | Q17: REALIZAR EL SEGUIMIENTO A LA INCORPORACIÓN DE DETERMINANTES AMBIENTALES EN PROYECTOS DE INFRAESTRUCTURA QUE SE ENCUENTREN EN ETAPA DE OPERACIÓN. | R17: 7 | S17: 8 | T17: 4 | U17: 1 | V17: CCE-05 | W17: 0 | X17: 16888000 | Y17: 16888000 | Z17: 9787 | AA17: 0 | AB17: REALIZAR A 400 PROYECTOS DE INFRAESTRUCTURA EN ETAPA DE OPERACIÓN, EL SEGUIMIENTO A LA INCORPORACIÓN DE DETERMINANTES AMBIENTALES | AC17: REALIZAR A 400 PROYECTOS DE INFRAESTRUCTURA EN ETAPA DE OPERACIÓN, EL SEGUIMIENTO A LA INCORPORACIÓN DE DETERMINANTES AMBIENTALES | AD17: OK | AE17: 20201945 | AF17: 20201945 | AG17: Validar | AH17: OSCAR ARBEY ORTIZ DIAZ | AI17: OSCAR ARBEY ORTIZ DIAZ | AJ17: OK | AK17: REALIZAR EL SEGUIMIENTO A LA INCORPORACION DE DETERMINANTES AMBIENTALES EN PROYECTOS DE INFRAESTRUCTURA QUE SE ENCUENTREN EN ETAPA DE OPERACION | AL17: REALIZAR EL SEGUIMIENTO A LA INCORPORACION DE DETERMINANTES AMBIENTALES EN PROYECTOS DE INFRAESTRUCTURA QUE SE ENCUENTREN EN ETAPA DE OPERACION | AM17: REALIZAR EL SEGUIMIENTO A LA INCORPORACION DE DETERMINANTES AMBIENTALES EN PROYECTOS DE INFRAESTRUCTURA QUE SE ENCUENTREN EN ETAPA DE OPERACION | AN17: OKs | AO17: 253 | AP17: 253 | AQ17: 253 | AR17: OKs | AS17: 12 | AT17: 12 | AU17: 12 | AV17: OKs | AW17: 1770 | AX17: 1770 | AY17: OK | AZ17: 16888000 | BA17: 16888000 | BB17: OK | BC17: 2287 | BE17: Validar | BF17: 16888000 | BG17: 16888000 | BH17: OK | BI17: 16888000 | BJ17: 0 | BK17: 0 | BL17: 16888000
A18: 17 | B18: 17_7794 | C18: 7794 | D18: 17 | E18: 3-3-1-16-02-27-7794 | F18: FORTALECER LA INCLUSIÓN DE DETERMINANTES O ACCIONES DE SOSTENIBILIDAD Y GESTIÓN DEL CAMBIO CLIMÁTICO EN LOS PROYECTOS SECTORIALES Y DE ECOURBANISMO EN BOGOTÁ D.C. | G18: 200-REALIZAR LA GESTIÓN Y SEGUIMIENTO A LA APLICACIÓN DE LOS DETERMINANTES AMBIENTALES EN 1.000 PROYECTOS DE CIUDAD TOMANDO EN CUENTA MEDIDAS DE ADAPTACIÓN Y MITIGACIÓN A LA CRISIS CLIMÁTICA. | H18: PROMOVER EL ECOURBANISMO Y CONSTRUCCIÓN SOSTENIBLE | I18: SERVICIO DE ASISTENCIA TÉCNICA PARA LA INCORPORACIÓN DE VARIABLES AMBIENTALES EN LA PLANIFICACIÓN SECTORIAL | J18: ECOURBANISMO Y CONSTRUCCIÓN SOSTENIBLE | K18: REALIZAR A 400 PROYECTOS DE INFRAESTRUCTURA EN ETAPA DE OPERACIÓN, EL SEGUIMIENTO A LA INCORPORACIÓN DE DETERMINANTES AMBIENTALES. | L18: 12 - OTROS DISTRITO | M18: 02-DOTACIÓN | N18: 06-GASTOS OPERATIVOS | O18: 0037-GASTOS DE TRANSPORTE | P18: 78101800;78111800 | Q18: ADICIÓN CONTRATO 20191385 PARA PRESTAR EL SERVICIO DE TRANSPORTE PÚBLICO TERRESTRE AUTOMOTOR ESPECIAL DE PASAJEROS Y DE CARGA PARA EL DESARROLLO DE LAS ACTIVIDADES MISIONALES Y DE INVERSIÓN QUE ADELANTE LA SECRETARIA DISTRITAL DE AMBIENTE | R18: 7 | S18: 7 | T18: 3 | U18: 1 | V18: CCE-02 | W18: 0 | X18: 50000000 | Y18: 50000000 | Z18: 11167 | AA18: 0 | AB18: REALIZAR A 400 PROYECTOS DE INFRAESTRUCTURA EN ETAPA DE OPERACIÓN, EL SEGUIMIENTO A LA INCORPORACIÓN DE DETERMINANTES AMBIENTALES | AC18: REALIZAR A 400 PROYECTOS DE INFRAESTRUCTURA EN ETAPA DE OPERACIÓN, EL SEGUIMIENTO A LA INCORPORACIÓN DE DETERMINANTES AMBIENTALES | AD18: OK | AF18: 20191385 | AG18: Por Cargar en SIPSE | AI18: UNION TEMPORAL UNIDOS POR EL AMBIENTE 20 19 | AJ18: Validar | AK18: ADICION CONTRATO 20191385 PARA PRESTAR EL SERVICIO DE TRANSPORTE PUBLICO TERRESTRE AUTOMOTOR ESPECIAL DE PASAJEROS Y DE CARGA PARA EL DESARROLLO DE LAS ACTIVIDADES MISIONALES Y DE INVERSION QUE ADELANTE LA SECRETARIA DISTRITAL DE AMBIENTE | AL18: ADICION 0 Y PRORROGA 0 AL CONTRATO NoSDA-CPS-20191385 CUYO OBJETO ES: PRESTAR EL SERVICIO DE TRANSPORTE PUBLICO TERRESTRE AUTOMOTOR ESPECIAL DE PASAJEROS Y DE CARGA PARA EL DESARROLLO DE LAS ACTIVIDADES MISIONALES Y DE INVERSION QUE ADELANTE LA SECRETARIA DISTRITAL DE AMBIENTE | AM18: ADICION CONTRATO 20191385 PARA PRESTAR EL SERVICIO DE TRANSPORTE PUBLICOTERRESTRE AUTOMOTOR ESPECIAL DE PASAJEROS Y DE CARGA PARA EL DESARROLLODE LAS ACTIVIDADES MISIONALES Y DE INVERSION QUE ADELANTE LA SECRETARIADISTRITAL DE AMBIENTE | AN18: Validar | AO18: 37 | AP18: 37 | AQ18: 37 | AR18: OKs | AS18: 12 | AT18: 12 | AU18: 12 | AV18: OKs | AW18: 2889 | AX18: 2889 | AY18: OK | AZ18: 50000000 | BA18: 170950163 | BB18: Validar | BC18: 2979 | BE18: Validar | BF18: 50000000 | BG18: 50000000 | BH18: OK | BI18: 23764764 | BJ18: 0 | BK18: 0 | BL18: 170950163
A19: 18 | B19: 18_7794 | C19: 7794 | D19: 18 | E19: 3-3-1-16-02-27-7794 | F19: FORTALECER LA INCLUSIÓN DE DETERMINANTES O ACCIONES DE SOSTENIBILIDAD Y GESTIÓN DEL CAMBIO CLIMÁTICO EN LOS PROYECTOS SECTORIALES Y DE ECOURBANISMO EN BOGOTÁ D.C. | G19: 200-REALIZAR LA GESTIÓN Y SEGUIMIENTO A LA APLICACIÓN DE LOS DETERMINANTES AMBIENTALES EN 1.000 PROYECTOS DE CIUDAD TOMANDO EN CUENTA MEDIDAS DE ADAPTACIÓN Y MITIGACIÓN A LA CRISIS CLIMÁTICA. | H19: PROMOVER EL ECOURBANISMO Y CONSTRUCCIÓN SOSTENIBLE | I19: SERVICIO DE ASISTENCIA TÉCNICA PARA LA INCORPORACIÓN DE VARIABLES AMBIENTALES EN LA PLANIFICACIÓN SECTORIAL | J19: ECOURBANISMO Y CONSTRUCCIÓN SOSTENIBLE | K19: REALIZAR A 400 PROYECTOS DE INFRAESTRUCTURA EN ETAPA DE OPERACIÓN, EL SEGUIMIENTO A LA INCORPORACIÓN DE DETERMINANTES AMBIENTALES. | L19: 12 - OTROS DISTRITO | M19: 03-RECURSO HUMANO | N19: 04-GASTOS DE PERSONAL OPERATIVO | O19: 0253-PERSONAL CONTRATADO PARA EJECUTAR LAS ACTUACIONES DE EVALUACIÓN CONTROL Y SEGUIMIENTO AMBIENTAL EN AMBIENTE URBANO | P19: 80111600 | Q19: SALDO META | R19: 7 | S19: 12 | T19: 1 | U19: 1 | V19: CCE-05 | W19: 0 | X19: 1800163 | Y19: 1800163 | AB19: REALIZAR A 400 PROYECTOS DE INFRAESTRUCTURA EN ETAPA DE OPERACIÓN, EL SEGUIMIENTO A LA INCORPORACIÓN DE DETERMINANTES AMBIENTALES | AJ19: OK | AK19: SALDO META | AO19: 253 | AS19: 12 | AY19: OK | BB19: OK | BE19: OK | BF19: 0 | BG19: 0 | BI19: 0 | BJ19: -1800163 | BK19: 0
A20: 19 | B20: 19_7794 | C20: 7794 | D20: 19 | E20: 3-3-1-16-02-27-7794 | F20: FORTALECER LA INCLUSIÓN DE DETERMINANTES O ACCIONES DE SOSTENIBILIDAD Y GESTIÓN DEL CAMBIO CLIMÁTICO EN LOS PROYECTOS SECTORIALES Y DE ECOURBANISMO EN BOGOTÁ D.C. | G20: 201-REVERDECER 20.000 M2 EN LA CIUDAD A TRAVÉS DEL FORTALECIMIENTO DE LA INFRAESTRUCTURA VEGETADA. | H20: PROMOVER EL ECOURBANISMO Y CONSTRUCCIÓN SOSTENIBLE | I20: SERVICIO DE ASISTENCIA TÉCNICA PARA LA INCORPORACIÓN DE VARIABLES AMBIENTALES EN LA PLANIFICACIÓN SECTORIAL | J20: ECOURBANISMO Y CONSTRUCCIÓN SOSTENIBLE | K20: REALIZAR A 20000 M2 DE TECHOS VERDES Y JARDINES VERTICALES, EL ACOMPAÑAMIENTO TÉCNICO | L20: 12 - OTROS DISTRITO | M20: 03-RECURSO HUMANO | N20: 04-GASTOS DE PERSONAL OPERATIVO | O20: 0253-PERSONAL CONTRATADO PARA EJECUTAR LAS ACTUACIONES DE EVALUACIÓN CONTROL Y SEGUIMIENTO AMBIENTAL EN AMBIENTE URBANO | P20: 80111600 | Q20: REALIZAR EL ACOMPAÑAMIENTO TÉCNICO PARA LA IMPLEMENTACIÓN Y MANTENIMIENTO DE TECHOS VERDES Y JARDINES VERTICALES EN EL DISTRITO CAPITAL | R20: 7 | S20: 8 | T20: 4 | U20: 1 | V20: CCE-05 | W20: 0 | X20: 10624000 | Y20: 10624000 | Z20: 9754 | AA20: 0 | AB20: REALIZAR A 20.000 METROS CUADRADOS DE TECHOS VERDES Y JARDINES VERTICALES, EL ACOMPAÑAMIENTO TÉCNICO | AC20: REALIZAR A 20.000 METROS CUADRADOS DE TECHOS VERDES Y JARDINES VERTICALES, EL ACOMPAÑAMIENTO TÉCNICO | AD20: OK | AE20: 20201375 | AF20: 20201375 | AG20: Validar | AH20: BRYAM ALEXANDER OCHOA JIMENEZ | AI20: BRYAM ALEXANDER OCHOA JIMENEZ | AJ20: OK | AK20: REALIZAR EL ACOMPAÑAMIENTO TECNICO PARA LA IMPLEMENTACION Y MANTENIMIENTO DE TECHOS VERDES Y JARDINES VERTICALES EN EL DISTRITO CAPITAL | AL20: REALIZAR EL ACOMPAÑAMIENTO TECNICO PARA LA IMPLEMENTACION Y MANTENIMIENTO DE TECHOS VERDES Y JARDINES VERTICALES EN EL DISTRITO CAPITAL | AM20: REALIZAR EL ACOMPAÑAMIENTO TECNICO PARA LA IMPLEMENTACION Y MANTENIMIENTO DE TECHOS VERDES Y JARDINES VERTICALES EN EL DISTRITO CAPITAL | AN20: OKs | AO20: 253 | AP20: 253 | AQ20: 253 | AR20: OKs | AS20: 12 | AT20: 12 | AU20: 12 | AV20: OKs | AW20: 1788 | AX20: 1788 | AY20: OK | AZ20: 10624000 | BA20: 10624000 | BB20: OK | BC20: 1720 | BE20: Validar | BF20: 10624000 | BG20: 10624000 | BH20: OK | BI20: 9561600 | BJ20: 0 | BK20: 1593600 | BL20: 10624000
A21: 20 | B21: 20_7794 | C21: 7794 | D21: 20 | E21: 3-3-1-16-02-27-7794 | F21: FORTALECER LA INCLUSIÓN DE DETERMINANTES O ACCIONES DE SOSTENIBILIDAD Y GESTIÓN DEL CAMBIO CLIMÁTICO EN LOS PROYECTOS SECTORIALES Y DE ECOURBANISMO EN BOGOTÁ D.C. | G21: 201-REVERDECER 20.000 M2 EN LA CIUDAD A TRAVÉS DEL FORTALECIMIENTO DE LA INFRAESTRUCTURA VEGETADA. | H21: PROMOVER EL ECOURBANISMO Y CONSTRUCCIÓN SOSTENIBLE | I21: SERVICIO DE ASISTENCIA TÉCNICA PARA LA INCORPORACIÓN DE VARIABLES AMBIENTALES EN LA PLANIFICACIÓN SECTORIAL | J21: ECOURBANISMO Y CONSTRUCCIÓN SOSTENIBLE | K21: REALIZAR A 20000 M2 DE TECHOS VERDES Y JARDINES VERTICALES, EL ACOMPAÑAMIENTO TÉCNICO | L21: 12 - OTROS DISTRITO | M21: 03-RECURSO HUMANO | N21: 04-GASTOS DE PERSONAL OPERATIVO | O21: 0253-PERSONAL CONTRATADO PARA EJECUTAR LAS ACTUACIONES DE EVALUACIÓN CONTROL Y SEGUIMIENTO AMBIENTAL EN AMBIENTE URBANO | P21: 80111600 | Q21: SALDO META | R21: 7 | S21: 8 | T21: 4 | U21: 1 | V21: CCE-05 | W21: 0 | X21: 0 | Y21: 0 | AB21: REALIZAR A 20.000 METROS CUADRADOS DE TECHOS VERDES Y JARDINES VERTICALES, EL ACOMPAÑAMIENTO TÉCNICO | AJ21: OK | AK21: SALDO META | AO21: 253 | AS21: 12 | AY21: OK | BB21: OK | BE21: OK | BF21: 0 | BG21: 0 | BI21: 0 | BJ21: 0 | BK21: 0
A22: 21 | B22: 21_7794 | C22: 7794 | D22: 21 | E22: 3-3-1-16-02-27-7794 | F22: FORTALECER LA INCLUSIÓN DE DETERMINANTES O ACCIONES DE SOSTENIBILIDAD Y GESTIÓN DEL CAMBIO CLIMÁTICO EN LOS PROYECTOS SECTORIALES Y DE ECOURBANISMO EN BOGOTÁ D.C. | G22: 201-REVERDECER 20.000 M2 EN LA CIUDAD A TRAVÉS DEL FORTALECIMIENTO DE LA INFRAESTRUCTURA VEGETADA. | H22: PROMOVER EL ECOURBANISMO Y CONSTRUCCIÓN SOSTENIBLE | I22: SERVICIO DE ASISTENCIA TÉCNICA PARA LA INCORPORACIÓN DE VARIABLES AMBIENTALES EN LA PLANIFICACIÓN SECTORIAL | J22: ECOURBANISMO Y CONSTRUCCIÓN SOSTENIBLE | K22: REALIZAR A 20000 M2 DE TECHOS VERDES Y JARDINES VERTICALES, EL ACOMPAÑAMIENTO TÉCNICO | L22: 12 - OTROS DISTRITO | M22: 03-RECURSO HUMANO | N22: 04-GASTOS DE PERSONAL OPERATIVO | O22: 0253-PERSONAL CONTRATADO PARA EJECUTAR LAS ACTUACIONES DE EVALUACIÓN CONTROL Y SEGUIMIENTO AMBIENTAL EN AMBIENTE URBANO | P22: 80111600 | Q22: SALDO META | R22: 7 | S22: 12 | T22: 1 | U22: 1 | V22: CCE-05 | W22: 0 | X22: 0 | Y22: 0 | AB22: REALIZAR A 20.000 METROS CUADRADOS DE TECHOS VERDES Y JARDINES VERTICALES, EL ACOMPAÑAMIENTO TÉCNICO | AJ22: OK | AK22: SALDO META | AO22: 253 | AS22: 12 | AY22: OK | BB22: OK | BE22: OK | BF22: 0 | BG22: 0 | BI22: 0 | BJ22: 0 | BK22: 0
